Workbook
Name _______________EST1: #REF!
Name _______________EST10: #REF!
Name _______________EST11: #REF!
Name _______________EST12: #REF!
Name _______________EST13: #REF!
Name _______________EST14: #REF!
Name _______________EST15: #REF!
Name _______________EST16: #REF!
Name _______________EST17: #REF!
Name _______________EST18: #REF!
Name _______________EST19: #REF!
Name _______________EST2: #REF!
Name _______________EST3: #REF!
Name _______________EST4: #REF!
Name _______________EST5: #REF!
Name _______________EST6: #REF!
Name _______________EST7: #REF!
Name _______________EST8: #REF!
Name _______________EST9: #REF!
Name _______________EXC1: #REF!
Name _______________EXC10: #REF!
Name _______________EXC11: #REF!
Name _______________EXC12: #REF!
Name _______________EXC2: #REF!
Name _______________EXC3: #REF!
Name _______________EXC4: #REF!
Name _______________EXC5: #REF!
Name _______________EXC6: #REF!
Name _______________EXC7: #REF!
Name _______________EXC8: #REF!
Name _______________EXC9: #REF!
Name _____________EST1: #REF!
Name _____________EST10: #REF!
Name _____________EST11: #REF!
Name _____________EST12: #REF!
Name _____________EST13: #REF!
Name _____________EST14: #REF!
Name _____________EST15: #REF!
Name _____________EST16: #REF!
Name _____________EST17: #REF!
Name _____________EST18: #REF!
Name _____________EST19: #REF!
Name _____________EST2: #REF!
Name _____________EST3: #REF!
Name _____________EST4: #REF!
Name _____________EST5: #REF!
Name _____________EST6: #REF!
Name _____________EST7: #REF!
Name _____________EST8: #REF!
Name _____________EST9: #REF!
Name _____________EXC1: #REF!
Name _____________EXC10: #REF!
Name _____________EXC11: #REF!
Name _____________EXC12: #REF!
Name _____________EXC2: #REF!
Name _____________EXC3: #REF!
Name _____________EXC4: #REF!
Name _____________EXC5: #REF!
Name _____________EXC6: #REF!
Name _____________EXC7: #REF!

Sheet PRESU  ESTIMADO OBRA  CARACOLI
C3: =+'[1]Interv-E y D CIVs Lote 4'!B1 -> INTERVENCIONES INTEGRALES DEL HÁBITAT
C4: DIRECCIÓN DE HABITAT Y ENTORNOS SUBSECRETARÍA DE INTERVENCIONES INTEGRALES
C5: OBJETO: REALIZAR EL DIAGNÓSTICO, ACTUALIZACIÓN DE ESTUDIOS, DISEÑOS Y CULMINACIÓN DE LAS OBRAS EN ESPACIO PÚBLICO PARA EL MEJORAMIENTO INTEGRAL DE LOS BARRIOS ALPES Y CARACOLI, QUE HACEN PARTE DEL TERRITORIO PRIORIZADO POR LA SECRETARÍA DISTRITAL DEL HÁBITAT EN LA CONURBACIÓN CIUDAD BOLÍVAR.
C6: PRESUPUESTO ESTIMADO OBRA CARACOLÍ
C8: ÍTEM | D8: ACTIVIDAD | E8: UNIDAD | F8: PENDIENTE EJECUCIÓN | G8: VALOR UNITARIO INDEXADO ENE 2022 - JUN 2027 | H8: VALOR PARCIAL
D11: ETAPA 1 ACTUALIZACIÓN ESTUDIOS Y DISEÑOS
C12: E Y D | D12: DIAGNÓSTICO Y ACTUALIZACIÓN - ESTUDIOS Y DISEÑOS | H12: =+H13 -> 727867214
D13: DIAGNÓSTICO Y ACTUALIZACIÓN - ESTUDIOS Y DISEÑOS-VER ANEXO (ACTUALIZ E Y D CIVS LOTE 4) | E13: GL | F13: 1 | G13: ='E Y D PRESU ESTIMADO'!M61 -> 727867214 | H13: =F13*G13 -> 727867214
D14: ETAPA 2 CULMINACIÓN DE OBRAS
C15: ='VALORES INDEXADOS OBRA CARACOLÍ'!C12 -> 1 | D15: ='VALORES INDEXADOS OBRA CARACOLÍ'!D12 -> PRELIMINARES | E15: =IF('VALORES INDEXADOS OBRA CARACOLÍ'!E12="","",'VALORES INDEXADOS OBRA CARACOLÍ'!E12) | F15: =IF('VALORES INDEXADOS OBRA CARACOLÍ'!F12="","",'VALORES INDEXADOS OBRA CARACOLÍ'!F12) | G15: =IF('VALORES INDEXADOS OBRA CARACOLÍ'!H12="","",'VALORES INDEXADOS OBRA CARACOLÍ'!H12) | H15: =+SUM(H16:H17) -> 71220819
C16: ='VALORES INDEXADOS OBRA CARACOLÍ'!C13 -> 1.1 | D16: ='VALORES INDEXADOS OBRA CARACOLÍ'!D13 -> REPLANTEO GENERAL | E16: ='VALORES INDEXADOS OBRA CARACOLÍ'!E13 -> M2 | F16: ='VALORES INDEXADOS OBRA CARACOLÍ'!F13 -> 0.13 | G16: =ROUND(Comparativo!M9,0) -> 824 | H16: =ROUND(F16*G16,0) -> 107
C17: ='VALORES INDEXADOS OBRA CARACOLÍ'!C14 -> 1.2 | D17: ='VALORES INDEXADOS OBRA CARACOLÍ'!D14 -> ALQUILER DE CERRAMIENTO TIPO 1: CONSTA DE SEÑALIZADORES TUBULARES PLÁSTICOS, TRIPLE CINTA PELIGRO CAL. 4, POLISOMBRA 65% PARA CERRAMIENTO. (INCLUYE INSTALACIÓN, MANTENIMIENTO Y DESINSTALACIÓN). | E17: ='VALORES INDEXADOS OBRA CARACOLÍ'!E14 -> ML/ME | F17: ='VALORES INDEXADOS OBRA CARACOLÍ'!F14 -> 9539.34 | G17: ='VALORES INDEXADOS OBRA CARACOLÍ'!H14 -> 7466 | H17: =ROUND(F17*G17,0) -> 71220712
C18: ='VALORES INDEXADOS OBRA CARACOLÍ'!C16 -> 2 | D18: ='VALORES INDEXADOS OBRA CARACOLÍ'!D16 -> REDES HIDROSANITARIAS | E18: =IF('VALORES INDEXADOS OBRA CARACOLÍ'!E16="","",'VALORES INDEXADOS OBRA CARACOLÍ'!E16) | F18: =IF('VALORES INDEXADOS OBRA CARACOLÍ'!F16="","",'VALORES INDEXADOS OBRA CARACOLÍ'!F16) | G18: =IF('VALORES INDEXADOS OBRA CARACOLÍ'!H16="","",'VALORES INDEXADOS OBRA CARACOLÍ'!H16) | H18: =SUM(H19:H35) -> 337181443
C19: ='VALORES INDEXADOS OBRA CARACOLÍ'!C17 -> 2.1 | D19: ='VALORES INDEXADOS OBRA CARACOLÍ'!D17 -> LOCALIZACION Y REPLANTEO PARA REDES | E19: ='VALORES INDEXADOS OBRA CARACOLÍ'!E17 -> ML | F19: ='VALORES INDEXADOS OBRA CARACOLÍ'!F17 -> 974.6 | G19: ='VALORES INDEXADOS OBRA CARACOLÍ'!H17 -> 2158 | H19: =ROUND(F19*G19,0) -> 2103187
C20: ='VALORES INDEXADOS OBRA CARACOLÍ'!C18 -> 2.2 | D20: ='VALORES INDEXADOS OBRA CARACOLÍ'!D18 -> RELOCALIZACIÓN DE MEDIDOR DE ACUEDUCTO D= 1/2" (INCLUYE 1.0M TUBERÍA GALVANIZADA D= 1/2", SOLDADURA, CINTA DE TEFLON, Y REPOSICIÓN DE CAJILLA EN POLIPROPILENO DE ALTA RESISTENCIA CON TAPA, NO INCLUYE MEDIDOR.). | E20: ='VALORES INDEXADOS OBRA CARACOLÍ'!E18 -> UN | F20: ='VALORES INDEXADOS OBRA CARACOLÍ'!F18 -> 149 | G20: ='VALORES INDEXADOS OBRA CARACOLÍ'!H18 -> 287867 | H20: =ROUND(F20*G20,0) -> 42892183
C21: ='VALORES INDEXADOS OBRA CARACOLÍ'!C19 -> 2.3 | D21: ='VALORES INDEXADOS OBRA CARACOLÍ'!D19 -> EXCAVACION MANUAL EN MATERIAL COMUN. INCLUYE CARGUE. | E21: ='VALORES INDEXADOS OBRA CARACOLÍ'!E19 -> M3 | F21: ='VALORES INDEXADOS OBRA CARACOLÍ'!F19 -> 1282.86 | G21: ='VALORES INDEXADOS OBRA CARACOLÍ'!H19 -> 35261 | H21: =ROUND(F21*G21,0) -> 45234926
C22: ='VALORES INDEXADOS OBRA CARACOLÍ'!C20 -> 2.4 | D22: ='VALORES INDEXADOS OBRA CARACOLÍ'!D20 -> TRANSPORTE Y DISPOSICION FINAL DE ESCOMBROS EN SITIO AUTORIZADO (DISTANCIA DE TRANSPORTE 21 KM). A DISTANCIA MAYOR DEL ACARREO LIBRE (90 M) EN SITIO AUTORIZADO POR LA ENTIDAD AMBIENTAL COMPETENTE. | E22: ='VALORES INDEXADOS OBRA CARACOLÍ'!E20 -> M3 | F22: ='VALORES INDEXADOS OBRA CARACOLÍ'!F20 -> 2423.67 | G22: =ROUND(Comparativo!M11,0) -> 32453 | H22: =ROUND(F22*G22,0) -> 78655363
C23: ='VALORES INDEXADOS OBRA CARACOLÍ'!C21 -> 2.5 | D23: ='VALORES INDEXADOS OBRA CARACOLÍ'!D21 -> NIVELACIÓN DE POZO (HASTA RASANTE EN CONCRETO 3000 PSI HECHO EN OBRA, H=0.15M. INCLUYE SUMINISTRO Y CONSTRUCCIÓN) | E23: ='VALORES INDEXADOS OBRA CARACOLÍ'!E21 -> UN | F23: ='VALORES INDEXADOS OBRA CARACOLÍ'!F21 -> 23 | G23: =ROUND(Comparativo!M27,0) -> 114683 | H23: =ROUND(F23*G23,0) -> 2637709
C24: ='VALORES INDEXADOS OBRA CARACOLÍ'!C22 -> 2.6 | D24: ='VALORES INDEXADOS OBRA CARACOLÍ'!D22 -> RELLENO PARA REDES EN ARENA DE PEÑA (SUMINISTRO, EXTENDIDO, HUMEDECIMIENTO Y COMPACTACIÓN) | E24: ='VALORES INDEXADOS OBRA CARACOLÍ'!E22 -> M3 | F24: ='VALORES INDEXADOS OBRA CARACOLÍ'!F22 -> 48.07 | G24: ='VALORES INDEXADOS OBRA CARACOLÍ'!H22 -> 211118 | H24: =ROUND(F24*G24,0) -> 10148442
C25: ='VALORES INDEXADOS OBRA CARACOLÍ'!C23 -> 2.7 | D25: ='VALORES INDEXADOS OBRA CARACOLÍ'!D23 -> RELLENO EN RECEBO COMUN (SUMINISTRO E INSTALACIÓN EXTENDIDO MANUAL, HUMEDECIMIENTO Y COMPACTACIÓN. INCLUYE TRANSPORTE) | E25: ='VALORES INDEXADOS OBRA CARACOLÍ'!E23 -> M3 | F25: ='VALORES INDEXADOS OBRA CARACOLÍ'!F23 -> 556.15 | G25: ='VALORES INDEXADOS OBRA CARACOLÍ'!H23 -> 83357 | H25: =ROUND(F25*G25,0) -> 46358996
C26: ='VALORES INDEXADOS OBRA CARACOLÍ'!C25 -> 2.9 | D26: ='VALORES INDEXADOS OBRA CARACOLÍ'!D25 -> TUBERIA PVC U.M. EXT CORRUGADO/INT LISO U.M. NORMA NTC 3722-1 D=6" (INCLUYE SUMINISTRO E INSTALACIÓN) | E26: ='VALORES INDEXADOS OBRA CARACOLÍ'!E25 -> ML | F26: ='VALORES INDEXADOS OBRA CARACOLÍ'!F25 -> 356.87 | G26: ='VALORES INDEXADOS OBRA CARACOLÍ'!H25 -> 40245 | H26: =ROUND(F26*G26,0) -> 14362233
C27: ='VALORES INDEXADOS OBRA CARACOLÍ'!C26 -> 2.10 | D27: ='VALORES INDEXADOS OBRA CARACOLÍ'!D26 -> TUBERIA PVC U.M. EXT CORRUGADO/INT LISO U.M. NORMA NTC 3722-1 D=8" (INCLUYE SUMINISTRO E INSTALACIÓN) | E27: ='VALORES INDEXADOS OBRA CARACOLÍ'!E26 -> ML | F27: ='VALORES INDEXADOS OBRA CARACOLÍ'!F26 -> 5.31 | G27: =ROUND(Comparativo!M18,0) -> 57076 | H27: =ROUND(F27*G27,0) -> 303074
C28: ='VALORES INDEXADOS OBRA CARACOLÍ'!C34 -> 2.18 | D28: ='VALORES INDEXADOS OBRA CARACOLÍ'!D34 -> CAJA DE INSPECCION 0.80X0.8M. SUMINISTRO Y CONSTRUCCION. (H=0.6M. INCLUYE MARCO Y TAPA, NO INCLUYE BASE Y CAÑUELA). | E28: ='VALORES INDEXADOS OBRA CARACOLÍ'!E34 -> UN | F28: ='VALORES INDEXADOS OBRA CARACOLÍ'!F34 -> 22 | G28: ='VALORES INDEXADOS OBRA CARACOLÍ'!H34 -> 899097 | H28: =ROUND(F28*G28,0) -> 19780134
C29: ='VALORES INDEXADOS OBRA CARACOLÍ'!C35 -> 2.19 | D29: ='VALORES INDEXADOS OBRA CARACOLÍ'!D35 -> REPARACIÓN DE ACOMETIDA HIDRÁULICA DE LA CAJILLA HACIA EL PREDIO (INCLUYE EL RETIRO DE LA TUBERÍA EXISTENTE E INSTALACIÓN DE TUBERÍA NUEVA). | E29: ='VALORES INDEXADOS OBRA CARACOLÍ'!E35 -> UN | F29: ='VALORES INDEXADOS OBRA CARACOLÍ'!F35 -> 95 | G29: ='VALORES INDEXADOS OBRA CARACOLÍ'!H35 -> 33260 | H29: =ROUND(F29*G29,0) -> 3159700
C30: ='VALORES INDEXADOS OBRA CARACOLÍ'!C37 -> 2.21 | D30: ='VALORES INDEXADOS OBRA CARACOLÍ'!D37 -> POZO DE INSPECCION ENTRE 3 Y 5 METROS DIAMETRO 1,7 (CONO, TAPA Y MAMPOSTERIA) | E30: ='VALORES INDEXADOS OBRA CARACOLÍ'!E37 -> UN | F30: ='VALORES INDEXADOS OBRA CARACOLÍ'!F37 -> 1 | G30: ='VALORES INDEXADOS OBRA CARACOLÍ'!H37 -> 6673549 | H30: =ROUND(F30*G30,0) -> 6673549
C31: ='VALORES INDEXADOS OBRA CARACOLÍ'!C41 -> 2.25 | D31: ='VALORES INDEXADOS OBRA CARACOLÍ'!D41 -> ENTIBADO EC-2 CONTÍNUO MADERA CON PERFILES METÁLICOS Y PARALES TELESCÓPICOS. SUMINISTRO E INSTALACIÓN. | E31: ='VALORES INDEXADOS OBRA CARACOLÍ'!E41 -> M2 | F31: ='VALORES INDEXADOS OBRA CARACOLÍ'!F41 -> 327.41 | G31: =ROUND(Comparativo!M17,0) -> 67935 | H31: =ROUND(F31*G31,0) -> 22242598
C32: ='VALORES INDEXADOS OBRA CARACOLÍ'!C44 -> 2.28 | D32: ='VALORES INDEXADOS OBRA CARACOLÍ'!D44 -> SUMIDERO LATERAL SL-150A, H=1.7M (FUNDIDO EN SITIO, CONCRETO PREMEZCLADO. INCL. SUMIN, FORM, REF. Y CONSTR. INCL. TAPA) | E32: ='VALORES INDEXADOS OBRA CARACOLÍ'!E44 -> UN | F32: ='VALORES INDEXADOS OBRA CARACOLÍ'!F44 -> 10 | G32: ='VALORES INDEXADOS OBRA CARACOLÍ'!H44 -> 2943962 | H32: =ROUND(F32*G32,0) -> 29439620
C33: ='VALORES INDEXADOS OBRA CARACOLÍ'!C49 -> 2.33 | D33: ='VALORES INDEXADOS OBRA CARACOLÍ'!D49 -> EXCAVACION MANUAL PARA REDES PROFUNDIDAD 0M - 2M (INCLUYE CARGUE) | E33: ='VALORES INDEXADOS OBRA CARACOLÍ'!E49 -> M3 | F33: ='VALORES INDEXADOS OBRA CARACOLÍ'!F49 -> 185.88 | G33: ='VALORES INDEXADOS OBRA CARACOLÍ'!H49 -> 35261 | H33: =ROUND(F33*G33,0) -> 6554315
C34: ='VALORES INDEXADOS OBRA CARACOLÍ'!C57 -> 2.41 | D34: ='VALORES INDEXADOS OBRA CARACOLÍ'!D57 -> RECONSTRUCCIÓN DOMICILIARIA ALCANTARILLADO ** | E34: ='VALORES INDEXADOS OBRA CARACOLÍ'!E57 -> UN | F34: ='VALORES INDEXADOS OBRA CARACOLÍ'!F57 -> 19 | G34: ='VALORES INDEXADOS OBRA CARACOLÍ'!H57 -> 199604 | H34: =ROUND(F34*G34,0) -> 3792476
C35: ='VALORES INDEXADOS OBRA CARACOLÍ'!C58 -> 2.42 | D35: ='VALORES INDEXADOS OBRA CARACOLÍ'!D58 -> RECONSTRUCCIÓN ACOMETIDA ACUEDUCTO ** | E35: ='VALORES INDEXADOS OBRA CARACOLÍ'!E58 -> UN | F35: ='VALORES INDEXADOS OBRA CARACOLÍ'!F58 -> 14 | G35: ='VALORES INDEXADOS OBRA CARACOLÍ'!H58 -> 203067 | H35: =ROUND(F35*G35,0) -> 2842938
C36: ='VALORES INDEXADOS OBRA CARACOLÍ'!C59 -> 3 | D36: ='VALORES INDEXADOS OBRA CARACOLÍ'!D59 -> ESTRUCTURA DE ESPACIO PUBLICO | E36: =IF('VALORES INDEXADOS OBRA CARACOLÍ'!E59="","",'VALORES INDEXADOS OBRA CARACOLÍ'!E59) | F36: =IF('VALORES INDEXADOS OBRA CARACOLÍ'!F59="","",'VALORES INDEXADOS OBRA CARACOLÍ'!F59) | G36: =IF('VALORES INDEXADOS OBRA CARACOLÍ'!H59="","",'VALORES INDEXADOS OBRA CARACOLÍ'!H59) | H36: =SUM(H37:H44) -> 713358025
C37: ='VALORES INDEXADOS OBRA CARACOLÍ'!C60 -> 3.1 | D37: ='VALORES INDEXADOS OBRA CARACOLÍ'!D60 -> CONSTRUCCION DE PAVIMENTO 039 KG/CM2 GRAVA1" 28DÍAS AS13CM (5") DE COLOR (CONVENCIONAL, ROJO, AMARILLO, MARRON, AZUL INCLUYE CORTE, SELLO Y AMPLIACION DE JUNTA) | E37: ='VALORES INDEXADOS OBRA CARACOLÍ'!E60 -> M3 | F37: ='VALORES INDEXADOS OBRA CARACOLÍ'!F60 -> 505.57 | G37: ='VALORES INDEXADOS OBRA CARACOLÍ'!H60 -> 726807 | H37: =ROUND(F37*G37,0) -> 367451815
C38: ='VALORES INDEXADOS OBRA CARACOLÍ'!C61 -> 3.2 | D38: ='VALORES INDEXADOS OBRA CARACOLÍ'!D61 -> TRANSPORTE Y DISPOSICION FINAL DE ESCOMBROS EN SITIO AUTORIZADO (DISTANCIA DE TRANSPORTE 28 KM) INCLUYE DERECHO A ESCOMBRERA | E38: ='VALORES INDEXADOS OBRA CARACOLÍ'!E61 -> M3 | F38: ='VALORES INDEXADOS OBRA CARACOLÍ'!F61 -> 1257.17 | G38: ='VALORES INDEXADOS OBRA CARACOLÍ'!H61 -> 38676 | H38: =ROUND(F38*G38,0) -> 48622307
C39: ='VALORES INDEXADOS OBRA CARACOLÍ'!C62 -> 3.3 | D39: ='VALORES INDEXADOS OBRA CARACOLÍ'!D62 -> HUMEDECIMIENTO, NIVELACION Y COMPACTACION CON VIBROCOMPACTADOR DE LA SUB RASANTE | E39: ='VALORES INDEXADOS OBRA CARACOLÍ'!E62 -> M2 | F39: ='VALORES INDEXADOS OBRA CARACOLÍ'!F62 -> 964.41 | G39: ='VALORES INDEXADOS OBRA CARACOLÍ'!H62 -> 21364 | H39: =ROUND(F39*G39,0) -> 20603655
C40: ='VALORES INDEXADOS OBRA CARACOLÍ'!C63 -> 3.4 | D40: ='VALORES INDEXADOS OBRA CARACOLÍ'!D63 -> SUBBASE GRANULAR CLASE A (SBG_A) ESTABILIZADA CON CEMENTO AL 4% (SUMINISTRO, EXTENDIDO, NIVELACIÓN, HUMEDECIMIENTO Y COMPACTACIÓN CON VIBROCOMPACTADOR) DISTANCIA DE TRANSPORTE 28 KM | E40: ='VALORES INDEXADOS OBRA CARACOLÍ'!E63 -> M3 | F40: ='VALORES INDEXADOS OBRA CARACOLÍ'!F63 -> 996.42 | G40: ='VALORES INDEXADOS OBRA CARACOLÍ'!H63 -> 184907 | H40: =ROUND(F40*G40,0) -> 184245033
C41: ='VALORES INDEXADOS OBRA CARACOLÍ'!C64 -> 3.5 | D41: ='VALORES INDEXADOS OBRA CARACOLÍ'!D64 -> CURADO DE LOSAS DE CONCRETO (SUMINISTRO Y APLICACIÓN) | E41: ='VALORES INDEXADOS OBRA CARACOLÍ'!E64 -> M2 | F41: ='VALORES INDEXADOS OBRA CARACOLÍ'!F64 -> 3728.2 | G41: =ROUND(Comparativo!M12,0) -> 2038 | H41: =ROUND(F41*G41,0) -> 7598072
C42: ='VALORES INDEXADOS OBRA CARACOLÍ'!C66 -> 3.7 | D42: ='VALORES INDEXADOS OBRA CARACOLÍ'!D66 -> GEOTEXTIL NT 1600 PARA SEPARACION SUBRASANTE/CAPAS GRANULARES (INCLUYE SUMINISTRO E INSTALACIÓN) | E42: ='VALORES INDEXADOS OBRA CARACOLÍ'!E66 -> M2 | F42: ='VALORES INDEXADOS OBRA CARACOLÍ'!F66 -> 3541.97 | G42: ='VALORES INDEXADOS OBRA CARACOLÍ'!H66 -> 7266 | H42: =ROUND(F42*G42,0) -> 25735954
C43: ='VALORES INDEXADOS OBRA CARACOLÍ'!C68 -> 3.9 | D43: ='VALORES INDEXADOS OBRA CARACOLÍ'!D68 -> RELLENO EN RECEBO COMUN (SUMINISTRO E INSTALACIÓN EXTENDIDO MANUAL, HUMEDECIMIENTO Y COMPACTACIÓN TRANSPORTE A 28 KM). | E43: ='VALORES INDEXADOS OBRA CARACOLÍ'!E68 -> M3 | F43: ='VALORES INDEXADOS OBRA CARACOLÍ'!F68 -> 620.68 | G43: =ROUND(Comparativo!M16,0) -> 85364 | H43: =ROUND(F43*G43,0) -> 52983728
C44: ='VALORES INDEXADOS OBRA CARACOLÍ'!C69 -> 3.10 | D44: ='VALORES INDEXADOS OBRA CARACOLÍ'!D69 -> EXCAVACION MECANICA EN MATERIAL COMUN. INCLUYE CARGUE. | E44: ='VALORES INDEXADOS OBRA CARACOLÍ'!E69 -> M3 | F44: ='VALORES INDEXADOS OBRA CARACOLÍ'!F69 -> 986.21 | G44: =ROUND(Comparativo!M10,0) -> 6203 | H44: =ROUND(F44*G44,0) -> 6117461
C45: ='VALORES INDEXADOS OBRA CARACOLÍ'!C70 -> 4 | D45: ='VALORES INDEXADOS OBRA CARACOLÍ'!D70 -> ANDENES | E45: =IF('VALORES INDEXADOS OBRA CARACOLÍ'!E70="","",'VALORES INDEXADOS OBRA CARACOLÍ'!E70) | F45: =IF('VALORES INDEXADOS OBRA CARACOLÍ'!F70="","",'VALORES INDEXADOS OBRA CARACOLÍ'!F70) | G45: =IF('VALORES INDEXADOS OBRA CARACOLÍ'!H70="","",'VALORES INDEXADOS OBRA CARACOLÍ'!H70) | H45: =SUM(H46:H53) -> 309146102
C46: ='VALORES INDEXADOS OBRA CARACOLÍ'!C71 -> 4.1 | D46: ='VALORES INDEXADOS OBRA CARACOLÍ'!D71 -> DEMOLICION PISOS DE CONCRETO (INCLUYE CARGUE). INCLUYE TRANSPORTE Y DISPOSICIÓN FINAL DE SOBRANTES. RENDIMIENTO ESTIMADO PARA ESPESORES DE 0.20M. | E46: ='VALORES INDEXADOS OBRA CARACOLÍ'!E71 -> M3 | F46: ='VALORES INDEXADOS OBRA CARACOLÍ'!F71 -> 99.55 | G46: ='VALORES INDEXADOS OBRA CARACOLÍ'!H71 -> 81850 | H46: =ROUND(F46*G46,0) -> 8148168
C47: ='VALORES INDEXADOS OBRA CARACOLÍ'!C72 -> 4.2 | D47: ='VALORES INDEXADOS OBRA CARACOLÍ'!D72 -> MURO EN BLOQUE DE CONCRETO KREATO LISO 19 O EQUIVALENTE PARA CONFORMACIÓN DE BORDILLO HASTA ALTURA DE H=0,6M. INCLUYE CONFORMACIÓN DE SUPERFICIE DE APOYO, CIMENTACIÓN DE BASE MURO MORTERO DE PEGA Y ACERO DE REFUERZO. | E47: ='VALORES INDEXADOS OBRA CARACOLÍ'!E72 -> ML | F47: ='VALORES INDEXADOS OBRA CARACOLÍ'!F72 -> 215.33 | G47: ='VALORES INDEXADOS OBRA CARACOLÍ'!H72 -> 286139 | H47: =ROUND(F47*G47,0) -> 61614311
C48: ='VALORES INDEXADOS OBRA CARACOLÍ'!C73 -> 4.3 | D48: ='VALORES INDEXADOS OBRA CARACOLÍ'!D73 -> BORDILLO PREFABRICADO A80 (SUMINISTRO E INSTALACIÓN. INCLUYE 3CM MORTERO DE PEGA 2000 PSI Y NIVELACIÓN DEL TERRENO CON RELLENO EN MATERIAL SELECCIONADO PROVENIENTE DE EXCAVACIÓN). | E48: ='VALORES INDEXADOS OBRA CARACOLÍ'!E73 -> ML | F48: ='VALORES INDEXADOS OBRA CARACOLÍ'!F73 -> 439.44 | G48: ='VALORES INDEXADOS OBRA CARACOLÍ'!H73 -> 63901 | H48: =ROUND(F48*G48,0) -> 28080655
C49: ='VALORES INDEXADOS OBRA CARACOLÍ'!C75 -> 4.5 | D49: ='VALORES INDEXADOS OBRA CARACOLÍ'!D75 -> SARDINEL TIPO A10 (SUMINISTRO E INSTALACIÓN. INCLUYE 3CM MORTERO 1:5) | E49: ='VALORES INDEXADOS OBRA CARACOLÍ'!E75 -> ML | F49: ='VALORES INDEXADOS OBRA CARACOLÍ'!F75 -> 585.73 | G49: =ROUND(Comparativo!M29,0) -> 72134 | H49: =ROUND(F49*G49,0) -> 42251048
C50: ='VALORES INDEXADOS OBRA CARACOLÍ'!C76 -> 4.6 | D50: ='VALORES INDEXADOS OBRA CARACOLÍ'!D76 -> CENEFA LINEAL EN LOSETA PREFABRICADA TÁCTIL ALERTA A55 / A56 ANCHO 0.40M (SUMINISTRO E INSTALACIÓN. INCLUYE BASE EN ARENA DE NIVELACIÓN E= 4CM Y ARENA DE SELLO). | E50: ='VALORES INDEXADOS OBRA CARACOLÍ'!E76 -> ML | F50: ='VALORES INDEXADOS OBRA CARACOLÍ'!F76 -> 307.9 | G50: ='VALORES INDEXADOS OBRA CARACOLÍ'!H76 -> 34117 | H50: =ROUND(F50*G50,0) -> 10504624
C51: ='VALORES INDEXADOS OBRA CARACOLÍ'!C79 -> 4.9 | D51: ='VALORES INDEXADOS OBRA CARACOLÍ'!D79 -> CONSTRUCCION DE ESCALERAS EN CONCRETO | E51: ='VALORES INDEXADOS OBRA CARACOLÍ'!E79 -> M2 | F51: ='VALORES INDEXADOS OBRA CARACOLÍ'!F79 -> 292.73 | G51: ='VALORES INDEXADOS OBRA CARACOLÍ'!H79 -> 305188 | H51: =ROUND(F51*G51,0) -> 89337683
C52: ='VALORES INDEXADOS OBRA CARACOLÍ'!C82 -> 4.12 | D52: ='VALORES INDEXADOS OBRA CARACOLÍ'!D82 -> VIGA DE CIMENTACION DE 0,40 X 0,60 PARA MURO EN BLOQUE KREATO LISO (0,39X0,19X0,19) | E52: ='VALORES INDEXADOS OBRA CARACOLÍ'!E82 -> ML | F52: ='VALORES INDEXADOS OBRA CARACOLÍ'!F82 -> 254.05 | G52: ='VALORES INDEXADOS OBRA CARACOLÍ'!H82 -> 215810 | H52: =ROUND(F52*G52,0) -> 54826531
C53: ='VALORES INDEXADOS OBRA CARACOLÍ'!C83 -> 4.13 | D53: ='VALORES INDEXADOS OBRA CARACOLÍ'!D83 -> VIGA CINTA DE 0,19 X 0,20 PARA REMATE DE MURO EN BLOQUE KREATO LISO (0,39X0,19X0,19) F"C 21 MPA | E53: ='VALORES INDEXADOS OBRA CARACOLÍ'!E83 -> ML | F53: ='VALORES INDEXADOS OBRA CARACOLÍ'!F83 -> 273.88 | G53: ='VALORES INDEXADOS OBRA CARACOLÍ'!H83 -> 52516 | H53: =ROUND(F53*G53,0) -> 14383082
C54: ='VALORES INDEXADOS OBRA CARACOLÍ'!C92 -> 6 | D54: ='VALORES INDEXADOS OBRA CARACOLÍ'!D92 -> REDES GAS | E54: =IF('VALORES INDEXADOS OBRA CARACOLÍ'!E92="","",'VALORES INDEXADOS OBRA CARACOLÍ'!E92) | F54: =IF('VALORES INDEXADOS OBRA CARACOLÍ'!F92="","",'VALORES INDEXADOS OBRA CARACOLÍ'!F92) | G54: =IF('VALORES INDEXADOS OBRA CARACOLÍ'!H92="","",'VALORES INDEXADOS OBRA CARACOLÍ'!H92) | H54: =SUM(H55) -> 95814997
C55: ='VALORES INDEXADOS OBRA CARACOLÍ'!C93 -> 6.1 | D55: ='VALORES INDEXADOS OBRA CARACOLÍ'!D93 -> REPARACION DE REDES DE GAS | E55: ='VALORES INDEXADOS OBRA CARACOLÍ'!E93 -> UN | F55: ='VALORES INDEXADOS OBRA CARACOLÍ'!F93 -> 257 | G55: ='VALORES INDEXADOS OBRA CARACOLÍ'!H93 -> 372821 | H55: =ROUND(F55*G55,0) -> 95814997
C56: ='VALORES INDEXADOS OBRA CARACOLÍ'!C94 -> 7 | D56: ='VALORES INDEXADOS OBRA CARACOLÍ'!D94 -> PAISAJISMO | E56: =IF('VALORES INDEXADOS OBRA CARACOLÍ'!E94="","",'VALORES INDEXADOS OBRA CARACOLÍ'!E94) | F56: =IF('VALORES INDEXADOS OBRA CARACOLÍ'!F94="","",'VALORES INDEXADOS OBRA CARACOLÍ'!F94) | G56: =IF('VALORES INDEXADOS OBRA CARACOLÍ'!H94="","",'VALORES INDEXADOS OBRA CARACOLÍ'!H94) | H56: =SUM(H57:H58) -> 5527831
C57: ='VALORES INDEXADOS OBRA CARACOLÍ'!C97 -> 7.3 | D57: ='VALORES INDEXADOS OBRA CARACOLÍ'!D97 -> PAÑETE IMPERMEABILIZADO 1.5 CM | E57: ='VALORES INDEXADOS OBRA CARACOLÍ'!E97 -> M2 | F57: ='VALORES INDEXADOS OBRA CARACOLÍ'!F97 -> 173.75 | G57: ='VALORES INDEXADOS OBRA CARACOLÍ'!H97 -> 29817 | H57: =ROUND(F57*G57,0) -> 5180704
C58: ='VALORES INDEXADOS OBRA CARACOLÍ'!C98 -> 7.4 | D58: ='VALORES INDEXADOS OBRA CARACOLÍ'!D98 -> RELLENO EN MATERIAL SELECCIONADO PROVENIENTE DE LA EXCAVACIÓN (EXTENDIDO MANUAL, HUMEDECIMIENTO Y COMPACTACIÓN) | E58: ='VALORES INDEXADOS OBRA CARACOLÍ'!E98 -> M3 | F58: ='VALORES INDEXADOS OBRA CARACOLÍ'!F98 -> 11.27 | G58: ='VALORES INDEXADOS OBRA CARACOLÍ'!H98 -> 30801 | H58: =ROUND(F58*G58,0) -> 347127
C59: ='VALORES INDEXADOS OBRA CARACOLÍ'!C101 -> 8 | D59: ='VALORES INDEXADOS OBRA CARACOLÍ'!D101 -> MOBILIARIO URBANO | E59: =IF('VALORES INDEXADOS OBRA CARACOLÍ'!E101="","",'VALORES INDEXADOS OBRA CARACOLÍ'!E101) | F59: =IF('VALORES INDEXADOS OBRA CARACOLÍ'!F101="","",'VALORES INDEXADOS OBRA CARACOLÍ'!F101) | G59: =IF('VALORES INDEXADOS OBRA CARACOLÍ'!H101="","",'VALORES INDEXADOS OBRA CARACOLÍ'!H101) | H59: =SUM(H60:H61) -> 292174500
C60: ='VALORES INDEXADOS OBRA CARACOLÍ'!C102 -> 8.1 | D60: ='VALORES INDEXADOS OBRA CARACOLÍ'!D102 -> BARANDA METALIC0A M-81 PREFABRICADA INCLUYE INSTALACION SOBRE VIGA CINTA, PIINTURA ANTICORROSIVA Y ESMALTE COLOR POR DEFINIR. ( LA BARANDA SE INSTALARÁ ANTES DE FUNFIR LA VIGA CINTA, ANCLADA A LOS ACEROS DE REFUERZO CON SOLDADURA ELECTRICA) APOYOS CADA 1,00 MTS. | E60: ='VALORES INDEXADOS OBRA CARACOLÍ'!E102 -> ML | F60: ='VALORES INDEXADOS OBRA CARACOLÍ'!F102 -> 1021.91 | G60: ='VALORES INDEXADOS OBRA CARACOLÍ'!H102 -> 284188 | H60: =ROUND(F60*G60,0) -> 290414559
C61: ='VALORES INDEXADOS OBRA CARACOLÍ'!C104 -> 8.3 | D61: ='VALORES INDEXADOS OBRA CARACOLÍ'!D104 -> BOLARDO EN HIERRO TIPO M62 (SUMINISTRO E INSTALACIÓN. INCLUYE BASE EN CONCRETO 1500 PSI, PREMEZCLADO) | E61: ='VALORES INDEXADOS OBRA CARACOLÍ'!E104 -> UN | F61: ='VALORES INDEXADOS OBRA CARACOLÍ'!F104 -> 9 | G61: =ROUND(Comparativo!M28,0) -> 195549 | H61: =ROUND(F61*G61,0) -> 1759941
C62: ='VALORES INDEXADOS OBRA CARACOLÍ'!C107 -> 9 | D62: ='VALORES INDEXADOS OBRA CARACOLÍ'!D107 -> VARIOS | E62: =IF('VALORES INDEXADOS OBRA CARACOLÍ'!E107="","",'VALORES INDEXADOS OBRA CARACOLÍ'!E107) | F62: =IF('VALORES INDEXADOS OBRA CARACOLÍ'!F107="","",'VALORES INDEXADOS OBRA CARACOLÍ'!F107) | G62: =IF('VALORES INDEXADOS OBRA CARACOLÍ'!H107="","",'VALORES INDEXADOS OBRA CARACOLÍ'!H107) | H62: =SUM(H63) -> 1253531
C63: ='VALORES INDEXADOS OBRA CARACOLÍ'!C108 -> 9.1 | D63: ='VALORES INDEXADOS OBRA CARACOLÍ'!D108 -> LIMPIEZA Y ACOPIO MANUAL DE BASURAS AL FINALIZAR LA OBRA PARA POSTERIORMENTE HACER ENTREGA DE LA OBRA | E63: ='VALORES INDEXADOS OBRA CARACOLÍ'!E108 -> M2 | F63: ='VALORES INDEXADOS OBRA CARACOLÍ'!F108 -> 5596.12 | G63: ='VALORES INDEXADOS OBRA CARACOLÍ'!H108 -> 224 | H63: =ROUND(F63*G63,0) -> 1253531
C64: ='VALORES INDEXADOS OBRA CARACOLÍ'!C109 -> 10 | D64: ='VALORES INDEXADOS OBRA CARACOLÍ'!D109 -> ITMENS NO PREVISTOS | E64: =IF('VALORES INDEXADOS OBRA CARACOLÍ'!E109="","",'VALORES INDEXADOS OBRA CARACOLÍ'!E109) | F64: =IF('VALORES INDEXADOS OBRA CARACOLÍ'!F109="","",'VALORES INDEXADOS OBRA CARACOLÍ'!F109) | G64: =IF('VALORES INDEXADOS OBRA CARACOLÍ'!H109="","",'VALORES INDEXADOS OBRA CARACOLÍ'!H109) | H64: =SUM(H65:H77) -> 1388299409
C65: ='VALORES INDEXADOS OBRA CARACOLÍ'!C110 -> 10.01 | D65: ='VALORES INDEXADOS OBRA CARACOLÍ'!D110 -> RELLENO EN TRITURADO DE 3/4`` (INCLUYE TRANSPORTE, SUMINISTRO, EXTENDIDO MANUAL Y COLOCACIÓN) | E65: ='VALORES INDEXADOS OBRA CARACOLÍ'!E110 -> M3 | F65: ='VALORES INDEXADOS OBRA CARACOLÍ'!F110 -> 87.5 | G65: ='VALORES INDEXADOS OBRA CARACOLÍ'!H110 -> 145687 | H65: =ROUND(F65*G65,0) -> 12747613
C66: ='VALORES INDEXADOS OBRA CARACOLÍ'!C111 -> 10.02 | D66: ='VALORES INDEXADOS OBRA CARACOLÍ'!D111 -> BASE Y CAÑUELA EN MORTERO IMPERMEABILIZADO ( SUMINISTRO E INSTALACIÓN, BASE H=0,10M, CAÑUELA H=0,15M) | E66: ='VALORES INDEXADOS OBRA CARACOLÍ'!E111 -> M2 | F66: ='VALORES INDEXADOS OBRA CARACOLÍ'!F111 -> 107.25 | G66: ='VALORES INDEXADOS OBRA CARACOLÍ'!H111 -> 176463 | H66: =ROUND(F66*G66,0) -> 18925657
C67: ='VALORES INDEXADOS OBRA CARACOLÍ'!C112 -> 10.03 | D67: ='VALORES INDEXADOS OBRA CARACOLÍ'!D112 -> CONEXIONES KIT SILLA YEE 200 X 160 PVC. SUMINISTRO E INSTALACIÓN. SUMINISTRO Y CONSTRUCCIÓN | E67: ='VALORES INDEXADOS OBRA CARACOLÍ'!E112 -> UN | F67: ='VALORES INDEXADOS OBRA CARACOLÍ'!F112 -> 80 | G67: ='VALORES INDEXADOS OBRA CARACOLÍ'!H112 -> 166826 | H67: =ROUND(F67*G67,0) -> 13346080
C68: ='VALORES INDEXADOS OBRA CARACOLÍ'!C113 -> 10.04 | D68: ='VALORES INDEXADOS OBRA CARACOLÍ'!D113 -> PROTECCION A SUMIDEROS (INCLUYE SUMINISTRO Y COLOCACIÓN DE BOLSAS DE LONA Y GEOTEXTIL NT 1600 O SIMILAR) | E68: ='VALORES INDEXADOS OBRA CARACOLÍ'!E113 -> UN/MES | F68: ='VALORES INDEXADOS OBRA CARACOLÍ'!F113 -> 66 | G68: ='VALORES INDEXADOS OBRA CARACOLÍ'!H113 -> 12445 | H68: =ROUND(F68*G68,0) -> 821370
C69: ='VALORES INDEXADOS OBRA CARACOLÍ'!C115 -> 10.06 | D69: ='VALORES INDEXADOS OBRA CARACOLÍ'!D115 -> CAJA DE INSPECCION 0.80X0.8M. SUMINISTRO Y CONSTRUCCION. (H=1M. INCLUYE MARCO Y TAPA, NO INCLUYE BASE Y CAÑUELA) | E69: ='VALORES INDEXADOS OBRA CARACOLÍ'!E115 -> UN | F69: ='VALORES INDEXADOS OBRA CARACOLÍ'!F115 -> 1 | G69: ='VALORES INDEXADOS OBRA CARACOLÍ'!H115 -> 1018856 | H69: =ROUND(F69*G69,0) -> 1018856
C70: ='VALORES INDEXADOS OBRA CARACOLÍ'!C117 -> 10.08 | D70: ='VALORES INDEXADOS OBRA CARACOLÍ'!D117 -> CAJA DE INSPECCION 1.0X1.0M. SUMINISTRO Y CONSTRUCCION. (H=2.0M. INCLUYE MARCO Y TAPA, NO INCLUYE BASE Y CAÑUELA) | E70: ='VALORES INDEXADOS OBRA CARACOLÍ'!E117 -> UN | F70: ='VALORES INDEXADOS OBRA CARACOLÍ'!F117 -> 8 | G70: ='VALORES INDEXADOS OBRA CARACOLÍ'!H117 -> 1756112 | H70: =ROUND(F70*G70,0) -> 14048896
C71: ='VALORES INDEXADOS OBRA CARACOLÍ'!C118 -> 10.09 | D71: ='VALORES INDEXADOS OBRA CARACOLÍ'!D118 -> CAJA DE INSPECCION 1.0X1.0M. SUMINISTRO Y CONSTRUCCION. (H=2.5M. INCLUYE MARCO Y TAPA, NO INCLUYE BASE Y CAÑUELA) | E71: ='VALORES INDEXADOS OBRA CARACOLÍ'!E118 -> UN | F71: ='VALORES INDEXADOS OBRA CARACOLÍ'!F118 -> 3 | G71: ='VALORES INDEXADOS OBRA CARACOLÍ'!H118 -> 1969189 | H71: =ROUND(F71*G71,0) -> 5907567
C72: ='VALORES INDEXADOS OBRA CARACOLÍ'!C119 -> 10.10 | D72: ='VALORES INDEXADOS OBRA CARACOLÍ'!D119 -> MURO DE CONTENCIÓN EN CONCRETO 3000 PSI PREMEZCLADO, GRAVA FINA. (INCLUYE SUMINISTRO, FORMALETEO, BOMBEO, COLOCACIÓN Y CURADO. NO INCL. REFUERZO) | E72: ='VALORES INDEXADOS OBRA CARACOLÍ'!E119 -> M3 | F72: ='VALORES INDEXADOS OBRA CARACOLÍ'!F119 -> 423.81 | G72: ='VALORES INDEXADOS OBRA CARACOLÍ'!H119 -> 955346 | H72: =ROUND(F72*G72,0) -> 404885188
C73: ='VALORES INDEXADOS OBRA CARACOLÍ'!C120 -> 10.11 | D73: ='VALORES INDEXADOS OBRA CARACOLÍ'!D120 -> SUMINISTRO E INSTALACIÓN DE VARILLA DE ACERO NTC 2289 GRADO 60 | E73: ='VALORES INDEXADOS OBRA CARACOLÍ'!E120 -> KG | F73: ='VALORES INDEXADOS OBRA CARACOLÍ'!F120 -> 74760.64 | G73: ='VALORES INDEXADOS OBRA CARACOLÍ'!H120 -> 7529 | H73: =ROUND(F73*G73,0) -> 562872859
C74: ='VALORES INDEXADOS OBRA CARACOLÍ'!C121 -> 10.12 | D74: ='VALORES INDEXADOS OBRA CARACOLÍ'!D121 -> TUBERÍA PVC SANITARIA D=4" TIPO U.S. (INCLUYE SUMINISTRO E INSTALACIÓN) | E74: ='VALORES INDEXADOS OBRA CARACOLÍ'!E121 -> ML | F74: ='VALORES INDEXADOS OBRA CARACOLÍ'!F121 -> 272.03 | G74: ='VALORES INDEXADOS OBRA CARACOLÍ'!H121 -> 43259 | H74: =ROUND(F74*G74,0) -> 11767746
C75: ='VALORES INDEXADOS OBRA CARACOLÍ'!C122 -> 10.13 | D75: ='VALORES INDEXADOS OBRA CARACOLÍ'!D122 -> CODO 90° CXE PVC SANITARIA D=4" (INCLUYE SUMINISTRO E INSTALACIÓN) | E75: ='VALORES INDEXADOS OBRA CARACOLÍ'!E122 -> UN | F75: ='VALORES INDEXADOS OBRA CARACOLÍ'!F122 -> 163 | G75: ='VALORES INDEXADOS OBRA CARACOLÍ'!H122 -> 28273 | H75: =ROUND(F75*G75,0) -> 4608499
C76: ='VALORES INDEXADOS OBRA CARACOLÍ'!C123 -> 10.14 | D76: ='VALORES INDEXADOS OBRA CARACOLÍ'!D123 -> CONCRETO 1500 PSI (HECHO EN OBRA 1:3:5 CON ARENA Y GRAVILLA DE RÍO) | E76: ='VALORES INDEXADOS OBRA CARACOLÍ'!E123 -> M3 | F76: ='VALORES INDEXADOS OBRA CARACOLÍ'!F123 -> 35.88 | G76: ='VALORES INDEXADOS OBRA CARACOLÍ'!H123 -> 439746 | H76: =ROUND(F76*G76,0) -> 15778086
C77: ='VALORES INDEXADOS OBRA CARACOLÍ'!C129 -> 10.20 | D77: ='VALORES INDEXADOS OBRA CARACOLÍ'!D129 -> TRASIEGO DE MATERIAL DE EXCAVACIÓN DISTANCIA 45 ML INCLUYE CARGUE | E77: ='VALORES INDEXADOS OBRA CARACOLÍ'!E129 -> M3 | F77: ='VALORES INDEXADOS OBRA CARACOLÍ'!F129 -> 3164.01 | G77: ='VALORES INDEXADOS OBRA CARACOLÍ'!H129 -> 101634 | H77: =ROUND(F77*G77,0) -> 321570992
C78: 11 | D78: RUBROS PARA ACTIVIDADES RODUCTO DEL AJUSTE Y APROPIACIÓN DE LOS DISEÑOS | H78: =SUM(H79) -> 520664218
D79: RUBRO PROYECTADO PARA PRODUCTO DEL AJUSTE Y APROPIACIÓN DE LOS DISEÑOS | E79: GL | F79: 1 | G79: =ROUND((H64+H62+H59+H56+H54+H45+H36+H18+H15)*16.2%,0) -> 520664218 | H79: =G79*F79 -> 520664218
C80: 12 | D80: RUBROS PARA SOSTENIBILIDAD SUDS | H80: =SUM(H81) -> 100000000
D81: RUBRO PROYECTADO PARA SUDS - INTERVENCIÓN SEGÚN ARTICULO 126-184 Y 185 DEL POT (10% DEL ÁREA TOTAL) | E81: GL | F81: 1 | G81: 100000000 | H81: =G81*F81 -> 100000000
D83: COSTO DIRECTO OBRA | H83: =+ROUND(H15+H18+H36+H45+H54+H56+H59+H64+H62+H78+H80,0) -> 3834640875
D84: ADMINISTRACIÓN | G84: =AIU!H36 -> 0.2626 | H84: =ROUND(H$83*G84,0) -> 1006976694
D85: IMPREVISTOS | G85: 0.01 | H85: =ROUND(H$83*G85,0) -> 38346409
D86: UTILIDAD | G86: 0.05 | H86: =ROUND(H$83*G86,0) -> 191732044
D87: REEMBOLSABLES (RUBRO PARA LABORATORIOS, PRUEBAS DEL PROYECTO POR DISEÑOS Y OBRAS SEGÚN APRUEBE LA INTERVENTORÍA, VALLA, ETC. | G87: 0.01 | H87: =ROUND(+H83*G87,0) -> 38346409 | K87: RUBRO PRESUPUESTAL
D88: TOTAL COSTOS ESTIMADOS DIRECTOS + AIU | H88: =SUM(H83:H87) -> 5110042431 | K88: 5111882728 | L88: =K88-H88 -> 1840297
D90: PRESUPUESTO ESTIMADO PARA ACTUALIZACIÓN DE DISEÑOS | H90: =H13 -> 727867214 | I90: 487350225 | K90: 730389777 | L90: =K90-H90 -> 2522563
D92: VALOR TOTAL ESTIMADO (OBRAS) | H92: =H88+H90 -> 5837909645 | K92: =SUM(K88:K90) -> 5842272505 | L92: =K92-H92 -> 4362860

Sheet LISTA DE PRECIOS UNITARIOS
C3: =+'[1]Interv-E y D CIVs Lote 4'!B1 -> INTERVENCIONES INTEGRALES DEL HÁBITAT
C4: DIRECCIÓN DE HABITAT Y ENTORNOS SUBSECRETARÍA DE INTERVENCIONES INTEGRALES
C5: OBJETO: REALIZAR EL DIAGNÓSTICO, ACTUALIZACIÓN DE ESTUDIOS, DISEÑOS Y CULMINACIÓN DE LAS OBRAS EN ESPACIO PÚBLICO PARA EL MEJORAMIENTO INTEGRAL DE LOS BARRIOS ALPES Y CARACOLI, QUE HACEN PARTE DEL TERRITORIO PRIORIZADO POR LA SECRETARÍA DISTRITAL DEL HÁBITAT EN LA CONURBACIÓN CIUDAD BOLÍVAR.
C6: PRECIOS UNITARIOS INDEXADOS CARACOLI
C8: ÍTEM | D8: ACTIVIDAD | E8: UNIDAD | F8: VALOR UNITARIO INDEXADO ENE 2022 - JUN 2027
C11: ='VALORES INDEXADOS OBRA CARACOLÍ'!C12 -> 1 | D11: ='VALORES INDEXADOS OBRA CARACOLÍ'!D12 -> PRELIMINARES | E11: =IF('VALORES INDEXADOS OBRA CARACOLÍ'!E12="","",'VALORES INDEXADOS OBRA CARACOLÍ'!E12) | F11: =IF('VALORES INDEXADOS OBRA CARACOLÍ'!H12="","",'VALORES INDEXADOS OBRA CARACOLÍ'!H12)
C12: ='VALORES INDEXADOS OBRA CARACOLÍ'!C15 -> 1.3 | D12: ='VALORES INDEXADOS OBRA CARACOLÍ'!D15 -> VALLA ESPECIAL 6X3 (INSTALAC.) SOLO LÁMINA Y BANNER | E12: ='VALORES INDEXADOS OBRA CARACOLÍ'!E15 -> UN | F12: ='VALORES INDEXADOS OBRA CARACOLÍ'!H15 -> 307217
C13: ='VALORES INDEXADOS OBRA CARACOLÍ'!C16 -> 2 | D13: ='VALORES INDEXADOS OBRA CARACOLÍ'!D16 -> REDES HIDROSANITARIAS | E13: =IF('VALORES INDEXADOS OBRA CARACOLÍ'!E16="","",'VALORES INDEXADOS OBRA CARACOLÍ'!E16) | F13: =IF('VALORES INDEXADOS OBRA CARACOLÍ'!H16="","",'VALORES INDEXADOS OBRA CARACOLÍ'!H16)
C14: ='VALORES INDEXADOS OBRA CARACOLÍ'!C24 -> 2.8 | D14: ='VALORES INDEXADOS OBRA CARACOLÍ'!D24 -> TUBERIA PVC U.M. EXT CORRUGADO/INT LISO U.M. NORMA NTC 3722-1 D=4" (INCLUYE SUMINISTRO E INSTALACIÓN) | E14: ='VALORES INDEXADOS OBRA CARACOLÍ'!E24 -> ML | F14: ='VALORES INDEXADOS OBRA CARACOLÍ'!H24 -> 30639
C15: ='VALORES INDEXADOS OBRA CARACOLÍ'!C27 -> 2.11 | D15: ='VALORES INDEXADOS OBRA CARACOLÍ'!D27 -> TUBERIA PVC U.M. EXT CORRUGADO/INT LISO U.M. NORMA NTC 3722-1 D=10" (INCLUYE SUMINISTRO E INSTALACIÓN) | E15: ='VALORES INDEXADOS OBRA CARACOLÍ'!E27 -> ML | F15: =ROUND(Comparativo!M19,0) -> 69943
C16: ='VALORES INDEXADOS OBRA CARACOLÍ'!C28 -> 2.12 | D16: ='VALORES INDEXADOS OBRA CARACOLÍ'!D28 -> TUBERIA PVC U.M. EXT CORRUGADO/INT LISO U.M. NORMA NTC 3722-1 D=12" (INCLUYE SUMINISTRO E INSTALACIÓN) | E16: ='VALORES INDEXADOS OBRA CARACOLÍ'!E28 -> ML | F16: =ROUND(Comparativo!M20,0) -> 115953
C17: ='VALORES INDEXADOS OBRA CARACOLÍ'!C29 -> 2.13 | D17: ='VALORES INDEXADOS OBRA CARACOLÍ'!D29 -> TUBERIA PVC U.M. EXT CORRUGADO/INT LISO U.M. NORMA NTC 3722-1 D=14" (INCLUYE SUMINISTRO E INSTALACIÓN) | E17: ='VALORES INDEXADOS OBRA CARACOLÍ'!E29 -> ML | F17: ='VALORES INDEXADOS OBRA CARACOLÍ'!H29 -> 163626
C18: ='VALORES INDEXADOS OBRA CARACOLÍ'!C30 -> 2.14 | D18: ='VALORES INDEXADOS OBRA CARACOLÍ'!D30 -> TUBERIA PVC U.M. EXT CORRUGADO/INT LISO U.M. NORMA NTC 3722-1 D=16" (INCLUYE SUMINISTRO E INSTALACIÓN) | E18: ='VALORES INDEXADOS OBRA CARACOLÍ'!E30 -> ML | F18: =ROUND(Comparativo!M21,0) -> 175557
C19: ='VALORES INDEXADOS OBRA CARACOLÍ'!C31 -> 2.15 | D19: ='VALORES INDEXADOS OBRA CARACOLÍ'!D31 -> TUBERIA PVC U.M. EXT CORRUGADO/INT LISO U.M. NORMA NTC 3722-1 D=18" (INCLUYE SUMINISTRO E INSTALACIÓN) | E19: ='VALORES INDEXADOS OBRA CARACOLÍ'!E31 -> ML | F19: =ROUND(Comparativo!M22,0) -> 227900
C20: ='VALORES INDEXADOS OBRA CARACOLÍ'!C32 -> 2.16 | D20: ='VALORES INDEXADOS OBRA CARACOLÍ'!D32 -> TUBERIA PVC U.M. EXT CORRUGADO/INT LISO U.M. NORMA NTC 3722-1 D=20" (INCLUYE SUMINISTRO E INSTALACIÓN) | E20: ='VALORES INDEXADOS OBRA CARACOLÍ'!E32 -> ML | F20: =ROUND(Comparativo!M23,0) -> 295226
C21: ='VALORES INDEXADOS OBRA CARACOLÍ'!C33 -> 2.17 | D21: ='VALORES INDEXADOS OBRA CARACOLÍ'!D33 -> TUBERIA PVC U.M. EXT CORRUGADO/INT LISO U.M. NORMA NTC 3722-1 D=24" (INCLUYE SUMINISTRO E INSTALACIÓN) | E21: ='VALORES INDEXADOS OBRA CARACOLÍ'!E33 -> ML | F21: ='VALORES INDEXADOS OBRA CARACOLÍ'!H33 -> 432936
C22: ='VALORES INDEXADOS OBRA CARACOLÍ'!C36 -> 2.20 | D22: ='VALORES INDEXADOS OBRA CARACOLÍ'!D36 -> POZO DE INSPECCION D=1.7 M (INCL. SUMINISTRO E INSTALACION). INCLUYE CILINDRO POZO DE INSPECCION EN MAMPOSTERIA, CONO PREFABRICADO, PLACA FONDO. | E22: ='VALORES INDEXADOS OBRA CARACOLÍ'!E36 -> UN | F22: =ROUND(Comparativo!M14,0) -> 3966096
C23: ='VALORES INDEXADOS OBRA CARACOLÍ'!C38 -> 2.22 | D23: ='VALORES INDEXADOS OBRA CARACOLÍ'!D38 -> POZO DE INSPECCION MAYOR 5 METROS DIAMETRO 1,7(CONO, TAPA Y MAMPOSTERIA) | E23: ='VALORES INDEXADOS OBRA CARACOLÍ'!E38 -> UN | F23: ='VALORES INDEXADOS OBRA CARACOLÍ'!H38 -> 9122020
C24: ='VALORES INDEXADOS OBRA CARACOLÍ'!C39 -> 2.23 | D24: ='VALORES INDEXADOS OBRA CARACOLÍ'!D39 -> POZO DE INSPECCION MENOR 3 METROS DIAMETRO 1,7(CONO, TAPA Y MAMPOSTERIA) | E24: ='VALORES INDEXADOS OBRA CARACOLÍ'!E39 -> UN | F24: ='VALORES INDEXADOS OBRA CARACOLÍ'!H39 -> 3944891
C25: ='VALORES INDEXADOS OBRA CARACOLÍ'!C40 -> 2.24 | D25: ='VALORES INDEXADOS OBRA CARACOLÍ'!D40 -> CUNETA DE DRENAJE ANCHO= 0.50M EN CONCRETO PREMEZCLADO DE 3000 PSI FUNDIDO EN SITIO. PROFUNDIDAD VARIABLE (ENTRE 0.10M Y 0.50M). (INCLUYE CONSTRUCCIÓN DE PLACA DE FONDO Y MUROS EN CONCRETO IMPERMEABILIZADO, MEDIACAÑAS Y MORTERO DE NIVELACIÓN, ÁNGULOS METÁLICOS PARA SOPORTE DE REJILLAS PREFABRICADAS). | E25: ='VALORES INDEXADOS OBRA CARACOLÍ'!E40 -> ML | F25: ='VALORES INDEXADOS OBRA CARACOLÍ'!H40 -> 544849
C26: ='VALORES INDEXADOS OBRA CARACOLÍ'!C42 -> 2.26 | D26: ='VALORES INDEXADOS OBRA CARACOLÍ'!D42 -> ENTIBADO TIPO EC3 CONTINUO METÁLICO CON PARALES METÁLICOS. INCLUYE SUMINISTRO E INSTALACIÓN | E26: ='VALORES INDEXADOS OBRA CARACOLÍ'!E42 -> M2 | F26: ='VALORES INDEXADOS OBRA CARACOLÍ'!H42 -> 73936
C27: ='VALORES INDEXADOS OBRA CARACOLÍ'!C43 -> 2.27 | D27: ='VALORES INDEXADOS OBRA CARACOLÍ'!D43 -> CÁRCAMO EN CONCRETO PARA TUBERÍA DE ACERO DE 8" EN CALZADA ASFALTO. INCLUYE SUMINISTRO Y COLOCACIÓN DE MATERIALES Y MANO DE OBRA. | E27: ='VALORES INDEXADOS OBRA CARACOLÍ'!E43 -> ML | F27: ='VALORES INDEXADOS OBRA CARACOLÍ'!H43 -> 141018
C28: ='VALORES INDEXADOS OBRA CARACOLÍ'!C45 -> 2.29 | D28: ='VALORES INDEXADOS OBRA CARACOLÍ'!D45 -> FILTRO DE DRENAJE DE 0.6M X 1.0M. SUMINISTRO E INSTALACION. (INCLUYE TUBERIA PERFORADA D=4", GRAVA COMUN 1/2" Y GEOTEXTIL NT 4000 O SIMILAR). | E28: ='VALORES INDEXADOS OBRA CARACOLÍ'!E45 -> ML | F28: ='VALORES INDEXADOS OBRA CARACOLÍ'!H45 -> 149973
C29: ='VALORES INDEXADOS OBRA CARACOLÍ'!C46 -> 2.30 | D29: ='VALORES INDEXADOS OBRA CARACOLÍ'!D46 -> CAÑUELA TIPO A120 (SUMINISTRO E INSTALACIÓN. INCLUYE 3CM MORTERO 1:5) | E29: ='VALORES INDEXADOS OBRA CARACOLÍ'!E46 -> ML | F29: ='VALORES INDEXADOS OBRA CARACOLÍ'!H46 -> 65122
C30: ='VALORES INDEXADOS OBRA CARACOLÍ'!C47 -> 2.31 | D30: ='VALORES INDEXADOS OBRA CARACOLÍ'!D47 -> CONSTRUCCION CANALETA DE AGUAS LLUVIAS DE 0.4 X 0.4 MT EN CONCRETO DE 3000PSI INCLUYE REJILLA PREFABRICADA. | E30: ='VALORES INDEXADOS OBRA CARACOLÍ'!E47 -> ML | F30: =ROUND(Comparativo!M15,0) -> 224849
C31: ='VALORES INDEXADOS OBRA CARACOLÍ'!C48 -> 2.32 | D31: ='VALORES INDEXADOS OBRA CARACOLÍ'!D48 -> CAJA DE INSPECCIÓN DE 0.3X0.3M (H=0.3M. INCLUYE SUMINISTRO Y CONSTRUCCIÓN. INCLUYE MARCO Y TAPA. NO INC. BASE Y CAÑUELA) | E31: ='VALORES INDEXADOS OBRA CARACOLÍ'!E48 -> UN | F31: ='VALORES INDEXADOS OBRA CARACOLÍ'!H48 -> 193600
C32: ='VALORES INDEXADOS OBRA CARACOLÍ'!C50 -> 2.34 | D32: ='VALORES INDEXADOS OBRA CARACOLÍ'!D50 -> EXCAVACION MANUAL PARA REDES PROFUNDIDAD 2M - 3.50M (INCLUYE CARGUE) | E32: ='VALORES INDEXADOS OBRA CARACOLÍ'!E50 -> M3 | F32: ='VALORES INDEXADOS OBRA CARACOLÍ'!H50 -> 45563
C33: ='VALORES INDEXADOS OBRA CARACOLÍ'!C51 -> 2.35 | D33: ='VALORES INDEXADOS OBRA CARACOLÍ'!D51 -> CAÑUELA EN CONCRETO H=5CM, 1V:3H | E33: ='VALORES INDEXADOS OBRA CARACOLÍ'!E51 -> ML | F33: ='VALORES INDEXADOS OBRA CARACOLÍ'!H51 -> 93380
C34: ='VALORES INDEXADOS OBRA CARACOLÍ'!C52 -> 2.36 | D34: ='VALORES INDEXADOS OBRA CARACOLÍ'!D52 -> CAJA RECOLECTORA AGUAS LLUVIA 0.30X0.30 | E34: ='VALORES INDEXADOS OBRA CARACOLÍ'!E52 -> UN | F34: ='VALORES INDEXADOS OBRA CARACOLÍ'!H52 -> 209108
C35: ='VALORES INDEXADOS OBRA CARACOLÍ'!C53 -> 2.37 | D35: ='VALORES INDEXADOS OBRA CARACOLÍ'!D53 -> CAJA RECOLECTORA AGUAS LLUVIA 0.60X0.60 | E35: ='VALORES INDEXADOS OBRA CARACOLÍ'!E53 -> UN | F35: ='VALORES INDEXADOS OBRA CARACOLÍ'!H53 -> 398526
C36: ='VALORES INDEXADOS OBRA CARACOLÍ'!C54 -> 2.38 | D36: ='VALORES INDEXADOS OBRA CARACOLÍ'!D54 -> CAJA DE PASO 0.60X0.60 | E36: ='VALORES INDEXADOS OBRA CARACOLÍ'!E54 -> UN | F36: ='VALORES INDEXADOS OBRA CARACOLÍ'!H54 -> 418215
C37: ='VALORES INDEXADOS OBRA CARACOLÍ'!C55 -> 2.39 | D37: ='VALORES INDEXADOS OBRA CARACOLÍ'!D55 -> CAJA DE PASO 0.30X0.30 | E37: ='VALORES INDEXADOS OBRA CARACOLÍ'!E55 -> UN | F37: ='VALORES INDEXADOS OBRA CARACOLÍ'!H55 -> 209108
C38: ='VALORES INDEXADOS OBRA CARACOLÍ'!C56 -> 2.40 | D38: ='VALORES INDEXADOS OBRA CARACOLÍ'!D56 -> SUMIDERO LATERAL SL-100, H=1.25M (FUNDIDO EN SITIO, CONCRETO PREMEZCLADO. INCL. SUMIN, FORM, REF. Y CONSTR. INCL. TAPA) | E38: ='VALORES INDEXADOS OBRA CARACOLÍ'!E56 -> UN | F38: =ROUND(Comparativo!M24,0) -> 2120134
C39: ='VALORES INDEXADOS OBRA CARACOLÍ'!C59 -> 3 | D39: ='VALORES INDEXADOS OBRA CARACOLÍ'!D59 -> ESTRUCTURA DE ESPACIO PUBLICO | E39: =IF('VALORES INDEXADOS OBRA CARACOLÍ'!E59="","",'VALORES INDEXADOS OBRA CARACOLÍ'!E59) | F39: =IF('VALORES INDEXADOS OBRA CARACOLÍ'!H59="","",'VALORES INDEXADOS OBRA CARACOLÍ'!H59)
C40: ='VALORES INDEXADOS OBRA CARACOLÍ'!C65 -> 3.6 | D40: ='VALORES INDEXADOS OBRA CARACOLÍ'!D65 -> IMPRIMACIÓN CON EMULSIÓN ASFÁLTICA CRL-1 (INCLUYE SUMINISTRO, BARRIDO DE SUPERFICIE Y RIEGO). | E40: ='VALORES INDEXADOS OBRA CARACOLÍ'!E65 -> M2 | F40: ='VALORES INDEXADOS OBRA CARACOLÍ'!H65 -> 2380
C41: ='VALORES INDEXADOS OBRA CARACOLÍ'!C67 -> 3.8 | D41: ='VALORES INDEXADOS OBRA CARACOLÍ'!D67 -> MALLA ELECTROSOLDADA 0.15X0.15M, D=8MM, 8MM (INCLUYE SUMINISTRO, FIJACIÓN E INSTALACIÓN) | E41: ='VALORES INDEXADOS OBRA CARACOLÍ'!E67 -> KG | F41: =ROUND(Comparativo!M30,0) -> 4209
C42: ='VALORES INDEXADOS OBRA CARACOLÍ'!C70 -> 4 | D42: ='VALORES INDEXADOS OBRA CARACOLÍ'!D70 -> ANDENES | E42: =IF('VALORES INDEXADOS OBRA CARACOLÍ'!E70="","",'VALORES INDEXADOS OBRA CARACOLÍ'!E70) | F42: =IF('VALORES INDEXADOS OBRA CARACOLÍ'!H70="","",'VALORES INDEXADOS OBRA CARACOLÍ'!H70)
C43: ='VALORES INDEXADOS OBRA CARACOLÍ'!C74 -> 4.4 | D43: ='VALORES INDEXADOS OBRA CARACOLÍ'!D74 -> PIEZA REMATE A105 PARA RAMPA TIPO A (SUMINISTRO E INSTALACIÓN. INCLUYE 3CM MORTERO 2000 PSI) | E43: ='VALORES INDEXADOS OBRA CARACOLÍ'!E74 -> UN | F43: ='VALORES INDEXADOS OBRA CARACOLÍ'!H74 -> 107212
C44: ='VALORES INDEXADOS OBRA CARACOLÍ'!C77 -> 4.7 | D44: ='VALORES INDEXADOS OBRA CARACOLÍ'!D77 -> CENEFA LINEAL EN LOSETA PREFABRICADA TÁCTIL ALERTA A55 / A56 ANCHO 0.40M (SUMINISTRO E INSTALACIÓN. INCLUYE BASE EN ARENA DE NIVELACIÓN E= 4CM Y ARENA DE SELLO). | E44: ='VALORES INDEXADOS OBRA CARACOLÍ'!E77 -> ML | F44: ='VALORES INDEXADOS OBRA CARACOLÍ'!H77 -> 34117
C45: ='VALORES INDEXADOS OBRA CARACOLÍ'!C78 -> 4.8 | D45: ='VALORES INDEXADOS OBRA CARACOLÍ'!D78 -> CENEFA LINEAL EN LOSETA PREFABRICADA TÁCTIL ALERTA A57 ANCHO 0.40M (SUMINISTRO E INSTALACIÓN. INCLUYE BASE EN ARENA DE NIVELACIÓN E= 4CM Y ARENA DE SELLO). | E45: ='VALORES INDEXADOS OBRA CARACOLÍ'!E78 -> ML | F45: ='VALORES INDEXADOS OBRA CARACOLÍ'!H78 -> 43154
C46: ='VALORES INDEXADOS OBRA CARACOLÍ'!C80 -> 4.10 | D46: ='VALORES INDEXADOS OBRA CARACOLÍ'!D80 -> RAMPA VEHICULAR FUNDIDA EN EL SITIO EN CONCRETO PREMEZCLADO DE 3000 PSI (GRAVA COMUN) SUM, CONSTR. E INSTALACIÓN. INCLUYE X TIPO TRÁFICO PESADO O SIMILAR, BASE DE 4CM EN MORTERO DE 2000 PSI. | E46: ='VALORES INDEXADOS OBRA CARACOLÍ'!E80 -> M2 | F46: ='VALORES INDEXADOS OBRA CARACOLÍ'!H80 -> 148993
C47: ='VALORES INDEXADOS OBRA CARACOLÍ'!C81 -> 4.11 | D47: ='VALORES INDEXADOS OBRA CARACOLÍ'!D81 -> MURO EN BLOQUE KREATO LISO (0,39X0,19X0,19) INLCUYE ( EXCAVACION, RELLENO EN RECEBO COMUN, GEOMALLA, ACERO DE REFUERZO Y RELLENO FLUIDO FLUIDO) | E47: ='VALORES INDEXADOS OBRA CARACOLÍ'!E81 -> M2 | F47: ='VALORES INDEXADOS OBRA CARACOLÍ'!H81 -> 251355
C48: ='VALORES INDEXADOS OBRA CARACOLÍ'!C84 -> 4.14 | D48: ='VALORES INDEXADOS OBRA CARACOLÍ'!D84 -> MURO EN CONCRETO DE 21 MPA REFORZADO INCLUYE EXCAVACION, CAISSON Ø=1,0 M, ACERO DE REFUERZO) | E48: ='VALORES INDEXADOS OBRA CARACOLÍ'!E84 -> M2 | F48: ='VALORES INDEXADOS OBRA CARACOLÍ'!H84 -> 1801463
C49: ='VALORES INDEXADOS OBRA CARACOLÍ'!C85 -> 5 | D49: ='VALORES INDEXADOS OBRA CARACOLÍ'!D85 -> REDES ELECTRICAS | E49: =IF('VALORES INDEXADOS OBRA CARACOLÍ'!E85="","",'VALORES INDEXADOS OBRA CARACOLÍ'!E85) | F49: =IF('VALORES INDEXADOS OBRA CARACOLÍ'!H85="","",'VALORES INDEXADOS OBRA CARACOLÍ'!H85)
C50: ='VALORES INDEXADOS OBRA CARACOLÍ'!C86 -> 5.1 | D50: ='VALORES INDEXADOS OBRA CARACOLÍ'!D86 -> TRASLADO POSTE CONCRETO 8-10M | E50: ='VALORES INDEXADOS OBRA CARACOLÍ'!E86 -> UN | F50: ='VALORES INDEXADOS OBRA CARACOLÍ'!H86 -> 2381091
C51: ='VALORES INDEXADOS OBRA CARACOLÍ'!C87 -> 5.2 | D51: ='VALORES INDEXADOS OBRA CARACOLÍ'!D87 -> TRASLADO DE CAJA DE INSPECCION ELECTRICA | E51: ='VALORES INDEXADOS OBRA CARACOLÍ'!E87 -> UN | F51: ='VALORES INDEXADOS OBRA CARACOLÍ'!H87 -> 1601427
C52: ='VALORES INDEXADOS OBRA CARACOLÍ'!C88 -> 5.3 | D52: ='VALORES INDEXADOS OBRA CARACOLÍ'!D88 -> RECONSTRUCCIÓN DE CAJA DE INSP DE AP | E52: ='VALORES INDEXADOS OBRA CARACOLÍ'!E88 -> UN | F52: ='VALORES INDEXADOS OBRA CARACOLÍ'!H88 -> 675303
C53: ='VALORES INDEXADOS OBRA CARACOLÍ'!C89 -> 5.4 | D53: ='VALORES INDEXADOS OBRA CARACOLÍ'!D89 -> RECONSTRUCCIÓN DE CAJA DE INSP SENCILLA | E53: ='VALORES INDEXADOS OBRA CARACOLÍ'!E89 -> UN | F53: ='VALORES INDEXADOS OBRA CARACOLÍ'!H89 -> 716322
C54: ='VALORES INDEXADOS OBRA CARACOLÍ'!C90 -> 5.5 | D54: ='VALORES INDEXADOS OBRA CARACOLÍ'!D90 -> RECONSTRUCCIÓN DE CAJA DE INSP DOBLE | E54: ='VALORES INDEXADOS OBRA CARACOLÍ'!E90 -> UN | F54: ='VALORES INDEXADOS OBRA CARACOLÍ'!H90 -> 716322
C55: ='VALORES INDEXADOS OBRA CARACOLÍ'!C91 -> 5.6 | D55: ='VALORES INDEXADOS OBRA CARACOLÍ'!D91 -> RECONSTRUCCIÓN DE CAJA DE INSP VEHICULAR | E55: ='VALORES INDEXADOS OBRA CARACOLÍ'!E91 -> UN | F55: ='VALORES INDEXADOS OBRA CARACOLÍ'!H91 -> 726164
C56: ='VALORES INDEXADOS OBRA CARACOLÍ'!C94 -> 7 | D56: ='VALORES INDEXADOS OBRA CARACOLÍ'!D94 -> PAISAJISMO | E56: =IF('VALORES INDEXADOS OBRA CARACOLÍ'!E94="","",'VALORES INDEXADOS OBRA CARACOLÍ'!E94) | F56: =IF('VALORES INDEXADOS OBRA CARACOLÍ'!H94="","",'VALORES INDEXADOS OBRA CARACOLÍ'!H94)
C57: ='VALORES INDEXADOS OBRA CARACOLÍ'!C95 -> 7.1 | D57: ='VALORES INDEXADOS OBRA CARACOLÍ'!D95 -> REVEGETALIZACIÓN CON SEMILLA | E57: ='VALORES INDEXADOS OBRA CARACOLÍ'!E95 -> M2 | F57: ='VALORES INDEXADOS OBRA CARACOLÍ'!H95 -> 18076
C58: ='VALORES INDEXADOS OBRA CARACOLÍ'!C96 -> 7.2 | D58: ='VALORES INDEXADOS OBRA CARACOLÍ'!D96 -> CONSTRUCCIÓN. DE MURO EN BLOQUE KREATO INSTALADO CON MORTERO DE 1500 PSI, PARCIALMENTE REFORZADO, CON DOVELAS INYECTADAS EN RELLENO FLUIDO 10 KG/CM2 MAS REFUERZO PARA JARDINERAS,INCLUYE VIGA DE CIMENTACION Y VIGA CINTA | E58: ='VALORES INDEXADOS OBRA CARACOLÍ'!E96 -> M2 | F58: ='VALORES INDEXADOS OBRA CARACOLÍ'!H96 -> 259757
C59: ='VALORES INDEXADOS OBRA CARACOLÍ'!C99 -> 7.5 | D59: ='VALORES INDEXADOS OBRA CARACOLÍ'!D99 -> RELLENO EN TIERRA NEGRA PARA EMPRADIZACION (SUMINISTRO Y EXTENDIDO) | E59: ='VALORES INDEXADOS OBRA CARACOLÍ'!E99 -> M3 | F59: =ROUND(Comparativo!M13,0) -> 44094
C60: ='VALORES INDEXADOS OBRA CARACOLÍ'!C100 -> 7.6 | D60: ='VALORES INDEXADOS OBRA CARACOLÍ'!D100 -> CONTENEDOR DE RAICES TIPO B20 (TIPO A) (1.2X1.2X1.40M. INC. SUMINISTRO, CONSTRUCCIÓN Y FILTRO EN GRAVILLA. NO INC. TIERRA) | E60: ='VALORES INDEXADOS OBRA CARACOLÍ'!E100 -> UN | F60: ='VALORES INDEXADOS OBRA CARACOLÍ'!H100 -> 727295
C61: ='VALORES INDEXADOS OBRA CARACOLÍ'!C101 -> 8 | D61: ='VALORES INDEXADOS OBRA CARACOLÍ'!D101 -> MOBILIARIO URBANO | E61: =IF('VALORES INDEXADOS OBRA CARACOLÍ'!E101="","",'VALORES INDEXADOS OBRA CARACOLÍ'!E101) | F61: =IF('VALORES INDEXADOS OBRA CARACOLÍ'!H101="","",'VALORES INDEXADOS OBRA CARACOLÍ'!H101)
C62: ='VALORES INDEXADOS OBRA CARACOLÍ'!C103 -> 8.2 | D62: ='VALORES INDEXADOS OBRA CARACOLÍ'!D103 -> CANECA TIPO M120 (EN MALLA METÁLICA. INCLUYE SUMINISTRO E INSTALACIÓN. INCLUYE BASE EN CONCRETO 1500 PSI, HECHO EN OBRA) | E62: ='VALORES INDEXADOS OBRA CARACOLÍ'!E103 -> UN | F62: ='VALORES INDEXADOS OBRA CARACOLÍ'!H103 -> 370284
C63: ='VALORES INDEXADOS OBRA CARACOLÍ'!C105 -> 8.4 | D63: ='VALORES INDEXADOS OBRA CARACOLÍ'!D105 -> BANCA EN CONCRETO TIPO M30 (SUMINISTRO E INSTALACIÓN. NO INCLUYE MATERIAL DE BASE) | E63: ='VALORES INDEXADOS OBRA CARACOLÍ'!E105 -> UN | F63: ='VALORES INDEXADOS OBRA CARACOLÍ'!H105 -> 803419
C64: ='VALORES INDEXADOS OBRA CARACOLÍ'!C106 -> 8.5 | D64: ='VALORES INDEXADOS OBRA CARACOLÍ'!D106 -> BANCA EN CONCRETO TIPO M31 (SUMINISTRO E INSTALACIÓN) | E64: ='VALORES INDEXADOS OBRA CARACOLÍ'!E106 -> UN | F64: ='VALORES INDEXADOS OBRA CARACOLÍ'!H106 -> 427388
C65: ='VALORES INDEXADOS OBRA CARACOLÍ'!C109 -> 10 | D65: ='VALORES INDEXADOS OBRA CARACOLÍ'!D109 -> ITMENS NO PREVISTOS | E65: =IF('VALORES INDEXADOS OBRA CARACOLÍ'!E109="","",'VALORES INDEXADOS OBRA CARACOLÍ'!E109) | F65: =IF('VALORES INDEXADOS OBRA CARACOLÍ'!H109="","",'VALORES INDEXADOS OBRA CARACOLÍ'!H109)
C66: ='VALORES INDEXADOS OBRA CARACOLÍ'!C114 -> 10.05 | D66: ='VALORES INDEXADOS OBRA CARACOLÍ'!D114 -> EMPALME POR TERMOFUSIÓN DE TUBERÍA PAD | E66: ='VALORES INDEXADOS OBRA CARACOLÍ'!E114 -> UN | F66: ='VALORES INDEXADOS OBRA CARACOLÍ'!H114 -> 1425868
C67: ='VALORES INDEXADOS OBRA CARACOLÍ'!C116 -> 10.07 | D67: ='VALORES INDEXADOS OBRA CARACOLÍ'!D116 -> CAJA DE INSPECCION 1.0X1.0M. SUMINISTRO Y CONSTRUCCION. (H=1.5M. INCLUYE MARCO Y TAPA, NO INCLUYE BASE Y CAÑUELA) | E67: ='VALORES INDEXADOS OBRA CARACOLÍ'!E116 -> UN | F67: ='VALORES INDEXADOS OBRA CARACOLÍ'!H116 -> 1543034
C68: ='VALORES INDEXADOS OBRA CARACOLÍ'!C125 -> 10.16 | D68: ='VALORES INDEXADOS OBRA CARACOLÍ'!D125 -> COMISIÓN TOPOGRÁFICA Y DIBUJANTE | E68: ='VALORES INDEXADOS OBRA CARACOLÍ'!E125 -> UN/MES | F68: ='VALORES INDEXADOS OBRA CARACOLÍ'!H125 -> 17102778
C69: ='VALORES INDEXADOS OBRA CARACOLÍ'!C126 -> 10.17 | D69: ='VALORES INDEXADOS OBRA CARACOLÍ'!D126 -> INSPECCIÓN DE REDES DE ALCANTARILLADO CON SISTEMAS CCTV PARA DIÁMETROS ENTRE 6" A 36" | E69: ='VALORES INDEXADOS OBRA CARACOLÍ'!E126 -> ML | F69: =ROUND(Comparativo!M25,0) -> 14404
C70: ='VALORES INDEXADOS OBRA CARACOLÍ'!C127 -> 10.18 | D70: ='VALORES INDEXADOS OBRA CARACOLÍ'!D127 -> LAVADO Y SONDEO DE REDES DE ALCANTARILLADO ENTRE 6" Y 18" DE DIÁMETRO Y CON GRADO DE COLMATACIÓN MENOR DEL 30%. INCL MANO DE OBRA IDÓNEA, SEÑALIZACIÓN BÁSICA, SUMIN DE COMBUSTIBLE Y AGUA. INCL. IVA | E70: ='VALORES INDEXADOS OBRA CARACOLÍ'!E127 -> ML | F70: =ROUND(Comparativo!M26,0) -> 20230

Sheet E Y D PRESU ESTIMADO
B1: INTERVENCIONES INTEGRALES DEL HÁBITAT
B2: DIRECCIÓN DE HABITAT Y ENTORNOS SUBSECRETARÍA DE INTERVENCIONES INTEGRALES
M3: AGOSTO 2026
M4: SALARIO MÍNIMO
B5: OBJETO: REALIZAR EL DIAGNÓSTICO, ACTUALIZACIÓN DE ESTUDIOS, DISEÑOS Y CULMINACIÓN DE LAS OBRAS EN ESPACIO PÚBLICO PARA EL MEJORAMIENTO INTEGRAL DE LOS BARRIOS ALPES Y CARACOLI, QUE HACEN PARTE DEL TERRITORIO PRIORIZADO POR LA SECRETARÍA DISTRITAL DEL HÁBITAT EN LA CONURBACIÓN CIUDAD BOLÍVAR.
B6: TIEMPO DE EJECUCIÓN: 5 meses | H6: 4623 M2
B7: ÍTEM | C7: DESCRIPCIÓN | E7: ESPECIALISTA | G7: AÑOS DE EXPERIENCIA | I7: UND | J7: % | K7: VR. UNITARIO | L7: VR. PARCIAL | M7: VR. TOTAL
E8: SI | F8: NO | G8: PROF | H8: ESPEC
B10: 10 | C10: PROFESIONAL MÍNIMO CALIFICABLE | D10: PROFESIÓN | I10: MESES | J10: DEDICACIÓN | K10: SALARIO | L10: SUBTOTAL | M10: =SUM(L11:L17) -> 62480100
B11: 10.01 | C11: Director de la Consultoría | D11: Ingeniería Civil o Arquitectura | E11: 1 | G11: 8 | H11: 5 | I11: 5 | J11: 0.3 | K11: =SALARIOS!F8 -> 11183000 | L11: =E11*J11*K11*I11 -> 16774500
B12: 10.02 | C12: Especialista en diseño arquitectónico | D12: Arquitectura | E12: 1 | G12: 6 | H12: 4 | I12: 4 | J12: 0.3 | K12: =SALARIOS!$F$9 -> 9522000 | L12: =E12*J12*K12*I12 -> 11426400
B13: 10.03 | C13: Especialista en paisajismo | D13: Arquitectura | E13: 1 | G13: 6 | H13: 4 | I13: 2 | J13: 0.2 | K13: =SALARIOS!$F$9 -> 9522000 | L13: =E13*J13*K13*I13 -> 3808800
B14: 10.04 | C14: Especialista en Vías | D14: Ingeniería Civil o de vías | E14: 1 | G14: 6 | H14: 4 | I14: 2 | J14: 0.2 | K14: =SALARIOS!$F$9 -> 9522000 | L14: =E14*J14*K14*I14 -> 3808800
B15: 10.05 | C15: Especialista en Transporte y Movilidad | D15: Ingeniería de Transporte | E15: 1 | G15: 6 | H15: 4 | I15: 2 | J15: 0.2 | K15: =SALARIOS!$F$9 -> 9522000 | L15: =E15*J15*K15*I15 -> 3808800
B16: 10.06 | C16: Especialista en redes eléctricas y Energía Solar | D16: Ingeniero Eléctrico | E16: 1 | G16: 6 | H16: 4 | I16: 3 | J16: 0.3 | K16: =SALARIOS!$F$9 -> 9522000 | L16: =E16*J16*K16*I16 -> 8569800
B17: 10.07 | C17: Especialista en redes hidrosanitarias. Suds y saneamiento básico | D17: Ingeniería Civil o Sanitaria | E17: 1 | G17: 6 | H17: 4 | I17: 3 | J17: 0.5 | K17: =SALARIOS!$F$9 -> 9522000 | L17: =E17*J17*K17*I17 -> 14283000
B19: 20 | C19: PROFESIONALES DE APOYO | D19: PROFESIÓN | I19: MESES | J19: DEDICACIÓN | K19: SALARIO | L19: SUBTOTAL | M19: =SUM(L20:L29) -> 88392900
B20: 20.01 | C20: Especialista en Estructuras | D20: Ingeniería Civil | E20: 1 | G20: 6 | H20: 4 | I20: 3 | J20: 0.7 | K20: =SALARIOS!$F$9 -> 9522000 | L20: =E20*J20*K20*I20 -> 19996200
B21: 20.02 | C21: Especialista en geotecnia | D21: Ingeniería Civil | E21: 1 | G21: 6 | H21: 4 | I21: 3 | J21: 0.5 | K21: =SALARIOS!$F$9 -> 9522000 | L21: =E21*J21*K21*I21 -> 14283000
B22: 20.03 | C22: Especialista en gestión ambiental (construcción sostenible) | D22: Ingeniería Ambiental o Afines | E22: 1 | G22: 6 | H22: 4 | I22: 5 | J22: 0.2 | K22: =SALARIOS!$F$9 -> 9522000 | L22: =E22*J22*K22*I22 -> 9522000
B23: 20.04 | C23: Ingeniero forestal | D23: Ingeniería Forestal | F23: 1 | G23: 4 | H23: 3 | I23: 3 | J23: 0.2 | K23: =SALARIOS!$F$10 -> 8589000 | L23: =J23*K23*I23*F23 -> 5153400
B24: 20.05 | C24: Ingeniero Geologo | D24: Ingeniería gelógica | F24: 1 | G24: 4 | H24: 3 | I24: 3 | J24: 0.3 | K24: =SALARIOS!$F$10 -> 8589000 | L24: =J24*K24*I24*F24 -> 7730100
B25: 20.06 | C25: Ingeniero hidrolologo | D25: Ingeniería hidrologica | F25: 1 | G25: 4 | H25: 3 | I25: 3 | J25: 0.3 | K25: =SALARIOS!$F$10 -> 8589000 | L25: =J25*K25*I25*F25 -> 7730100
B26: 20.07 | C26: Arqueólogo | D26: Arqueología o afines | F26: 1 | G26: 4 | H26: 3 | I26: 2 | J26: 0.2 | K26: =SALARIOS!$F$10 -> 8589000 | L26: =J26*K26*I26*F26 -> 3435600
B27: 20.08 | C27: Profesional en presupuestos, especificaciones, cantidades, programación y APUS | D27: Ingeniero Civil | F27: 1 | G27: 4 | H27: 3 | I27: 5 | J27: 0.3 | K27: =SALARIOS!$F$10 -> 8589000 | L27: =J27*K27*I27*F27 -> 12883500
B28: 20.09 | C28: Profesional SST | D28: Ingeniero Industrial, SST o afines | F28: 1 | G28: 3 | H28: 1 | I28: 5 | J28: 0.1 | K28: =SALARIOS!$F$11 -> 7659000 | L28: =J28*K28*I28*F28 -> 3829500
B29: 20.10 | C29: Profesional en gestión social | D29: Trabajo Social, socióloga, psicóloga social, Antropóloga | F29: 1 | G29: 3 | H29: 1 | I29: 5 | J29: 0.1 | K29: =SALARIOS!$F$11 -> 7659000 | L29: =J29*K29*I29*F29 -> 3829500
B31: 30 | C31: PROFESIONALES DE LEGALIZACIÓN Y GESTIÓN PREDIAL | D31: PROFESIÓN | I31: MESES | J31: DEDICACIÓN | K31: SALARIO | L31: SUBTOTAL | M31: =SUM(L32:L34) -> 12044400
B32: 30.01 | C32: Especialista en normatividad | D32: Arquitectura | E32: 1 | G32: 6 | H32: 4 | I32: 3 | J32: 0.2 | K32: =SALARIOS!$F$9 -> 9522000 | L32: =E32*(J32*I32)*K32 -> 5713200
B33: 30.02 | C33: Especialista derecho urbano | D33: Abogado | E33: 1 | G33: 6 | H33: 4 | I33: 3 | J33: 0.1 | K33: =SALARIOS!$F$9 -> 9522000 | L33: =E33*(J33*I33)*K33 -> 2856600
B34: 30.03 | C34: Técnico en manejo de registro fotográfico y topográfico | D34: Técnico en fotografía y dibujo | F34: 1 | G34: 2 | H34: 1 | I34: 3 | J34: 0.2 | K34: =SALARIOS!$F$12 -> 5791000 | L34: =J34*K34*I34*F34 -> 3474600
B36: 40 | C36: OTRO PERSONAL | D36: FORMACIÓN | I36: MESES | J36: DEDICACIÓN | K36: SALARIO | L36: SUBTOTAL | M36: =SUM(L37:L46) -> 72264710
B37: 40.01 | C37: Gestor urbano y soporte SIG | D37: Ingeniero geógrafo o catastral | F37: 1 | G37: 2 | I37: 3 | J37: 0.4 | K37: =SALARIOS!$F$12 -> 5791000 | L37: =F37*J37*K37*I37 -> 6949200
B38: 40.02 | C38: Representación arquitectónica 2D | D38: Arquitectura | F38: 2 | G38: 2 | I38: 4 | J38: 0.6 | K38: =SALARIOS!$F$12 -> 5791000 | L38: =F38*J38*K38*I38 -> 27796800
B39: 40.03 | C39: Representación arquitectónica 3D | D39: Arquitectura | F39: 1 | G39: 2 | I39: 4 | J39: 0.5 | K39: =SALARIOS!$F$12 -> 5791000 | L39: =F39*J39*K39*I39 -> 11582000
B40: 40.04 | C40: Coordinador arquitectónica BIM | D40: Arquitectura | F40: 1 | G40: 2 | I40: 4 | J40: 0.2 | K40: =SALARIOS!$F$12 -> 5791000 | L40: =F40*J40*K40*I40 -> 4632800
B41: 40.05 | C41: Ingeniero topógrafo | D41: Ingeniero-Topografía | F41: 1 | G41: 2 | I41: 3 | J41: 0.7 | K41: =SALARIOS!$F$12 -> 5791000 | L41: =F41*J41*K41*I41 -> 12161100
B42: 40.06 | C42: Operario dron | D42: Bachiller técnico | F42: 1 | G42: 2 | I42: 1 | J42: 0.5 | K42: =SALARIOS!F15 -> 2018000 | L42: =F42*J42*K42*I42 -> 1009000
B43: 40.07 | C43: Cadenero 1 | D43: Bachiller técnico | F43: 1 | G43: 2 | I43: 2 | J43: 0.5 | K43: =SALARIOS!$F$14 -> 2316000 | L43: =F43*J43*K43*I43 -> 2316000
B44: 40.08 | C44: Cadenero 2 | D44: Bachiller técnico | F44: 1 | G44: 2 | I44: 2 | J44: 0.5 | K44: =SALARIOS!$F$14 -> 2316000 | L44: =F44*J44*K44*I44 -> 2316000
B45: 40.09 | C45: Aforador 1 para estudio de movilidad | D45: Bachiller técnico | F45: 2 | G45: 1 | I45: 1 | J45: 0.5 | K45: =SALARIOS!$F$16 -> 1750905 | L45: =F45*J45*K45*I45 -> 1750905
B46: 40.10 | C46: Aforador 2 para estudio de movilidad | D46: Bachiller técnico | F46: 2 | G46: 1 | I46: 1 | J46: 0.5 | K46: =SALARIOS!$F$16 -> 1750905 | L46: =F46*J46*K46*I46 -> 1750905
B48: 50 | C48: PERSONAL + FACTOR MULTIPLICADOR | M48: =+L49 -> 470942768
B49: 50.01 | C49: FM | I49: % | J49: =FM!H46 -> 2.00246 | K49: =+M10+M19+M36+M31 -> 235182110 | L49: =ROUND(K49*J49,0) -> 470942768
B51: 60 | C51: EQUIPOS | D51: TIPO | E51: DESCRIPCIÓN | I51: MESES | J51: DEDICACIÓN | K51: VALOR MENSUAL | L51: SUBTOTAL | M51: =SUM(L52:L54) -> 7930512
B52: 60.01 | C52: Alquiler Equipo completo de topografía | D52: Estación completa | I52: 2 | J52: 1 | K52: =SALARIOS!D20 -> 2215256 | L52: =ROUND(J52*K52*I52,0) -> 4430512
B53: 60.02 | C53: Alquiler Dron | I53: 2 | J53: 0.2 | K53: 2500000 | L53: =J53*K53*I53 -> 1000000
B54: 60.03 | C54: Alquiler Vehículo Hasta 2600 cc | D54: 1500 a 2600 cc | E54: Camioneta+Conductor | I54: 5 | J54: 0.1 | K54: 5000000 | L54: =J54*K54*I54 -> 2500000
B56: 70 | C56: REEMBOLSABLES (No imputa pago total) | D56: TIPO | E56: DESCRIPCIÓN | L56: SUBTOTAL | M56: =SUM(L57:L57) -> 132779841
B57: 70.01 | C57: Rubro específico para pagos, previa aprobación de interventoría sobre 3 cotizaciones. Ver anexo técnico | K57: =+'[1]Proyección presup C. B. Caracol'!S16 -> 1.3277984e+08 | L57: =ROUND(+K57,0) -> 132779841
G59: TOTAL COSTOS ESTUDIOS Y DISEÑOS | M59: =+M48+M51+M56 -> 611653121
G60: IVA DE ESTUDIOS Y DISEÑOS | M60: =ROUND(+M59*N60,0) -> 116214093 | N60: 0.19
G61: PRESUPUESTO OFICIAL | M61: =SUM(M59:M60) -> 727867214

Sheet AIU
C1: SECRETARÍA DISTRITAL DEL HABITAT
C2: SUBSECRETARÍA DE INTERVENCIONES INTEGRALES
C3: DIRECCIÓN DE HABITAT Y ENTORNOS
C4: OBJETO DE LA LICITACIÓN: | D4: REALIZAR EL DIAGNÓSTICO, ACTUALIZACIÓN DE ESTUDIOS, DISEÑOS Y CULMINACIÓN DE LAS OBRAS EN ESPACIO PÚBLICO PARA EL MEJORAMIENTO INTEGRAL DE LOS BARRIOS ALPES Y CARACOLI, QUE HACEN PARTE DEL TERRITORIO PRIORIZADO POR LA SECRETARÍA DISTRITAL DEL HÁBITAT EN LA CONURBACIÓN CIUDAD BOLÍVAR.
I5: =+'[1]Pres Obras CIVs Lote 4'!M4 -> Enero 31 de 2026
C6: COSTO DIRECTO ESTIMADO DE OBRA (CD) | E6: ='PRESU ESTIMADO OBRA CARACOLI'!H83 -> 3834640875 | F6: TIEMPO ESTIMADO EJECUCION DE OBRA (MESES) | I6: =+'[1]Proyección presup C. B. Caracol'!AD5 -> 8
C8: A. ADMINISTRACION
C9: Cargo | D9: # | E9: Dedicación Mes | F9: Valor salario mes | G9: Factor multiplicador | H9: Periodo en Obra | I9: Salario total + Prestaciones
D10: A | E10: B | F10: C | G10: D | H10: E | I10: E=((A*B*C*D)+C)*E
C11: 1,1 PERSONAL PROFESIONAL | D11: CANT
C12: DIRECTOR DE OBRA ESPECIALISTA | D12: 1 | E12: 0.5 | F12: =SALARIOS!F8 -> 11183000 | G12: =+'[1]FACTOR MULTIPLICADOR'!C45 -> 2.08246 | H12: 8 | I12: =(F12*G12)*D12*E12*H12 -> 93152601
C13: RESIDENTE DE OBRA | D13: 1 | E13: 1 | F13: =SALARIOS!F9 -> 9522000 | G13: =+$G$12 -> 2.08246 | H13: 8 | I13: =(F13*G13)*D13*E13*H13 -> 1.5863347e+08
C14: PROFESIONAL EN INGENIERÍA AMBIENTAL | D14: 1 | E14: 0.5 | F14: =SALARIOS!$F$10 -> 8589000 | G14: =+$G$12 -> 2.08246 | H14: 8 | I14: =(F14*G14)*D14*E14*H14 -> 71544996
C15: PROFESIONAL EN INGENIERÍA FORESTAL | D15: 1 | E15: 0.2 | F15: =SALARIOS!$F$10 -> 8589000 | G15: =+$G$12 -> 2.08246 | H15: 5 | I15: =(F15*G15)*D15*E15*H15 -> 17886249
C16: ESPECIALISTA INGENIERO ELÉCTRICO | D16: 1 | E16: 0.5 | F16: =SALARIOS!$F$10 -> 8589000 | G16: =+$G$12 -> 2.08246 | H16: 6 | I16: =(F16*G16)*D16*E16*H16 -> 53658747
C17: ESPECIALISTA INGENIERO HIDRÁULICO | D17: 1 | E17: 0.5 | F17: =SALARIOS!$F$10 -> 8589000 | G17: =+$G$12 -> 2.08246 | H17: 4 | I17: =(F17*G17)*D17*E17*H17 -> 35772498
C18: ESPECIALISTA INGENIERO ESTRUCTURAL | D18: 1 | E18: 0.3 | F18: =SALARIOS!$F$10 -> 8589000 | G18: =+$G$12 -> 2.08246 | H18: =+H17 -> 4 | I18: =(F18*G18)*D18*E18*H18 -> 21463499
C19: ESPECIALISTA INGENIERO VÍAS | D19: 1 | E19: 0.4 | F19: =SALARIOS!$F$10 -> 8589000 | G19: =+$G$12 -> 2.08246 | H19: 4 | I19: =(F19*G19)*D19*E19*H19 -> 28617998
C20: PROFESIONAL SOCIAL | D20: 1 | E20: 0.5 | F20: =SALARIOS!$F$11 -> 7659000 | G20: =+$G$12 -> 2.08246 | H20: 8 | I20: =(F20*G20)*D20*E20*H20 -> 63798245
C21: PROFESIONAL EN CALIDAD | D21: 1 | E21: 0.4 | F21: =SALARIOS!$F$11 -> 7659000 | G21: =+$G$12 -> 2.08246 | H21: 8 | I21: =(F21*G21)*D21*E21*H21 -> 51038596
C22: ESPECIALISTA GEOTECNISTA | D22: 1 | E22: 0.3 | F22: =SALARIOS!$F$11 -> 7659000 | G22: =+$G$12 -> 2.08246 | H22: 6 | I22: =(F22*G22)*D22*E22*H22 -> 28709210
C23: PROFESIONAL EN PRESUPUESTO Y PROGRAMACIÓN | D23: 1 | E23: 0.3 | F23: =SALARIOS!$F$11 -> 7659000 | G23: =+$G$12 -> 2.08246 | H23: 8 | I23: =(F23*G23)*D23*E23*H23 -> 38278947
C24: PROFESIONAL SST | D24: 1 | E24: 1 | F24: =SALARIOS!$F$11 -> 7659000 | G24: =+$G$12 -> 2.08246 | H24: 8 | I24: =(F24*G24)*D24*E24*H24 -> 1.2759649e+08
C25: ARQUEOLOGO | D25: 1 | E25: 0.1 | F25: =SALARIOS!$F$11 -> 7659000 | G25: =+$G$12 -> 2.08246 | H25: 8 | I25: =(F25*G25)*D25*E25*H25 -> 12759649
C26: PROFESIONAL JURIDICO | D26: 1 | E26: 0.2 | F26: =SALARIOS!$F$11 -> 7659000 | G26: =+$G$12 -> 2.08246 | H26: 8 | I26: =(F26*G26)*D26*E26*H26 -> 25519298
C27: 1,2 PERSONAL TECNICO Y AUXILIAR TECNICO | D27: CANT
C28: INSPECTOR DE OBRA | D28: 1 | E28: 1 | F28: =SALARIOS!F17 -> 2718000 | G28: =+$G$12 -> 2.08246 | H28: 8 | I28: =(F28*G28)*D28*E28*H28 -> 45281010
C29: PROFESIONAL TOPOGRAFO | D29: 1 | E29: 0.5 | F29: =SALARIOS!F13 -> 3736000 | G29: =+$G$12 -> 2.08246 | H29: 8 | I29: =(F29*G29)*D29*E29*H29 -> 31120282
C30: TARIFA MES - PERSONAL AUXILIAR TÉCNICO - CADENERO | D30: 1 | E30: 0.5 | F30: =SALARIOS!$F$14 -> 2316000 | G30: =+$G$12 -> 2.08246 | H30: 8 | I30: =(F30*G30)*D30*E30*H30 -> 19291909
C31: TARIFA MES - PERSONAL ADMINISTRATIVO - AUXILIAR ADMINISTRATIVO-ALMACENISTA | D31: 1 | E31: 1 | F31: =SALARIOS!$F$14 -> 2316000 | G31: =+$G$12 -> 2.08246 | H31: 8 | I31: =(F31*G31)*D31*E31*H31 -> 38583819
C32: 1,3 PERSONAL ADMINISTRATIVO | D32: CANT
C33: TARIFA MES - VIGILANTE | D33: 1 | E33: 1 | F33: =+F28 -> 2718000 | G33: =FM!C46 -> 2.02896 | H33: 8 | I33: =(F33*G33)*D33*E33*H33 -> 44117706
G34: SUBTOTAL COSTOS DE PERSONAL | I34: =SUM(I12:J33) -> 1.0068252e+09
C35: B. A.I.U
C36: A. | D36: % TOTAL ADMINISTRACIÓN MÁXIMO | H36: =ROUND(+I34/E6,4) -> 0.2626 | I36: =+I34 -> 1.0068252e+09
C38: B. | D38: IMPREVISTOS | H38: 0.01 | I38: =+H38*E6 -> 38346409
C40: C. | D40: UTILIDAD | H40: 0.05 | I40: =+H40*E6 -> 1.9173204e+08
D42: MÁXIMO TOTAL A.I.U. (Administración, Imprevistos y Utilidad) | H42: =SUM(H36:H41) -> 0.3226 | I42: =SUM(I36:I41) -> 1.2369037e+09

Sheet FM
A1: FACTOR MULTIPLICADOR OBRA | F1: FACTOR MULTIPLICADOR CONSULTORIA
A2: SALARIOS | C2: 1 | F2: SALARIOS | H2: 1
A3: PRESTACIONES SOCIALES 1 | C3: =SUM(B4:B15) -> 0.5963 | F3: PRESTACIONES SOCIALES 1 | H3: =SUM(G4:G15) -> 0.5963
A4: Cesantía | B4: 0.0833 | F4: Cesantía | G4: 0.0833
A5: Intereses de Cesantías | B5: 0.01 | F5: Intereses de Cesantías | G5: 0.01
A6: Prima | B6: 0.0833 | F6: Prima | G6: 0.0833
A7: Vacaciones | B7: 0.0417 | F7: Vacaciones | G7: 0.0417
A8: Seguridad Social (salud) | B8: 0.085 | F8: Seguridad Social (salud) | G8: 0.085
A9: Seguridad Social (pensión) | B9: 0.12 | F9: Seguridad Social (pensión) | G9: 0.12
A10: Aseguradora de Riesgos Profesionales | B10: 0.0696 | F10: Aseguradora de Riesgos Profesionales | G10: 0.0696
A11: Subsidio Familiar | B11: 0.04 | F11: Subsidio Familiar | G11: 0.04
A12: ICBF | B12: 0.03 | F12: ICBF | G12: 0.03
A13: SENA | B13: 0.02 | F13: SENA | G13: 0.02
A14: Subsidio de Transporte | B14: 0.0046 | F14: Subsidio de Transporte | G14: 0.0046
A15: Dotación | B15: 0.0088 | F15: Dotación | G15: 0.0088
A16: COSTOS DIRECTOS 2 | C16: =SUM(B17:B32) -> 0.305 | F16: COSTOS DIRECTOS 2 | H16: =SUM(G17:G30) -> 0.16
A17: Servicios públicos de campamento y obra | B17: 0.03 | F17: Servicios públicos y oficina consultor | G17: 0.02
A18: Papelería oficina constructor | B18: 0.02 | F18: Papelería oficina consultor | G18: 0.01
A19: Personal administrativo no facturado | B19: 0.02 | F19: Personal administrativo no facturado | G19: 0.01
A20: Personal profesional no facturado | B20: 0.02 | F20: Personal profesional no facturado | G20: 0.02
A21: Implementación y programa preventivo de protección recursos hídricos, fauna, especies verdes, manejo de vertimientos, etc. | B21: 0.01 | F21: Implementación y programa preventivo de protección recursos hídricos, fauna, especies verdes, manejo de vertimientos, etc. | G21: 0
A22: Equipos de oficina y campamento | B22: 0.01 | F22: Equipos de oficina y campamento | G22: 0.01
A23: Equipos de plotter, escaneo y fotografía. Incluye impresiones | B23: 0.01 | F23: Equipos de plotter, escaneo y fotografía. Incluye impresiones | G23: 0.005
A24: Alquiler de vehículo y combustibles | B24: 0.03 | F24: Combustibles | G24: 0.02
A25: Papelería para entrega de Informes semanales, mensuales y finales en original (planos récord, manual de mantenimiento, Etc) y 2 copias en físico | B25: 0.01 | F25: Papelería para entrega de Informes semanales, mensuales y finales en original | G25: 0.005
A26: Alquiler de equipos de topografía y otros necesarios para control de niveles, etc. | B26: 0.02 | F26: Alquiler de equipos de topografía y otros necesarios para control de niveles, etc. | G26: 0.01
A27: Implementación y programa preventivo de salud en el trabajo y seguridad industrial, incluye Elementos de Protección Personal (EPP), capacitaciones, afiches, guías, manuales, señalización de obra y demás elementos que se requieran. | B27: 0.02 | F27: Implementación y programa preventivo de salud en el trabajo y seguridad industrial, incluye Elementos de Protección Personal (EPP), capacitaciones, afiches, guías, manuales, señalización de obra y demás elementos que se requieran. | G27: 0.01
A28: Aerofotografías, software de seguimiento CAD- BIM | B28: 0.01 | F28: Aerofotografías, software de seguimiento CAD- BIM | G28: 0.01
... A30: Trámite PMT e implementación con todos los requerimientos de seguridad, durante toda la ejecución de obra. Incluye personal requerido como paleteros y otros | B30: 0.035 | F30: Trámites y aprobaciones ante entidades por cada especialidad de diseños y obras terminadas Incluye acompañamientos, papelería, etc. | G30: 0.01
A31: Trámites y aprobaciones ante entidades por cada especialidad de diseños y obras terminadas Incluye acompañamientos, papelería, etc. | B31: 0.01 | F31: IMPUESTOS 3 | H31: =SUM(G32:G38) -> 0.13816
A32: Plan de gestión social. Incluye Alquiler de salones, Afiches, volantes, pendones, carteleras, papelería, refrigerios y todo lo necesario para la socialización del proyecto | B32: 0.03 | F32: Rete fuente | G32: 0.06
A33: IMPUESTOS 3 | C33: =SUM(B34:B40) -> 0.06966 | F33: Rete IVA | G33: 0.0285
A34: Rete fuente | B34: 0.02 | F34: Rete ICA | G34: 0.00866
A35: Rete IVA | B35: 0 | F35: Estampilla Universidad Distrital | G35: 0.011
A36: Rete ICA | B36: 0.00866 | F36: Estampilla Procultura | G36: 0.005
A37: Estampilla Universidad Distrital | B37: 0.011 | F37: Estampilla Proadulto mayor | G37: 0.02
A38: Estampilla Procultura | B38: 0.005 | F38: Estampilla 50 años Universidad Pedagógica | G38: 0.005
A39: Estampilla Proadulto mayor | B39: 0.02 | F39: PÓLIZAS Y GARANTÍAS 4 | H39: =+SUM(G40:G42) -> 0.048
A40: Estampilla 50 años Universidad Pedagógica | B40: 0.005 | F40: Cumplimiento | G40: 0.0094
A41: PÓLIZAS Y GARANTÍAS 4 | C41: =+SUM(B42:B45) -> 0.058 | F41: Salarios y prestaciones sociales | G41: 0.0086
A42: Cumplimiento | B42: 0.0094 | F42: Calidad del Servicio | G42: 0.03
A43: Salarios y prestaciones sociales | B43: 0.0086 | F43: OTROS | H43: =SUM(G44:G45) -> 0.06
A44: Estabilidad y Calidad de obra | B44: 0.03 | F44: Imprevistos | G44: 0.01
A45: Otras Polizas | B45: 0.01 | F45: Utilidad | G45: 0.05
A46: TOTAL FACTOR MULTIPLICADOR (1+2+3+4) | B46: =SUM(B4:B45) -> 1.02896 | C46: =SUM(C2:C44) -> 2.02896 | F46: TOTAL FACTOR MULTIPLICADOR (1+2+3+4) | G46: =SUM(G4:G45) -> 1.00246 | H46: =SUM(H2:H45) -> 2.00246
A47: Nota: Estos porcentajes y valores son indicativos.

Sheet INDEX ICOCIV
B4: Índice de Costos de la Construcción de Obras Civiles - ICOCIV
B5: A1. ICOCIV - Variación mensual, año corrido y anual del total Febrero 2025 | K5: Publicado DANE | L5: Polinómica grado 2
B6: Año | C6: Mes | D6: Índice | E6: Variación porcentual (%) | L6: ax^2+bx+c
E7: Mensual | F7: Año corrido | G7: Anual** | J7: x | K7: ICOCIV | L7: a | M7: -0.0049 | N7: b | O7: 1.005 | P7: c | Q7: 97.404
B8: 2021 | C8: Enero | D8: 100.89 | E8: 0.89 | F8: 0.89 | G8: - | J8: 1 | K8: =D8 -> 100.89
C9: Febrero | D9: 101.35 | E9: 0.46 | F9: 1.35 | G9: - | J9: 2 | K9: =D9 -> 101.35
C10: Marzo | D10: 101.796 | E10: 0.439 | F10: 1.796 | G10: - | J10: 3 | K10: =D10 -> 101.796
C11: Abril | D11: 102.339 | E11: 0.533 | F11: 2.339 | G11: - | J11: 4 | K11: =D11 -> 102.339
C12: Mayo | D12: 102.939 | E12: 0.587 | F12: 2.939 | G12: - | J12: 5 | K12: =D12 -> 102.939
C13: Junio | D13: 103.458 | E13: 0.504 | F13: 3.458 | G13: - | J13: 6 | K13: =D13 -> 103.458
C14: Julio | D14: 104.566 | E14: 1.071 | F14: 4.566 | G14: - | J14: 7 | K14: =D14 -> 104.566
C15: Agosto | D15: 104.819 | E15: 0.242 | F15: 4.819 | G15: - | J15: 8 | K15: =D15 -> 104.819
C16: Septiembre | D16: 104.806 | E16: -0.012 | F16: 4.806 | G16: - | J16: 9 | K16: =D16 -> 104.806
C17: Octubre | D17: 104.937 | E17: 0.125 | F17: 4.937 | G17: - | J17: 10 | K17: =D17 -> 104.937
C18: Noviembre | D18: 105.147 | E18: 0.199 | F18: 5.147 | G18: - | J18: 11 | K18: =D18 -> 105.147
C19: Diciembre | D19: 105.558 | E19: 0.392 | F19: 5.558 | G19: - | J19: 12 | K19: =D19 -> 105.558
B20: 2022 | C20: Enero | D20: 107.483 | E20: 1.823 | F20: 1.823 | G20: 6.537 | J20: 13 | K20: =D20 -> 107.483
C21: Febrero | D21: 108.948 | E21: 1.363 | F21: 3.211 | G21: 7.496 | J21: 14 | K21: =D21 -> 108.948
C22: Marzo | D22: 110.113 | E22: 1.075 | F22: 4.315 | G22: 8.171 | J22: 15 | K22: =D22 -> 110.113
C23: Abril | D23: 111.366 | E23: 1.138 | F23: 5.501 | G23: 8.821 | J23: 16 | K23: =D23 -> 111.366
C24: Mayo | D24: 112.369 | E24: 0.901 | F24: 6.452 | G24: 9.16 | J24: 17 | K24: =D24 -> 112.369
C25: Junio | D25: 112.625 | E25: 0.228 | F25: 6.694 | G25: 8.861 | J25: 18 | K25: =D25 -> 112.625
C26: Julio | D26: 113.883 | E26: 1.117 | F26: 7.886 | G26: 8.91 | J26: 19 | K26: =D26 -> 113.883
C27: Agosto | D27: 114.109 | E27: 0.198 | F27: 8.1 | G27: 8.863 | J27: 20 | K27: =D27 -> 114.109
C28: Septiembre | D28: 114.258 | E28: 0.131 | F28: 8.241 | G28: 9.018 | J28: 21 | K28: =D28 -> 114.258
C29: Octubre | D29: 115.491 | E29: 1.08 | F29: 9.41 | G29: 10.057 | J29: 22 | K29: =D29 -> 115.491
C30: Noviembre | D30: 115.914 | E30: 0.366 | F30: 9.81 | G30: 10.24 | J30: 23 | K30: =D30 -> 115.914
C31: Diciembre | D31: 115.826 | E31: -0.075 | F31: 9.727 | G31: 9.727 | J31: 24 | K31: =D31 -> 115.826
B32: 2023 | C32: Enero | D32: 121.591 | E32: 4.977 | F32: 4.977 | G32: 13.126 | J32: 25 | K32: =D32 -> 121.591
C33: Febrero | D33: 124.48 | E33: 2.38 | F33: 7.47 | G33: 14.26 | J33: 26 | K33: =D33 -> 124.48
C34: Marzo | D34: 125.08 | E34: 0.48 | F34: 7.99 | G34: 13.59 | J34: 27 | K34: =D34 -> 125.08
C35: Abril | D35: 125.67 | E35: 0.48 | F35: 8.5 | G35: 12.85 | J35: 28 | K35: =D35 -> 125.67
C36: Mayo | D36: 125.95 | E36: 0.22 | F36: 8.74 | G36: 12.09 | J36: 29 | K36: =D36 -> 125.95
C37: Junio | D37: 126.12 | E37: 0.14 | F37: 8.89 | G37: 11.99 | J37: 30 | K37: =D37 -> 126.12
C38: Julio | D38: 126.33 | E38: 0.17 | F38: 9.07 | G38: 10.93 | J38: 31 | K38: =D38 -> 126.33
C39: Agosto | D39: 126.22 | E39: -0.09 | F39: 8.97 | G39: 10.61 | J39: 32 | K39: =D39 -> 126.22
C40: Septiembre | D40: 126.3 | E40: 0.07 | F40: 9.05 | G40: 10.54 | J40: 33 | K40: =D40 -> 126.3
C41: Octubre | D41: 126.2 | E41: -0.08 | F41: 8.95 | G41: 9.27 | J41: 34 | K41: =D41 -> 126.2
C42: Noviembre | D42: 126.36 | E42: 0.13 | F42: 9.1 | G42: 9.01 | J42: 35 | K42: =D42 -> 126.36
C43: Diciembre | D43: 126.48 | E43: 0.09 | F43: 9.2 | G43: 9.2 | J43: 36 | K43: =D43 -> 126.48
B44: 2024 | C44: Enero | D44: 129.59 | E44: 2.46 | F44: 2.46 | G44: 6.58 | J44: 37 | K44: =D44 -> 129.59
C45: Febrero | D45: 131.14 | E45: 1.2 | F45: 3.69 | G45: 5.35 | J45: 38 | K45: =D45 -> 131.14
C46: Marzo | D46: 131.07 | E46: -0.06 | F46: 3.63 | G46: 4.79 | J46: 39 | K46: =D46 -> 131.07
C47: Abril | D47: 131.38 | E47: 0.24 | F47: 3.88 | G47: 4.54 | J47: 40 | K47: =D47 -> 131.38
C48: Mayo | D48: 131.81 | E48: 0.32 | F48: 4.21 | G48: 4.65 | J48: 41 | K48: =D48 -> 131.81
C49: Junio | D49: 131.35 | E49: -0.35 | F49: 3.85 | G49: 4.14 | J49: 42 | K49: =D49 -> 131.35
C50: Julio | D50: 131.05 | E50: -0.23 | F50: 3.61 | G50: 3.73 | J50: 43 | K50: =D50 -> 131.05
C51: Agosto | D51: 131.11 | E51: 0.05 | F51: 3.66 | G51: 3.88 | J51: 44 | K51: =D51 -> 131.11
C52: Septiembre | D52: 131.07 | E52: -0.03 | F52: 3.63 | G52: 3.77 | J52: 45 | K52: =D52 -> 131.07
C53: Octubre | D53: 131.28 | E53: 0.16 | F53: 3.8 | G53: 4.03 | J53: 46 | K53: =D53 -> 131.28
C54: Noviembre | D54: 131.23 | E54: -0.04 | F54: 3.76 | G54: 3.85 | J54: 47 | K54: =D54 -> 131.23
C55: Diciembre | D55: 131.25 | E55: 0.02 | F55: 3.78 | G55: 3.78 | J55: 48 | K55: =D55 -> 131.25
B56: 2025 | C56: Enero | D56: 133.73 | E56: 1.89 | F56: 1.89 | G56: 3.2 | J56: 49 | K56: =D56 -> 133.73
C57: Febrero | D57: 135.21 | E57: 1.1 | F57: 3.01 | G57: 3.1 | J57: 50 | K57: =D57 -> 135.21
C58: Marzo | D58: 136.23 | E58: 0.76 | F58: 3.79 | G58: 3.94 | J58: 51 | K58: =D58 -> 136.23
C59: Abril | D59: 136.49 | E59: 0.19 | F59: 3.99 | G59: 3.89 | J59: 52 | K59: =D59 -> 136.49
C60: Mayo | D60: 136.12 | E60: -0.27 | F60: 3.71 | G60: 3.28 | J60: 53 | K60: =D60 -> 136.12
C61: Junio | D61: 136.22 | E61: 0.07 | F61: 3.78 | G61: 3.71 | J61: 54 | K61: =D61 -> 136.22
C62: Julio | D62: 137 | E62: 0.57 | F62: 4.37 | G62: 4.54 | J62: 55 | K62: =D62 -> 137
C63: Agosto | D63: 137.12 | E63: 0.09 | F63: 4.47 | G63: 4.59 | J63: 56 | K63: =D63 -> 137.12
C64: Septiembre | D64: 136.86 | E64: -0.19 | F64: 4.27 | G64: 4.42 | J64: 57 | K64: =D64 -> 136.86
C65: Octubre | D65: 136.54 | E65: -0.23 | F65: 4.03 | G65: 4.01 | J65: 58 | K65: =D65 -> 136.54
C66: Noviembre | D66: 136.72 | E66: 0.13 | F66: 4.16 | G66: 4.18 | J66: 59 | K66: =D66 -> 136.72
C67: Diciembre | D67: 136.91 | E67: 0.14 | F67: 4.31 | G67: 4.31 | J67: 60 | K67: =D67 -> 136.91
B68: 2026 | C68: Enero | D68: 140.19 | E68: 2.4 | F68: 2.4 | G68: 4.83 | J68: 61 | K68: =D68 -> 140.19
C69: Febrero | D69: 141.94 | E69: 1.24 | F69: 3.67 | G69: 4.98 | J69: 62 | K69: =D69 -> 141.94
C70: Marzo | D70: 143.39 | E70: 1.02 | F70: 4.73 | G70: 5.25 | J70: 63 | K70: =D70 -> 143.39
C71: Abril | D71: 144.58 | E71: 0.83 | F71: 5.6 | G71: 5.92 | J71: 64 | K71: =D71 -> 144.58
C72: Mayo | D72: 144.63 | E72: 0.03 | F72: 5.64 | G72: 6.24 | J72: 65 | K72: =D72 -> 144.63
C73: Junio | D73: 145.22 | E73: 0.41 | F73: 6.07 | G73: 6.61 | J73: 66 | K73: =D73 -> 145.22 | L73: Proyectado SDHT
C74: Julio | D74: =L74 -> 142.7429 | E74: =((D74-D73)/D73)*100 -> -1.7057568 | F74: =F73+E74 -> 4.3642432 | G74: =((D74-D62)/D62)*100 -> 4.1918978 | J74: 67 | L74: =($M$7*J74^2)+($O$7*J74)+$Q$7 -> 142.7429
C75: Agosto | D75: =L75 -> 143.0864 | E75: =((D75-D74)/D74)*100 -> 0.24064244 | F75: =F74+E75 -> 4.6048857 | G75: =((D75-D63)/D63)*100 -> 4.3512252 | J75: 68 | L75: =($M$7*J75^2)+($O$7*J75)+$Q$7 -> 143.0864
C76: Septiembre | D76: =L76 -> 143.4201 | E76: =((D76-D75)/D75)*100 -> 0.23321574 | F76: =F75+E76 -> 4.8381014 | G76: =((D76-D64)/D64)*100 -> 4.7932924 | J76: 69 | L76: =($M$7*J76^2)+($O$7*J76)+$Q$7 -> 143.4201
C77: Octubre | D77: =L77 -> 143.744 | E77: =((D77-D76)/D76)*100 -> 0.22584003 | F77: =F76+E77 -> 5.0639414 | G77: =((D77-D65)/D65)*100 -> 5.2761096 | J77: 70 | L77: =($M$7*J77^2)+($O$7*J77)+$Q$7 -> 143.744
C78: Noviembre | D78: =L78 -> 144.0581 | E78: =((D78-D77)/D77)*100 -> 0.21851347 | F78: =F77+E78 -> 5.2824549 | G78: =((D78-D66)/D66)*100 -> 5.3672469 | J78: 71 | L78: =($M$7*J78^2)+($O$7*J78)+$Q$7 -> 144.0581
C79: Diciembre | D79: =L79 -> 144.3624 | E79: =((D79-D78)/D78)*100 -> 0.21123422 | F79: =F78+E79 -> 5.4936891 | G79: =((D79-D67)/D67)*100 -> 5.4432839 | J79: 72 | L79: =($M$7*J79^2)+($O$7*J79)+$Q$7 -> 144.3624
B80: 2027 | C80: Enero | D80: =L80 -> 144.6569 | E80: =((D80-D79)/D79)*100 -> 0.20400049 | F80: =E80 -> 0.20400049 | G80: =((D80-D68)/D68)*100 -> 3.1863186 | J80: 73 | L80: =($M$7*J80^2)+($O$7*J80)+$Q$7 -> 144.6569
C81: Febrero | D81: =L81 -> 144.9416 | E81: =((D81-D80)/D80)*100 -> 0.19681052 | F81: =F80+E81 -> 0.40081101 | G81: =((D81-D69)/D69)*100 -> 2.1146964 | J81: 74 | L81: =($M$7*J81^2)+($O$7*J81)+$Q$7 -> 144.9416
C82: Marzo | D82: =L82 -> 145.2165 | E82: =((D82-D81)/D81)*100 -> 0.1896626 | F82: =F81+E82 -> 0.5904736 | G82: =((D82-D70)/D70)*100 -> 1.2737987 | J82: 75 | L82: =($M$7*J82^2)+($O$7*J82)+$Q$7 -> 145.2165
C83: Abril | D83: =L83 -> 145.4816 | E83: =((D83-D82)/D82)*100 -> 0.18255501 | F83: =F82+E83 -> 0.77302862 | G83: =((D83-D71)/D71)*100 -> 0.62359939 | J83: 76 | L83: =($M$7*J83^2)+($O$7*J83)+$Q$7 -> 145.4816
C84: Mayo | D84: =L84 -> 145.7369 | E84: =((D84-D83)/D83)*100 -> 0.17548611 | F84: =F83+E84 -> 0.94851473 | G84: =((D84-D72)/D72)*100 -> 0.76533223 | J84: 77 | L84: =($M$7*J84^2)+($O$7*J84)+$Q$7 -> 145.7369 | R84: FACTOR DE INDEXACIÓN
C85: Junio | D85: =L85 -> 145.9824 | E85: =((D85-D84)/D84)*100 -> 0.16845425 | F85: =F84+E85 -> 1.116969 | G85: =((D85-D73)/D73)*100 -> 0.52499656 | J85: 78 | L85: =($M$7*J85^2)+($O$7*J85)+$Q$7 -> 145.9824 | R85: =ROUND(D85/D20,2) -> 1.36
C86: Julio | D86: =L86 -> 146.2181 | E86: =((D86-D85)/D85)*100 -> 0.16145782 | F86: =F85+E86 -> 1.2784268 | G86: =((D86-D74)/D74)*100 -> 2.4345869 | J86: 79 | L86: =($M$7*J86^2)+($O$7*J86)+$Q$7 -> 146.2181
C87: Agosto | D87: =L87 -> 146.444 | E87: =((D87-D86)/D86)*100 -> 0.15449524 | F87: =F86+E87 -> 1.432922 | G87: =((D87-D75)/D75)*100 -> 2.3465542 | J87: 80 | L87: =($M$7*J87^2)+($O$7*J87)+$Q$7 -> 146.444
C88: Septiembre | D88: =L88 -> 146.6601 | E88: =((D88-D87)/D87)*100 -> 0.14756494 | F88: =F87+E88 -> 1.580487 | G88: =((D88-D76)/D76)*100 -> 2.2590976 | J88: 81 | L88: =($M$7*J88^2)+($O$7*J88)+$Q$7 -> 146.6601
C89: Octubre | D89: =L89 -> 146.8664 | E89: =((D89-D88)/D88)*100 -> 0.14066539 | F89: =F88+E89 -> 1.7211524 | G89: =((D89-D77)/D77)*100 -> 2.172195 | J89: 82 | L89: =($M$7*J89^2)+($O$7*J89)+$Q$7 -> 146.8664
C90: Noviembre | D90: =L90 -> 147.0629 | E90: =((D90-D89)/D89)*100 -> 0.13379507 | F90: =F89+E90 -> 1.8549474 | G90: =((D90-D78)/D78)*100 -> 2.0858251 | J90: 83 | L90: =($M$7*J90^2)+($O$7*J90)+$Q$7 -> 147.0629
C91: Diciembre | D91: =L91 -> 147.2496 | E91: =((D91-D90)/D90)*100 -> 0.12695248 | F91: =F90+E91 -> 1.9818999 | G91: =((D91-D79)/D79)*100 -> 1.9999668 | J91: 84 | L91: =($M$7*J91^2)+($O$7*J91)+$Q$7 -> 147.2496

Sheet SALARIOS
A3: INDEXACIÓN SALARIOS
A4: # CATEGORIA | B4: Cargos Categorías Profesionales | C4: EXPERIENCIA | E4: PRECIOS DE REFERENCIA (IDU) 2026 TARIFA MES POR CATEGORÍA (NO INCLUYE FACTOR DE PRESTACIONES)
C5: General | D5: Especifica | E5: CODIGO | F5: TARIFA SIN PRESTACIONES 2025
A6: CATEGORIA 1 | B6: Funciones del Director o Especialista de Proyectos | C6: >= 12 años | D6: >=10 años | E6: 9107 | F6: 17387000
A7: CATEGORIA 2 | B7: Funciones del Director o Especialista de Proyectos | C7: >= 10 años | D7: >= 8 años | E7: 9108 | F7: 13251000
A8: CATEGORIA 3 | B8: Experiencia técnica y administrativa para Especialista de Proyectos | C8: >= 8 años | D8: >= 5 años | E8: 9109 | F8: 11183000
A9: CATEGORIA 4 | B9: Experiencia técnica y administrativa para esp} | C9: >= 6 años | D9: >= 4 años | E9: 9110 | F9: 9522000
A10: CATEGORIA 5 | B10: Experiencia técnica y administrativa para Residente de Proyectos | C10: >= 4 años | D10: >= 3 años | E10: 9111 | F10: 8589000
A11: CATEGORIA 6 | B11: Profesional | C11: >= 3 años | D11: >= 1 años | E11: 9112 | F11: 7659000
A12: CATEGORIA 7 | B12: Profesional | C12: >= 2 años | E12: 9113 | F12: 5791000
A13: CATEGORIA 8 | B13: Profesional técnio topógrado | C13: >= 2 años | E13: 9088 | F13: 3736000
A14: CATEGORIA 9 | B14: Personal auxiliar técnico | C14: >= 2 años | E14: 9098 | F14: 2316000
A15: CATEGORIA 10 | B15: Personal auxiliar técnico | C15: < 2 años | E15: 9099 | F15: 2018000
A16: CATEGORIA 11 | B16: PERSONAL AUXILIAR TÉCNICO | C16: >= 1 años | E16: 9100 | F16: 1750905
A17: CATEGORIA 12 | B17: PERSONAL TÉCNICO - INSPECTOR 1 | C17: >= 2 años | E17: 9093 | F17: 2718000
A20: 13418 | B20: EQUIPO DE TOPOGRAFÍA. ESTACION TOTAL, Precisión lineal ≤ (2 mm + 2 ppm x D), precisión angular ≤ 3". Alcance: con un prisma hasta 2000 metros en buenas condiciones. (Accesorios: Trípodes, bastones, prismas, cintas metálicas, baterías, entre otros). TARIFA MES | C20: MES | D20: 2215256 | K20: MES | L20: 3584000
A21: 9165 | B21: TARIFA MES - ALQUILER DE VEHICULO: CAMPERO, PICK-UP, CAMIONETA, CAMION O SIMILAR DE 1300cc A 2000cc DE CILINDRADA, MODELO 2026 A 2023. 100% DE LA TARIFA ESTABLECIDA. INCLUYE TODOS LOS COSTOS DE OPERACIÓN Y MANTENIMIENTO EXCEPTO EL SALARIO DEL CONDUCTOR | C21: MES | D21: 8778000 | K21: MES | L21: 3150000
K22: MES | L22: 3303000
K23: MES | L23: 2670000
K24: MES | L24: 3736000
K25: MES | L25: 3310000
K26: MES | L26: 2316000
K27: MES | L27: 4690453
K28: MES | L28: 3264239
K29: MES | L29: 2718000
K30: MES | L30: 2447000
K31: MES | L31: 3064000
K32: MES | L32: 3736000
K33: MES | L33: 3064000
... K49: JR | L49: 255300

Sheet CANTIDADES VALOR INICIAL
C3: SECRETARÍA DISTRITAL DEL HABITAT
C4: CUADRO CANTIDADES
C6: ÍTEM | D6: ACTIVIDAD | E6: UNIDAD | F6: CANTIDAD PENDIENTE EJECUCIÓN | G6: TOTAL CANTIDAD PENDIENTE POSITIVA | H6: VR. UNITARIO | I6: FACTOR DE INDEXACIÓN | J6: CIV 19004335 | M6: CIV 19004469 | P6: CIV 19004172 | S6: CIV 19004213 | V6: CIV 19004387 | Y6: CIV 19004130 | AB6: CIV 19004334 | AE6: CIV 19004131 | AH6: CIV 19004107
J7: CANTIDAD ACTA MODIFICACIÓN 3 | K7: CANTIDAD EJECUTADA (ACTA FINAL) CTO 987/21 | L7: CANTIDAD PENDIENTE EJECUCIÓN | M7: CANTIDAD ACTA MODIFICACIÓN 3 | N7: CANTIDAD EJECUTADA (ACTA FINAL) CTO 987/21 | O7: CANTIDAD PENDIENTE EJECUCIÓN | P7: CANTIDAD ACTA MODIFICACIÓN 3 | Q7: CANTIDAD EJECUTADA (ACTA FINAL) CTO 987/21 | R7: CANTIDAD PENDIENTE EJECUCIÓN | S7: CANTIDAD ACTA MODIFICACIÓN 3 | T7: CANTIDAD EJECUTADA (ACTA FINAL) CTO 987/21 | U7: CANTIDAD PENDIENTE EJECUCIÓN | V7: CANTIDAD ACTA MODIFICACIÓN 3 | W7: CANTIDAD EJECUTADA (ACTA FINAL) CTO 987/21 | X7: CANTIDAD PENDIENTE EJECUCIÓN | Y7: CANTIDAD ACTA MODIFICACIÓN 3 | Z7: CANTIDAD EJECUTADA (ACTA FINAL) CTO 987/21 | AA7: CANTIDAD PENDIENTE EJECUCIÓN | AB7: CANTIDAD ACTA MODIFICACIÓN 3 | AC7: CANTIDAD EJECUTADA (ACTA FINAL) CTO 987/21 | AD7: CANTIDAD PENDIENTE EJECUCIÓN | AE7: CANTIDAD ACTA MODIFICACIÓN 3 | AF7: CANTIDAD EJECUTADA (ACTA FINAL) CTO 987/21 | AG7: CANTIDAD PENDIENTE EJECUCIÓN | AH7: CANTIDAD OFERTA ECONÓMICA | AI7: CANTIDAD EJECUTADA (ACTA FINAL) CTO 987/21 | AJ7: CANTIDAD PENDIENTE EJECUCIÓN
C8: 1 | D8: PRELIMINARES
C9: 1.1 | D9: REPLANTEO GENERAL | E9: M2 | F9: =+IF(SUMIF($J$7:$AJ$7,$F$6,$J9:$AJ9)<0,0,SUMIF($J$7:$AJ$7,$F$6,$J9:$AJ9)) -> 0 | G9: =SUM(MAX(0,L9),MAX(0,O9),MAX(0,R9),MAX(0,U9),MAX(0,X9),MAX(0,AA9),MAX(0,AD9),MAX(0,AG9),MAX(0,AJ9)) -> 0.13 | H9: 606 | I9: =ROUND(H9*'INDEX ICOCIV'!$R$85,0) -> 824 | J9: 789.1 | K9: 789.6 | L9: =+ROUND(J9-K9,2) -> -0.5 | M9: 791.02 | N9: 791.02 | O9: =+ROUND(M9-N9,2) -> 0 | P9: 549.12 | Q9: 549 | R9: =+ROUND(P9-Q9,2) -> 0.12 | S9: 599.42 | T9: 599.42 | U9: =+ROUND(S9-T9,2) -> 0 | V9: 568.18 | W9: 568.17 | X9: =+ROUND(V9-W9,2) -> 0.01 | Y9: 519.84 | Z9: 519.84 | AA9: =+ROUND(Y9-Z9,2) -> 0 | AB9: 454.85 | AC9: 454.85 | AD9: =+ROUND(AB9-AC9,2) -> 0 | AE9: 491.5 | AF9: 491.5 | AG9: =+ROUND(AE9-AF9,2) -> 0 | AH9: 452.93 | AI9: 452.93 | AJ9: =+ROUND(AH9-AI9,2) -> 0
C10: 1.2 | D10: ALQUILER DE CERRAMIENTO TIPO 1: CONSTA DE SEÑALIZADORES TUBULARES PLÁSTICOS, TRIPLE CINTA PELIGRO CAL. 4, POLISOMBRA 65% PARA CERRAMIENTO. (INCLUYE INSTALACIÓN, MANTENIMIENTO Y DESINSTALACIÓN). | E10: ML/ME | F10: =+IF(SUMIF($J$7:$AJ$7,$F$6,$J10:$AJ10)<0,0,SUMIF($J$7:$AJ$7,$F$6,$J10:$AJ10)) -> 9539.34 | G10: =SUM(MAX(0,L10),MAX(0,O10),MAX(0,R10),MAX(0,U10),MAX(0,X10),MAX(0,AA10),MAX(0,AD10),MAX(0,AG10),MAX(0,AJ10)) -> 9539.34 | H10: 5490 | I10: =ROUND(H10*'INDEX ICOCIV'!$R$85,0) -> 7466 | J10: 1803.75 | K10: 1110 | L10: =+ROUND(J10-K10,2) -> 693.75 | M10: 2266 | N10: 1901.61 | O10: =+ROUND(M10-N10,2) -> 364.39 | P10: 2832.9 | Q10: 1618.8 | R10: =+ROUND(P10-Q10,2) -> 1214.1 | S10: 2958.2 | T10: 2113 | U10: =+ROUND(S10-T10,2) -> 845.2 | V10: 3117.9 | W10: 1654.88 | X10: =+ROUND(V10-W10,2) -> 1463.02 | Y10: 2912.4 | Z10: 1553.28 | AA10: =+ROUND(Y10-Z10,2) -> 1359.12 | AB10: 2707.8 | AC10: 1444.16 | AD10: =+ROUND(AB10-AC10,2) -> 1263.64 | AE10: 2349 | AF10: 1252.8 | AG10: =+ROUND(AE10-AF10,2) -> 1096.2 | AH10: 2324.85 | AI10: 1084.93 | AJ10: =+ROUND(AH10-AI10,2) -> 1239.92
C11: 1.3 | D11: VALLA ESPECIAL 6X3 (INSTALAC.) SOLO LÁMINA Y BANNER | E11: UN | F11: =+IF(SUMIF($J$7:$AJ$7,$F$6,$J11:$AJ11)<0,0,SUMIF($J$7:$AJ$7,$F$6,$J11:$AJ11)) -> 0 | G11: =SUM(MAX(0,L11),MAX(0,O11),MAX(0,R11),MAX(0,U11),MAX(0,X11),MAX(0,AA11),MAX(0,AD11),MAX(0,AG11),MAX(0,AJ11)) -> 0 | H11: 225895 | I11: =ROUND(H11*'INDEX ICOCIV'!$R$85,0) -> 307217 | J11: 1 | K11: 1 | L11: =+ROUND(J11-K11,2) -> 0 | M11: 0 | N11: 0 | O11: =+ROUND(M11-N11,2) -> 0 | P11: 1 | Q11: 1 | R11: =+ROUND(P11-Q11,2) -> 0 | S11: 1 | T11: 1 | U11: =+ROUND(S11-T11,2) -> 0 | V11: 0 | W11: 0 | X11: =+ROUND(V11-W11,2) -> 0 | Y11: 1 | Z11: 1 | AA11: =+ROUND(Y11-Z11,2) -> 0 | AB11: 0 | AC11: 0 | AD11: =+ROUND(AB11-AC11,2) -> 0 | AE11: 1 | AF11: 1 | AG11: =+ROUND(AE11-AF11,2) -> 0 | AH11: 1 | AI11: 1 | AJ11: =+ROUND(AH11-AI11,2) -> 0
C12: 2 | D12: REDES HIDROSANITARIAS
C13: 2.1 | D13: LOCALIZACION Y REPLANTEO PARA REDES | E13: ML | F13: =+IF(SUMIF($J$7:$AJ$7,$F$6,$J13:$AJ13)<0,0,SUMIF($J$7:$AJ$7,$F$6,$J13:$AJ13)) -> 974.6 | G13: =SUM(MAX(0,L13),MAX(0,O13),MAX(0,R13),MAX(0,U13),MAX(0,X13),MAX(0,AA13),MAX(0,AD13),MAX(0,AG13),MAX(0,AJ13)) -> 974.6 | H13: 1587 | I13: =ROUND(H13*'INDEX ICOCIV'!$R$85,0) -> 2158 | J13: 145.08 | K13: 0 | L13: =+ROUND(J13-K13,2) -> 145.08 | M13: 199.69 | N13: 153.35 | O13: =+ROUND(M13-N13,2) -> 46.34 | P13: 94 | Q13: 17.8 | R13: =+ROUND(P13-Q13,2) -> 76.2 | S13: 190.92 | T13: 121.02 | U13: =+ROUND(S13-T13,2) -> 69.9 | V13: 96.07 | W13: 36.07 | X13: =+ROUND(V13-W13,2) -> 60 | Y13: 221.75 | Z13: 47.63 | AA13: =+ROUND(Y13-Z13,2) -> 174.12 | AB13: 113.82 | AC13: 0 | AD13: =+ROUND(AB13-AC13,2) -> 113.82 | AE13: 147.45 | AF13: 0 | AG13: =+ROUND(AE13-AF13,2) -> 147.45 | AH13: 141.69 | AI13: 0 | AJ13: =+ROUND(AH13-AI13,2) -> 141.69
C14: 2.2 | D14: RELOCALIZACIÓN DE MEDIDOR DE ACUEDUCTO D= 1/2" (INCLUYE 1.0M TUBERÍA GALVANIZADA D= 1/2", SOLDADURA, CINTA DE TEFLON, Y REPOSICIÓN DE CAJILLA EN POLIPROPILENO DE ALTA RESISTENCIA CON TAPA, NO INCLUYE MEDIDOR.). | E14: UN | F14: =+IF(SUMIF($J$7:$AJ$7,$F$6,$J14:$AJ14)<0,0,SUMIF($J$7:$AJ$7,$F$6,$J14:$AJ14)) -> 147 | G14: =SUM(MAX(0,L14),MAX(0,O14),MAX(0,R14),MAX(0,U14),MAX(0,X14),MAX(0,AA14),MAX(0,AD14),MAX(0,AG14),MAX(0,AJ14)) -> 149 | H14: 211667 | I14: =ROUND(H14*'INDEX ICOCIV'!$R$85,0) -> 287867 | J14: 19 | K14: 19 | L14: =+ROUND(J14-K14,2) -> 0 | M14: 34 | N14: 34 | O14: =+ROUND(M14-N14,2) -> 0 | P14: 26 | Q14: 28 | R14: =+ROUND(P14-Q14,2) -> -2 | S14: 32 | T14: 0 | U14: =+ROUND(S14-T14,2) -> 32 | V14: 28 | W14: 0 | X14: =+ROUND(V14-W14,2) -> 28 | Y14: 23 | Z14: 0 | AA14: =+ROUND(Y14-Z14,2) -> 23 | AB14: 23 | AC14: 0 | AD14: =+ROUND(AB14-AC14,2) -> 23 | AE14: 22 | AF14: 0 | AG14: =+ROUND(AE14-AF14,2) -> 22 | AH14: 21 | AI14: 0 | AJ14: =+ROUND(AH14-AI14,2) -> 21
C15: 2.3 | D15: EXCAVACION MANUAL EN MATERIAL COMUN. INCLUYE CARGUE. | E15: M3 | F15: =+IF(SUMIF($J$7:$AJ$7,$F$6,$J15:$AJ15)<0,0,SUMIF($J$7:$AJ$7,$F$6,$J15:$AJ15)) -> 1251.36 | G15: =SUM(MAX(0,L15),MAX(0,O15),MAX(0,R15),MAX(0,U15),MAX(0,X15),MAX(0,AA15),MAX(0,AD15),MAX(0,AG15),MAX(0,AJ15)) -> 1282.86 | H15: 25927 | I15: =ROUND(H15*'INDEX ICOCIV'!$R$85,0) -> 35261 | J15: 311.05 | K15: 252.74 | L15: =+ROUND(J15-K15,2) -> 58.31 | M15: 217.69 | N15: 213.56 | O15: =+ROUND(M15-N15,2) -> 4.13 | P15: 373.14 | Q15: 303.52 | R15: =+ROUND(P15-Q15,2) -> 69.62 | S15: 305 | T15: 336.5 | U15: =+ROUND(S15-T15,2) -> -31.5 | V15: 276.15 | W15: 175.31 | X15: =+ROUND(V15-W15,2) -> 100.84 | Y15: 292.75 | Z15: 65.88 | AA15: =+ROUND(Y15-Z15,2) -> 226.87 | AB15: 321.35 | AC15: 78.21 | AD15: =+ROUND(AB15-AC15,2) -> 243.14 | AE15: 354.64 | AF15: 74.64 | AG15: =+ROUND(AE15-AF15,2) -> 280 | AH15: 356.61 | AI15: 56.66 | AJ15: =+ROUND(AH15-AI15,2) -> 299.95
C16: 2.4 | D16: TRANSPORTE Y DISPOSICION FINAL DE ESCOMBROS EN SITIO AUTORIZADO (DISTANCIA DE TRANSPORTE 21 KM). A DISTANCIA MAYOR DEL ACARREO LIBRE (90 M) EN SITIO AUTORIZADO POR LA ENTIDAD AMBIENTAL COMPETENTE. | E16: M3 | F16: =+IF(SUMIF($J$7:$AJ$7,$F$6,$J16:$AJ16)<0,0,SUMIF($J$7:$AJ$7,$F$6,$J16:$AJ16)) -> 2407.84 | G16: =SUM(MAX(0,L16),MAX(0,O16),MAX(0,R16),MAX(0,U16),MAX(0,X16),MAX(0,AA16),MAX(0,AD16),MAX(0,AG16),MAX(0,AJ16)) -> 2423.67 | H16: 26843 | I16: =ROUND(H16*'INDEX ICOCIV'!$R$85,0) -> 36506 | J16: 371.26 | K16: 314.4 | L16: =+ROUND(J16-K16,2) -> 56.86 | M16: 406.6 | N16: 351.949 | O16: =+ROUND(M16-N16,2) -> 54.65 | P16: 591.63 | Q16: 368.59 | R16: =+ROUND(P16-Q16,2) -> 223.04 | S16: 486.81 | T16: 502.64 | U16: =+ROUND(S16-T16,2) -> -15.83 | V16: 465.52 | W16: 227.914 | X16: =+ROUND(V16-W16,2) -> 237.61 | Y16: 635.82 | Z16: 79.06 | AA16: =+ROUND(Y16-Z16,2) -> 556.76 | AB16: 495.22 | AC16: 93.82 | AD16: =+ROUND(AB16-AC16,2) -> 401.4 | AE16: 553.05 | AF16: 79.02 | AG16: =+ROUND(AE16-AF16,2) -> 474.03 | AH16: 476.59 | AI16: 57.27 | AJ16: =+ROUND(AH16-AI16,2) -> 419.32
C17: 2.5 | D17: NIVELACIÓN DE POZO (HASTA RASANTE EN CONCRETO 3000 PSI HECHO EN OBRA, H=0.15M. INCLUYE SUMINISTRO Y CONSTRUCCIÓN) | E17: UN | F17: =+IF(SUMIF($J$7:$AJ$7,$F$6,$J17:$AJ17)<0,0,SUMIF($J$7:$AJ$7,$F$6,$J17:$AJ17)) -> 23 | G17: =SUM(MAX(0,L17),MAX(0,O17),MAX(0,R17),MAX(0,U17),MAX(0,X17),MAX(0,AA17),MAX(0,AD17),MAX(0,AG17),MAX(0,AJ17)) -> 23 | H17: 84326 | I17: =ROUND(H17*'INDEX ICOCIV'!$R$85,0) -> 114683 | J17: 1 | K17: 0 | L17: =+ROUND(J17-K17,2) -> 1 | M17: 2 | N17: 0 | O17: =+ROUND(M17-N17,2) -> 2 | P17: 3 | Q17: 0 | R17: =+ROUND(P17-Q17,2) -> 3 | S17: 3 | T17: 0 | U17: =+ROUND(S17-T17,2) -> 3 | V17: 2 | W17: 0 | X17: =+ROUND(V17-W17,2) -> 2 | Y17: 3 | Z17: 0 | AA17: =+ROUND(Y17-Z17,2) -> 3 | AB17: 2 | AC17: 0 | AD17: =+ROUND(AB17-AC17,2) -> 2 | AE17: 3 | AF17: 0 | AG17: =+ROUND(AE17-AF17,2) -> 3 | AH17: 4 | AI17: 0 | AJ17: =+ROUND(AH17-AI17,2) -> 4
C18: 2.6 | D18: RELLENO PARA REDES EN ARENA DE PEÑA (SUMINISTRO, EXTENDIDO, HUMEDECIMIENTO Y COMPACTACIÓN) | E18: M3 | F18: =+IF(SUMIF($J$7:$AJ$7,$F$6,$J18:$AJ18)<0,0,SUMIF($J$7:$AJ$7,$F$6,$J18:$AJ18)) -> 46.68 | G18: =SUM(MAX(0,L18),MAX(0,O18),MAX(0,R18),MAX(0,U18),MAX(0,X18),MAX(0,AA18),MAX(0,AD18),MAX(0,AG18),MAX(0,AJ18)) -> 48.07 | H18: 155234 | I18: =ROUND(H18*'INDEX ICOCIV'!$R$85,0) -> 211118 | J18: 4.73 | K18: 2.46 | L18: =+ROUND(J18-K18,2) -> 2.27 | M18: 4.14 | N18: 2.28 | O18: =+ROUND(M18-N18,2) -> 1.86 | P18: 12.48 | Q18: 13.87 | R18: =+ROUND(P18-Q18,2) -> -1.39 | S18: 4.57 | T18: 2.17 | U18: =+ROUND(S18-T18,2) -> 2.4 | V18: 10 | W18: 0 | X18: =+ROUND(V18-W18,2) -> 10 | Y18: 12.48 | Z18: 3.24 | AA18: =+ROUND(Y18-Z18,2) -> 9.24 | AB18: 12.15 | AC18: 3.24 | AD18: =+ROUND(AB18-AC18,2) -> 8.91 | AE18: 12.16 | AF18: 2.16 | AG18: =+ROUND(AE18-AF18,2) -> 10 | AH18: 3.39 | AI18: 0 | AJ18: =+ROUND(AH18-AI18,2) -> 3.39
C19: 2.7 | D19: RELLENO EN RECEBO COMUN (SUMINISTRO E INSTALACIÓN EXTENDIDO MANUAL, HUMEDECIMIENTO Y COMPACTACIÓN. INCLUYE TRANSPORTE) | E19: M3 | F19: =+IF(SUMIF($J$7:$AJ$7,$F$6,$J19:$AJ19)<0,0,SUMIF($J$7:$AJ$7,$F$6,$J19:$AJ19)) -> 556.15 | G19: =SUM(MAX(0,L19),MAX(0,O19),MAX(0,R19),MAX(0,U19),MAX(0,X19),MAX(0,AA19),MAX(0,AD19),MAX(0,AG19),MAX(0,AJ19)) -> 556.15 | H19: 61292 | I19: =ROUND(H19*'INDEX ICOCIV'!$R$85,0) -> 83357 | J19: 0 | K19: 0 | L19: =+ROUND(J19-K19,2) -> 0 | M19: 73.08 | N19: 73.08 | O19: =+ROUND(M19-N19,2) -> 0 | P19: 98.56 | Q19: 8.56 | R19: =+ROUND(P19-Q19,2) -> 90 | S19: 98.21 | T19: 33.31 | U19: =+ROUND(S19-T19,2) -> 64.9 | V19: 78.7 | W19: 0 | X19: =+ROUND(V19-W19,2) -> 78.7 | Y19: 89.57 | Z19: 0 | AA19: =+ROUND(Y19-Z19,2) -> 89.57 | AB19: 84.24 | AC19: 0 | AD19: =+ROUND(AB19-AC19,2) -> 84.24 | AE19: 75.85 | AF19: 0 | AG19: =+ROUND(AE19-AF19,2) -> 75.85 | AH19: 72.89 | AI19: 0 | AJ19: =+ROUND(AH19-AI19,2) -> 72.89
C20: 2.8 | D20: TUBERIA PVC U.M. EXT CORRUGADO/INT LISO U.M. NORMA NTC 3722-1 D=4" (INCLUYE SUMINISTRO E INSTALACIÓN) | E20: ML | F20: =+IF(SUMIF($J$7:$AJ$7,$F$6,$J20:$AJ20)<0,0,SUMIF($J$7:$AJ$7,$F$6,$J20:$AJ20)) -> 0 | G20: =SUM(MAX(0,L20),MAX(0,O20),MAX(0,R20),MAX(0,U20),MAX(0,X20),MAX(0,AA20),MAX(0,AD20),MAX(0,AG20),MAX(0,AJ20)) -> 0 | H20: 22529 | I20: =ROUND(H20*'INDEX ICOCIV'!$R$85,0) -> 30639 | J20: 0 | K20: 0 | L20: =+ROUND(J20-K20,2) -> 0 | M20: 0 | N20: 0 | O20: =+ROUND(M20-N20,2) -> 0 | P20: 0 | Q20: 0 | R20: =+ROUND(P20-Q20,2) -> 0 | S20: 0 | T20: 0 | U20: =+ROUND(S20-T20,2) -> 0 | V20: 0 | W20: 0 | X20: =+ROUND(V20-W20,2) -> 0 | Y20: 0 | Z20: 0 | AA20: =+ROUND(Y20-Z20,2) -> 0 | AB20: 0 | AC20: 0 | AD20: =+ROUND(AB20-AC20,2) -> 0 | AE20: 0 | AF20: 0 | AG20: =+ROUND(AE20-AF20,2) -> 0 | AH20: 0 | AI20: 0 | AJ20: =+ROUND(AH20-AI20,2) -> 0
C21: 2.9 | D21: TUBERIA PVC U.M. EXT CORRUGADO/INT LISO U.M. NORMA NTC 3722-1 D=6" (INCLUYE SUMINISTRO E INSTALACIÓN) | E21: ML | F21: =+IF(SUMIF($J$7:$AJ$7,$F$6,$J21:$AJ21)<0,0,SUMIF($J$7:$AJ$7,$F$6,$J21:$AJ21)) -> 356.87 | G21: =SUM(MAX(0,L21),MAX(0,O21),MAX(0,R21),MAX(0,U21),MAX(0,X21),MAX(0,AA21),MAX(0,AD21),MAX(0,AG21),MAX(0,AJ21)) -> 356.87 | H21: 29592 | I21: =ROUND(H21*'INDEX ICOCIV'!$R$85,0) -> 40245 | J21: 4 | K21: 4 | L21: =+ROUND(J21-K21,2) -> 0 | M21: 126.39 | N21: 126.39 | O21: =+ROUND(M21-N21,2) -> 0 | P21: 17.8 | Q21: 17.8 | R21: =+ROUND(P21-Q21,2) -> 0 | S21: 101.05 | T21: 91.05 | U21: =+ROUND(S21-T21,2) -> 10 | V21: 15 | W21: 0 | X21: =+ROUND(V21-W21,2) -> 15 | Y21: 92.16 | Z21: 0 | AA21: =+ROUND(Y21-Z21,2) -> 92.16 | AB21: 86.67 | AC21: 0 | AD21: =+ROUND(AB21-AC21,2) -> 86.67 | AE21: 78.04 | AF21: 0 | AG21: =+ROUND(AE21-AF21,2) -> 78.04 | AH21: 75 | AI21: 0 | AJ21: =+ROUND(AH21-AI21,2) -> 75
C22: 2.10 | D22: TUBERIA PVC U.M. EXT CORRUGADO/INT LISO U.M. NORMA NTC 3722-1 D=8" (INCLUYE SUMINISTRO E INSTALACIÓN) | E22: ML | F22: =+IF(SUMIF($J$7:$AJ$7,$F$6,$J22:$AJ22)<0,0,SUMIF($J$7:$AJ$7,$F$6,$J22:$AJ22)) -> 5.31 | G22: =SUM(MAX(0,L22),MAX(0,O22),MAX(0,R22),MAX(0,U22),MAX(0,X22),MAX(0,AA22),MAX(0,AD22),MAX(0,AG22),MAX(0,AJ22)) -> 5.31 | H22: 41968 | I22: =ROUND(H22*'INDEX ICOCIV'!$R$85,0) -> 57076 | J22: 0 | K22: 0 | L22: =+ROUND(J22-K22,2) -> 0 | M22: 0 | N22: 0 | O22: =+ROUND(M22-N22,2) -> 0 | P22: 0 | Q22: 0 | R22: =+ROUND(P22-Q22,2) -> 0 | S22: 3 | T22: 3 | U22: =+ROUND(S22-T22,2) -> 0 | V22: 0 | W22: 0 | X22: =+ROUND(V22-W22,2) -> 0 | Y22: 2.74 | Z22: 0 | AA22: =+ROUND(Y22-Z22,2) -> 2.74 | AB22: 2.57 | AC22: 0 | AD22: =+ROUND(AB22-AC22,2) -> 2.57 | AE22: 0 | AF22: 0 | AG22: =+ROUND(AE22-AF22,2) -> 0 | AH22: 0 | AI22: 0 | AJ22: =+ROUND(AH22-AI22,2) -> 0
C23: 2.11 | D23: TUBERIA PVC U.M. EXT CORRUGADO/INT LISO U.M. NORMA NTC 3722-1 D=10" (INCLUYE SUMINISTRO E INSTALACIÓN) | E23: ML | F23: =+IF(SUMIF($J$7:$AJ$7,$F$6,$J23:$AJ23)<0,0,SUMIF($J$7:$AJ$7,$F$6,$J23:$AJ23)) -> 0 | G23: =SUM(MAX(0,L23),MAX(0,O23),MAX(0,R23),MAX(0,U23),MAX(0,X23),MAX(0,AA23),MAX(0,AD23),MAX(0,AG23),MAX(0,AJ23)) -> 0 | H23: 61786 | I23: =ROUND(H23*'INDEX ICOCIV'!$R$85,0) -> 84029 | J23: 0 | K23: 0 | L23: =+ROUND(J23-K23,2) -> 0 | M23: 0 | N23: 0 | O23: =+ROUND(M23-N23,2) -> 0 | P23: 0 | Q23: 0 | R23: =+ROUND(P23-Q23,2) -> 0 | S23: 0 | T23: 0 | U23: =+ROUND(S23-T23,2) -> 0 | V23: 0 | W23: 0 | X23: =+ROUND(V23-W23,2) -> 0 | Y23: 0 | Z23: 0 | AA23: =+ROUND(Y23-Z23,2) -> 0 | AB23: 0 | AC23: 0 | AD23: =+ROUND(AB23-AC23,2) -> 0 | AE23: 0 | AF23: 0 | AG23: =+ROUND(AE23-AF23,2) -> 0 | AH23: 0 | AI23: 0 | AJ23: =+ROUND(AH23-AI23,2) -> 0
C24: 2.12 | D24: TUBERIA PVC U.M. EXT CORRUGADO/INT LISO U.M. NORMA NTC 3722-1 D=12" (INCLUYE SUMINISTRO E INSTALACIÓN) | E24: ML | F24: =+IF(SUMIF($J$7:$AJ$7,$F$6,$J24:$AJ24)<0,0,SUMIF($J$7:$AJ$7,$F$6,$J24:$AJ24)) -> 0 | G24: =SUM(MAX(0,L24),MAX(0,O24),MAX(0,R24),MAX(0,U24),MAX(0,X24),MAX(0,AA24),MAX(0,AD24),MAX(0,AG24),MAX(0,AJ24)) -> 0 | H24: 88692 | I24: =ROUND(H24*'INDEX ICOCIV'!$R$85,0) -> 120621 | J24: 0 | K24: 0 | L24: =+ROUND(J24-K24,2) -> 0 | M24: 0 | N24: 0 | O24: =+ROUND(M24-N24,2) -> 0 | P24: 0 | Q24: 0 | R24: =+ROUND(P24-Q24,2) -> 0 | S24: 0 | T24: 0 | U24: =+ROUND(S24-T24,2) -> 0 | V24: 0 | W24: 0 | X24: =+ROUND(V24-W24,2) -> 0 | Y24: 0 | Z24: 0 | AA24: =+ROUND(Y24-Z24,2) -> 0 | AB24: 0 | AC24: 0 | AD24: =+ROUND(AB24-AC24,2) -> 0 | AE24: 0 | AF24: 0 | AG24: =+ROUND(AE24-AF24,2) -> 0 | AH24: 0 | AI24: 0 | AJ24: =+ROUND(AH24-AI24,2) -> 0
... C51: 2.39 | D51: CAJA DE PASO 0.30X0.30 | E51: UN | F51: =+IF(SUMIF($J$7:$AJ$7,$F$6,$J51:$AJ51)<0,0,SUMIF($J$7:$AJ$7,$F$6,$J51:$AJ51)) -> 0 | G51: =SUM(MAX(0,L51),MAX(0,O51),MAX(0,R51),MAX(0,U51),MAX(0,X51),MAX(0,AA51),MAX(0,AD51),MAX(0,AG51),MAX(0,AJ51)) -> 0 | H51: 153756 | I51: =ROUND(H51*'INDEX ICOCIV'!$R$85,0) -> 209108 | J51: 0 | K51: 0 | L51: =+ROUND(J51-K51,2) -> 0 | M51: 0 | N51: 0 | O51: =+ROUND(M51-N51,2) -> 0 | P51: 0 | Q51: 0 | R51: =+ROUND(P51-Q51,2) -> 0 | S51: 0 | T51: 0 | U51: =+ROUND(S51-T51,2) -> 0 | V51: 0 | W51: 0 | X51: =+ROUND(V51-W51,2) -> 0 | Y51: 0 | Z51: 0 | AA51: =+ROUND(Y51-Z51,2) -> 0 | AB51: 0 | AC51: 0 | AD51: =+ROUND(AB51-AC51,2) -> 0 | AE51: 0 | AF51: 0 | AG51: =+ROUND(AE51-AF51,2) -> 0 | AH51: 0 | AI51: 0 | AJ51: =+ROUND(AH51-AI51,2) -> 0
C52: 2.40 | D52: SUMIDERO LATERAL SL-100, H=1.25M (FUNDIDO EN SITIO, CONCRETO PREMEZCLADO. INCL. SUMIN, FORM, REF. Y CONSTR. INCL. TAPA) | E52: UN | F52: =+IF(SUMIF($J$7:$AJ$7,$F$6,$J52:$AJ52)<0,0,SUMIF($J$7:$AJ$7,$F$6,$J52:$AJ52)) -> 0 | G52: =SUM(MAX(0,L52),MAX(0,O52),MAX(0,R52),MAX(0,U52),MAX(0,X52),MAX(0,AA52),MAX(0,AD52),MAX(0,AG52),MAX(0,AJ52)) -> 0 | H52: 1558922 | I52: =ROUND(H52*'INDEX ICOCIV'!$R$85,0) -> 2120134 | J52: 0 | K52: 0 | L52: =+ROUND(J52-K52,2) -> 0 | M52: 0 | N52: 0 | O52: =+ROUND(M52-N52,2) -> 0 | P52: 0 | Q52: 0 | R52: =+ROUND(P52-Q52,2) -> 0 | T52: 0 | U52: =+ROUND(S52-T52,2) -> 0 | V52: 0 | W52: 0 | X52: =+ROUND(V52-W52,2) -> 0 | Y52: 0 | Z52: 0 | AA52: =+ROUND(Y52-Z52,2) -> 0 | AB52: 0 | AC52: 0 | AD52: =+ROUND(AB52-AC52,2) -> 0 | AE52: 0 | AF52: 0 | AG52: =+ROUND(AE52-AF52,2) -> 0 | AH52: 0 | AI52: 0 | AJ52: =+ROUND(AH52-AI52,2) -> 0
C53: 2.41 | D53: RECONSTRUCCIÓN DOMICILIARIA ALCANTARILLADO ** | E53: UN | F53: =+IF(SUMIF($J$7:$AJ$7,$F$6,$J53:$AJ53)<0,0,SUMIF($J$7:$AJ$7,$F$6,$J53:$AJ53)) -> 12 | G53: =SUM(MAX(0,L53),MAX(0,O53),MAX(0,R53),MAX(0,U53),MAX(0,X53),MAX(0,AA53),MAX(0,AD53),MAX(0,AG53),MAX(0,AJ53)) -> 19 | H53: 146768 | I53: =ROUND(H53*'INDEX ICOCIV'!$R$85,0) -> 199604 | J53: 17 | K53: 17 | L53: =+ROUND(J53-K53,2) -> 0 | M53: 35 | N53: 34 | O53: =+ROUND(M53-N53,2) -> 1 | P53: 33 | Q53: 26 | R53: =+ROUND(P53-Q53,2) -> 7 | S53: 33 | T53: 29 | U53: =+ROUND(S53-T53,2) -> 4 | V53: 21 | W53: 28 | X53: =+ROUND(V53-W53,2) -> -7 | Y53: 22 | Z53: 22 | AA53: =+ROUND(Y53-Z53,2) -> 0 | AB53: 25 | AC53: 24 | AD53: =+ROUND(AB53-AC53,2) -> 1 | AE53: 19 | AF53: 19 | AG53: =+ROUND(AE53-AF53,2) -> 0 | AH53: 20 | AI53: 14 | AJ53: =+ROUND(AH53-AI53,2) -> 6
C54: 2.42 | D54: RECONSTRUCCIÓN ACOMETIDA ACUEDUCTO ** | E54: UN | F54: =+IF(SUMIF($J$7:$AJ$7,$F$6,$J54:$AJ54)<0,0,SUMIF($J$7:$AJ$7,$F$6,$J54:$AJ54)) -> 0 | G54: =SUM(MAX(0,L54),MAX(0,O54),MAX(0,R54),MAX(0,U54),MAX(0,X54),MAX(0,AA54),MAX(0,AD54),MAX(0,AG54),MAX(0,AJ54)) -> 14 | H54: 149314 | I54: =ROUND(H54*'INDEX ICOCIV'!$R$85,0) -> 203067 | J54: 3 | K54: 0 | L54: =+ROUND(J54-K54,2) -> 3 | M54: 35 | N54: 34 | O54: =+ROUND(M54-N54,2) -> 1 | P54: 10 | Q54: 26 | R54: =+ROUND(P54-Q54,2) -> -16 | S54: 33 | T54: 29 | U54: =+ROUND(S54-T54,2) -> 4 | V54: 8 | W54: 10 | X54: =+ROUND(V54-W54,2) -> -2 | Y54: 10 | Z54: 22 | AA54: =+ROUND(Y54-Z54,2) -> -12 | AB54: 10 | AC54: 24 | AD54: =+ROUND(AB54-AC54,2) -> -14 | AE54: 10 | AF54: 19 | AG54: =+ROUND(AE54-AF54,2) -> -9 | AH54: 20 | AI54: 14 | AJ54: =+ROUND(AH54-AI54,2) -> 6
C55: 3 | D55: ESTRUCTURA DE ESPACIO PUBLICO | AI55: 0
C56: 3.1 | D56: CONSTRUCCION DE PAVIMENTO 039 KG/CM2 GRAVA1" 28DÍAS AS13CM (5") DE COLOR (CONVENCIONAL, ROJO, AMARILLO, MARRON, AZUL INCLUYE CORTE, SELLO Y AMPLIACION DE JUNTA) | E56: M3 | F56: =+IF(SUMIF($J$7:$AJ$7,$F$6,$J56:$AJ56)<0,0,SUMIF($J$7:$AJ$7,$F$6,$J56:$AJ56)) -> 505.57 | G56: =SUM(MAX(0,L56),MAX(0,O56),MAX(0,R56),MAX(0,U56),MAX(0,X56),MAX(0,AA56),MAX(0,AD56),MAX(0,AG56),MAX(0,AJ56)) -> 505.57 | H56: 534417 | I56: =ROUND(H56*'INDEX ICOCIV'!$R$85,0) -> 726807 | J56: 74.09 | K56: 40.79 | L56: =+ROUND(J56-K56,2) -> 33.3 | M56: 90.32 | N56: 88.7 | O56: =+ROUND(M56-N56,2) -> 1.62 | P56: 90.85 | Q56: 43.21 | R56: =+ROUND(P56-Q56,2) -> 47.64 | S56: 97.5 | T56: 0 | U56: =+ROUND(S56-T56,2) -> 97.5 | V56: 80.6 | W56: 0 | X56: =+ROUND(V56-W56,2) -> 80.6 | Y56: 0 | Z56: 0 | AA56: =+ROUND(Y56-Z56,2) -> 0 | AB56: 83.63 | AC56: 0 | AD56: =+ROUND(AB56-AC56,2) -> 83.63 | AE56: 88.92 | AF56: 0 | AG56: =+ROUND(AE56-AF56,2) -> 88.92 | AH56: 72.36 | AI56: 0 | AJ56: =+ROUND(AH56-AI56,2) -> 72.36
C57: 3.2 | D57: TRANSPORTE Y DISPOSICION FINAL DE ESCOMBROS EN SITIO AUTORIZADO (DISTANCIA DE TRANSPORTE 28 KM) INCLUYE DERECHO A ESCOMBRERA | E57: M3 | F57: =+IF(SUMIF($J$7:$AJ$7,$F$6,$J57:$AJ57)<0,0,SUMIF($J$7:$AJ$7,$F$6,$J57:$AJ57)) -> 1203.34 | G57: =SUM(MAX(0,L57),MAX(0,O57),MAX(0,R57),MAX(0,U57),MAX(0,X57),MAX(0,AA57),MAX(0,AD57),MAX(0,AG57),MAX(0,AJ57)) -> 1257.17 | H57: 28438 | I57: =ROUND(H57*'INDEX ICOCIV'!$R$85,0) -> 38676 | J57: 162.5 | K57: 176.57 | L57: =+ROUND(J57-K57,2) -> -14.07 | M57: 146.04 | N57: 185.796 | O57: =+ROUND(M57-N57,2) -> -39.76 | P57: 234.33 | Q57: 71.79 | R57: =+ROUND(P57-Q57,2) -> 162.54 | S57: 392.03 | T57: 306.81 | U57: =+ROUND(S57-T57,2) -> 85.22 | V57: 227.53 | W57: 0 | X57: =+ROUND(V57-W57,2) -> 227.53 | Y57: 213.37 | Z57: 0 | AA57: =+ROUND(Y57-Z57,2) -> 213.37 | AB57: 206.25 | AC57: 0 | AD57: =+ROUND(AB57-AC57,2) -> 206.25 | AE57: 216.24 | AF57: 0 | AG57: =+ROUND(AE57-AF57,2) -> 216.24 | AH57: 193.41 | AI57: 47.39 | AJ57: =+ROUND(AH57-AI57,2) -> 146.02
C58: 3.3 | D58: HUMEDECIMIENTO, NIVELACION Y COMPACTACION CON VIBROCOMPACTADOR DE LA SUB RASANTE | E58: M2 | F58: =+IF(SUMIF($J$7:$AJ$7,$F$6,$J58:$AJ58)<0,0,SUMIF($J$7:$AJ$7,$F$6,$J58:$AJ58)) -> 346.71 | G58: =SUM(MAX(0,L58),MAX(0,O58),MAX(0,R58),MAX(0,U58),MAX(0,X58),MAX(0,AA58),MAX(0,AD58),MAX(0,AG58),MAX(0,AJ58)) -> 964.41 | H58: 15709 | I58: =ROUND(H58*'INDEX ICOCIV'!$R$85,0) -> 21364 | J58: 160.41 | K58: 158.07 | L58: =+ROUND(J58-K58,2) -> 2.34 | M58: 420 | N58: 508.44 | O58: =+ROUND(M58-N58,2) -> -88.44 | P58: 157.75 | Q58: 213.96 | R58: =+ROUND(P58-Q58,2) -> -56.21 | S58: 126.37 | T58: 599.42 | U58: =+ROUND(S58-T58,2) -> -473.05 | V58: 409.79 | W58: 0 | X58: =+ROUND(V58-W58,2) -> 409.79 | Y58: 175.25 | Z58: 0 | AA58: =+ROUND(Y58-Z58,2) -> 175.25 | AB58: 153.39 | AC58: 0 | AD58: =+ROUND(AB58-AC58,2) -> 153.39 | AE58: 115.25 | AF58: 0 | AG58: =+ROUND(AE58-AF58,2) -> 115.25 | AH58: 108.39 | AI58: 0 | AJ58: =+ROUND(AH58-AI58,2) -> 108.39
C59: 3.4 | D59: SUBBASE GRANULAR CLASE A (SBG_A) ESTABILIZADA CON CEMENTO AL 4% (SUMINISTRO, EXTENDIDO, NIVELACIÓN, HUMEDECIMIENTO Y COMPACTACIÓN CON VIBROCOMPACTADOR) DISTANCIA DE TRANSPORTE 28 KM | E59: M3 | F59: =+IF(SUMIF($J$7:$AJ$7,$F$6,$J59:$AJ59)<0,0,SUMIF($J$7:$AJ$7,$F$6,$J59:$AJ59)) -> 996.42 | G59: =SUM(MAX(0,L59),MAX(0,O59),MAX(0,R59),MAX(0,U59),MAX(0,X59),MAX(0,AA59),MAX(0,AD59),MAX(0,AG59),MAX(0,AJ59)) -> 996.42 | H59: 135961 | I59: =ROUND(H59*'INDEX ICOCIV'!$R$85,0) -> 184907 | J59: 103.52 | K59: 26.95 | L59: =+ROUND(J59-K59,2) -> 76.57 | M59: 163.26 | N59: 44.76 | O59: =+ROUND(M59-N59,2) -> 118.5 | P59: 122.65 | Q59: 64.5 | R59: =+ROUND(P59-Q59,2) -> 58.15 | S59: 131.63 | T59: 0 | U59: =+ROUND(S59-T59,2) -> 131.63 | V59: 145.69 | W59: 0 | X59: =+ROUND(V59-W59,2) -> 145.69 | Y59: 120.04 | Z59: 0 | AA59: =+ROUND(Y59-Z59,2) -> 120.04 | AB59: 112.9 | AC59: 0 | AD59: =+ROUND(AB59-AC59,2) -> 112.9 | AE59: 120.04 | AF59: 0 | AG59: =+ROUND(AE59-AF59,2) -> 120.04 | AH59: 112.9 | AI59: 0 | AJ59: =+ROUND(AH59-AI59,2) -> 112.9
C60: 3.5 | D60: CURADO DE LOSAS DE CONCRETO (SUMINISTRO Y APLICACIÓN) | E60: M2 | F60: =+IF(SUMIF($J$7:$AJ$7,$F$6,$J60:$AJ60)<0,0,SUMIF($J$7:$AJ$7,$F$6,$J60:$AJ60)) -> 3728.2 | G60: =SUM(MAX(0,L60),MAX(0,O60),MAX(0,R60),MAX(0,U60),MAX(0,X60),MAX(0,AA60),MAX(0,AD60),MAX(0,AG60),MAX(0,AJ60)) -> 3728.2 | H60: 1533 | I60: =ROUND(H60*'INDEX ICOCIV'!$R$85,0) -> 2085 | J60: 417.68 | K60: 296.9 | L60: =+ROUND(J60-K60,2) -> 120.78 | M60: 791.03 | N60: 610.89 | O60: =+ROUND(M60-N60,2) -> 180.14 | P60: 512.18 | Q60: 285.91 | R60: =+ROUND(P60-Q60,2) -> 226.27 | S60: 549.66 | T60: 0 | U60: =+ROUND(S60-T60,2) -> 549.66 | V60: 705.89 | W60: 0 | X60: =+ROUND(V60-W60,2) -> 705.89 | Y60: 501.28 | Z60: 0 | AA60: =+ROUND(Y60-Z60,2) -> 501.28 | AB60: 471.45 | AC60: 0 | AD60: =+ROUND(AB60-AC60,2) -> 471.45 | AE60: 501.28 | AF60: 0 | AG60: =+ROUND(AE60-AF60,2) -> 501.28 | AH60: 471.45 | AI60: 0 | AJ60: =+ROUND(AH60-AI60,2) -> 471.45
C61: 3.6 | D61: IMPRIMACIÓN CON EMULSIÓN ASFÁLTICA CRL-1 (INCLUYE SUMINISTRO, BARRIDO DE SUPERFICIE Y RIEGO). | E61: M2 | F61: =+IF(SUMIF($J$7:$AJ$7,$F$6,$J61:$AJ61)<0,0,SUMIF($J$7:$AJ$7,$F$6,$J61:$AJ61)) -> 0 | G61: =SUM(MAX(0,L61),MAX(0,O61),MAX(0,R61),MAX(0,U61),MAX(0,X61),MAX(0,AA61),MAX(0,AD61),MAX(0,AG61),MAX(0,AJ61)) -> 0 | H61: 1750 | I61: =ROUND(H61*'INDEX ICOCIV'!$R$85,0) -> 2380 | J61: 0 | K61: 0 | L61: =+ROUND(J61-K61,2) -> 0 | M61: 0 | N61: 0 | O61: =+ROUND(M61-N61,2) -> 0 | P61: 0 | Q61: 0 | R61: =+ROUND(P61-Q61,2) -> 0 | S61: 0 | T61: 0 | U61: =+ROUND(S61-T61,2) -> 0 | V61: 0 | W61: 0 | X61: =+ROUND(V61-W61,2) -> 0 | Y61: 0 | Z61: 0 | AA61: =+ROUND(Y61-Z61,2) -> 0 | AB61: 0 | AC61: 0 | AD61: =+ROUND(AB61-AC61,2) -> 0 | AE61: 0 | AF61: 0 | AG61: =+ROUND(AE61-AF61,2) -> 0 | AH61: 0 | AI61: 0 | AJ61: =+ROUND(AH61-AI61,2) -> 0
C62: 3.7 | D62: GEOTEXTIL NT 1600 PARA SEPARACION SUBRASANTE/CAPAS GRANULARES (INCLUYE SUMINISTRO E INSTALACIÓN) | E62: M2 | F62: =+IF(SUMIF($J$7:$AJ$7,$F$6,$J62:$AJ62)<0,0,SUMIF($J$7:$AJ$7,$F$6,$J62:$AJ62)) -> 3350.55 | G62: =SUM(MAX(0,L62),MAX(0,O62),MAX(0,R62),MAX(0,U62),MAX(0,X62),MAX(0,AA62),MAX(0,AD62),MAX(0,AG62),MAX(0,AJ62)) -> 3541.97 | H62: 5343 | I62: =ROUND(H62*'INDEX ICOCIV'!$R$85,0) -> 7266 | J62: 160.8 | K62: 132.21 | L62: =+ROUND(J62-K62,2) -> 28.59 | M62: 408 | N62: 599.42 | O62: =+ROUND(M62-N62,2) -> -191.42 | P62: 364.08 | Q62: 118.36 | R62: =+ROUND(P62-Q62,2) -> 245.72 | S62: 599.42 | T62: 0 | U62: =+ROUND(S62-T62,2) -> 599.42 | V62: 546.66 | W62: 0 | X62: =+ROUND(V62-W62,2) -> 546.66 | Y62: 546.66 | Z62: 0 | AA62: =+ROUND(Y62-Z62,2) -> 546.66 | AB62: 514.13 | AC62: 0 | AD62: =+ROUND(AB62-AC62,2) -> 514.13 | AE62: 546.66 | AF62: 0 | AG62: =+ROUND(AE62-AF62,2) -> 546.66 | AH62: 514.13 | AI62: 0 | AJ62: =+ROUND(AH62-AI62,2) -> 514.13
C63: 3.8 | D63: MALLA ELECTROSOLDADA 0.15X0.15M, D=8MM, 8MM (INCLUYE SUMINISTRO, FIJACIÓN E INSTALACIÓN) | E63: KG | F63: =+IF(SUMIF($J$7:$AJ$7,$F$6,$J63:$AJ63)<0,0,SUMIF($J$7:$AJ$7,$F$6,$J63:$AJ63)) -> 0 | G63: =SUM(MAX(0,L63),MAX(0,O63),MAX(0,R63),MAX(0,U63),MAX(0,X63),MAX(0,AA63),MAX(0,AD63),MAX(0,AG63),MAX(0,AJ63)) -> 0 | H63: 3095 | I63: =ROUND(H63*'INDEX ICOCIV'!$R$85,0) -> 4209 | J63: 0 | K63: 0 | L63: =+ROUND(J63-K63,2) -> 0 | M63: 0 | N63: 0 | O63: =+ROUND(M63-N63,2) -> 0 | P63: 0 | Q63: 0 | R63: =+ROUND(P63-Q63,2) -> 0 | S63: 0 | T63: 0 | U63: =+ROUND(S63-T63,2) -> 0 | V63: 0 | W63: 0 | X63: =+ROUND(V63-W63,2) -> 0 | Y63: 0 | Z63: 0 | AA63: =+ROUND(Y63-Z63,2) -> 0 | AB63: 0 | AC63: 0 | AD63: =+ROUND(AB63-AC63,2) -> 0 | AE63: 0 | AF63: 0 | AG63: =+ROUND(AE63-AF63,2) -> 0 | AH63: 0 | AI63: 0 | AJ63: =+ROUND(AH63-AI63,2) -> 0
C64: 3.9 | D64: RELLENO EN RECEBO COMUN (SUMINISTRO E INSTALACIÓN EXTENDIDO MANUAL, HUMEDECIMIENTO Y COMPACTACIÓN TRANSPORTE A 28 KM). | E64: M3 | F64: =+IF(SUMIF($J$7:$AJ$7,$F$6,$J64:$AJ64)<0,0,SUMIF($J$7:$AJ$7,$F$6,$J64:$AJ64)) -> 586.35 | G64: =SUM(MAX(0,L64),MAX(0,O64),MAX(0,R64),MAX(0,U64),MAX(0,X64),MAX(0,AA64),MAX(0,AD64),MAX(0,AG64),MAX(0,AJ64)) -> 620.68 | H64: 62768 | I64: =ROUND(H64*'INDEX ICOCIV'!$R$85,0) -> 85364 | J64: 89.23 | K64: 99 | L64: =+ROUND(J64-K64,2) -> -9.77 | M64: 55.15 | N64: 56.55 | O64: =+ROUND(M64-N64,2) -> -1.4 | P64: 95.69 | Q64: 117.68 | R64: =+ROUND(P64-Q64,2) -> -21.99 | S64: 161.28 | T64: 136.05 | U64: =+ROUND(S64-T64,2) -> 25.23 | V64: 49.21 | W64: 50.38 | X64: =+ROUND(V64-W64,2) -> -1.17 | Y64: 177.58 | Z64: 2.945 | AA64: =+ROUND(Y64-Z64,2) -> 174.64 | AB64: 138.33 | AC64: 2.945 | AD64: =+ROUND(AB64-AC64,2) -> 135.39 | AE64: 159.63 | AF64: 12.54 | AG64: =+ROUND(AE64-AF64,2) -> 147.09 | AH64: 138.33 | AI64: 0 | AJ64: =+ROUND(AH64-AI64,2) -> 138.33
C65: 3.10 | D65: EXCAVACION MECANICA EN MATERIAL COMUN. INCLUYE CARGUE. | E65: M3 | F65: =+IF(SUMIF($J$7:$AJ$7,$F$6,$J65:$AJ65)<0,0,SUMIF($J$7:$AJ$7,$F$6,$J65:$AJ65)) -> 955.63 | G65: =SUM(MAX(0,L65),MAX(0,O65),MAX(0,R65),MAX(0,U65),MAX(0,X65),MAX(0,AA65),MAX(0,AD65),MAX(0,AG65),MAX(0,AJ65)) -> 986.21 | H65: 4561 | I65: =ROUND(H65*'INDEX ICOCIV'!$R$85,0) -> 6203 | J65: 125 | K65: 107.32 | L65: =+ROUND(J65-K65,2) -> 17.68 | M65: 112.34 | N65: 142.92 | O65: =+ROUND(M65-N65,2) -> -30.58 | P65: 180.25 | Q65: 55.22 | R65: =+ROUND(P65-Q65,2) -> 125.03 | S65: 301.56 | T65: 270.98 | U65: =+ROUND(S65-T65,2) -> 30.58 | V65: 175.02 | W65: 0 | X65: =+ROUND(V65-W65,2) -> 175.02 | Y65: 164.13 | Z65: 0 | AA65: =+ROUND(Y65-Z65,2) -> 164.13 | AB65: 158.65 | AC65: 0 | AD65: =+ROUND(AB65-AC65,2) -> 158.65 | AE65: 166.34 | AF65: 0 | AG65: =+ROUND(AE65-AF65,2) -> 166.34 | AH65: 148.78 | AI65: 0 | AJ65: =+ROUND(AH65-AI65,2) -> 148.78
C66: 4 | D66: ANDENES | AI66: 0
C67: 4.1 | D67: DEMOLICION PISOS DE CONCRETO (INCLUYE CARGUE). INCLUYE TRANSPORTE Y DISPOSICIÓN FINAL DE SOBRANTES. RENDIMIENTO ESTIMADO PARA ESPESORES DE 0.20M. | E67: M3 | F67: =+IF(SUMIF($J$7:$AJ$7,$F$6,$J67:$AJ67)<0,0,SUMIF($J$7:$AJ$7,$F$6,$J67:$AJ67)) -> 68.74 | G67: =SUM(MAX(0,L67),MAX(0,O67),MAX(0,R67),MAX(0,U67),MAX(0,X67),MAX(0,AA67),MAX(0,AD67),MAX(0,AG67),MAX(0,AJ67)) -> 99.55 | H67: 60184 | I67: =ROUND(H67*'INDEX ICOCIV'!$R$85,0) -> 81850 | J67: 57.45 | K67: 55 | L67: =+ROUND(J67-K67,2) -> 2.45 | M67: 67.79 | N67: 92.55 | O67: =+ROUND(M67-N67,2) -> -24.76 | P67: 30.2 | Q67: 36.25 | R67: =+ROUND(P67-Q67,2) -> -6.05 | S67: 71.14 | T67: 34.06 | U67: =+ROUND(S67-T67,2) -> 37.08 | V67: 17.62 | W67: 12.61 | X67: =+ROUND(V67-W67,2) -> 5.01 | Y67: 79.58 | Z67: 69.57 | AA67: =+ROUND(Y67-Z67,2) -> 10.01 | AB67: 64.82 | AC67: 54.82 | AD67: =+ROUND(AB67-AC67,2) -> 10 | AE67: 68.6 | AF67: 53.6 | AG67: =+ROUND(AE67-AF67,2) -> 15 | AH67: 45.79 | AI67: 25.79 | AJ67: =+ROUND(AH67-AI67,2) -> 20
C68: 4.2 | D68: MURO EN BLOQUE DE CONCRETO KREATO LISO 19 O EQUIVALENTE PARA CONFORMACIÓN DE BORDILLO HASTA ALTURA DE H=0,6M. INCLUYE CONFORMACIÓN DE SUPERFICIE DE APOYO, CIMENTACIÓN DE BASE MURO MORTERO DE PEGA Y ACERO DE REFUERZO. | E68: ML | F68: =+IF(SUMIF($J$7:$AJ$7,$F$6,$J68:$AJ68)<0,0,SUMIF($J$7:$AJ$7,$F$6,$J68:$AJ68)) -> 133.35 | G68: =SUM(MAX(0,L68),MAX(0,O68),MAX(0,R68),MAX(0,U68),MAX(0,X68),MAX(0,AA68),MAX(0,AD68),MAX(0,AG68),MAX(0,AJ68)) -> 215.33 | H68: 210396 | I68: =ROUND(H68*'INDEX ICOCIV'!$R$85,0) -> 286139 | J68: 64.39 | K68: 85.96 | L68: =+ROUND(J68-K68,2) -> -21.57 | M68: 79.52 | N68: 78.49 | O68: =+ROUND(M68-N68,2) -> 1.03 | P68: 60.09 | Q68: 120.5 | R68: =+ROUND(P68-Q68,2) -> -60.41 | S68: 77.09 | T68: 55.98 | U68: =+ROUND(S68-T68,2) -> 21.11 | V68: 65.04 | W68: 43.36 | X68: =+ROUND(V68-W68,2) -> 21.68 | Y68: 50 | Z68: 0 | AA68: =+ROUND(Y68-Z68,2) -> 50 | AB68: 40 | AC68: 0 | AD68: =+ROUND(AB68-AC68,2) -> 40 | AE68: 38.62 | AF68: 0 | AG68: =+ROUND(AE68-AF68,2) -> 38.62 | AH68: 42.89 | AI68: 0 | AJ68: =+ROUND(AH68-AI68,2) -> 42.89
C69: 4.3 | D69: BORDILLO PREFABRICADO A80 (SUMINISTRO E INSTALACIÓN. INCLUYE 3CM MORTERO DE PEGA 2000 PSI Y NIVELACIÓN DEL TERRENO CON RELLENO EN MATERIAL SELECCIONADO PROVENIENTE DE EXCAVACIÓN). | E69: ML | F69: =+IF(SUMIF($J$7:$AJ$7,$F$6,$J69:$AJ69)<0,0,SUMIF($J$7:$AJ$7,$F$6,$J69:$AJ69)) -> 439.41 | G69: =SUM(MAX(0,L69),MAX(0,O69),MAX(0,R69),MAX(0,U69),MAX(0,X69),MAX(0,AA69),MAX(0,AD69),MAX(0,AG69),MAX(0,AJ69)) -> 439.44 | H69: 46986 | I69: =ROUND(H69*'INDEX ICOCIV'!$R$85,0) -> 63901 | J69: 53.28 | K69: 16.77 | L69: =+ROUND(J69-K69,2) -> 36.51 | M69: 68.47 | N69: 68.5 | O69: =+ROUND(M69-N69,2) -> -0.03 | P69: 65.34 | Q69: 32.01 | R69: =+ROUND(P69-Q69,2) -> 33.33 | S69: 70.12 | T69: 0 | U69: =+ROUND(S69-T69,2) -> 70.12 | V69: 61.1 | W69: 0 | X69: =+ROUND(V69-W69,2) -> 61.1 | Y69: 63.95 | Z69: 0 | AA69: =+ROUND(Y69-Z69,2) -> 63.95 | AB69: 60.14 | AC69: 0 | AD69: =+ROUND(AB69-AC69,2) -> 60.14 | AE69: 54.15 | AF69: 0 | AG69: =+ROUND(AE69-AF69,2) -> 54.15 | AH69: 60.14 | AI69: 0 | AJ69: =+ROUND(AH69-AI69,2) -> 60.14
C70: 4.4 | D70: PIEZA REMATE A105 PARA RAMPA TIPO A (SUMINISTRO E INSTALACIÓN. INCLUYE 3CM MORTERO 2000 PSI) | E70: UN | F70: =+IF(SUMIF($J$7:$AJ$7,$F$6,$J70:$AJ70)<0,0,SUMIF($J$7:$AJ$7,$F$6,$J70:$AJ70)) -> 0 | G70: =SUM(MAX(0,L70),MAX(0,O70),MAX(0,R70),MAX(0,U70),MAX(0,X70),MAX(0,AA70),MAX(0,AD70),MAX(0,AG70),MAX(0,AJ70)) -> 0 | H70: 78832 | I70: =ROUND(H70*'INDEX ICOCIV'!$R$85,0) -> 107212 | J70: 0 | K70: 0 | L70: =+ROUND(J70-K70,2) -> 0 | M70: 0 | N70: 0 | O70: =+ROUND(M70-N70,2) -> 0 | P70: 0 | Q70: 0 | R70: =+ROUND(P70-Q70,2) -> 0 | S70: 0 | T70: 0 | U70: =+ROUND(S70-T70,2) -> 0 | V70: 0 | W70: 0 | X70: =+ROUND(V70-W70,2) -> 0 | Y70: 0 | Z70: 0 | AA70: =+ROUND(Y70-Z70,2) -> 0 | AB70: 0 | AC70: 0 | AD70: =+ROUND(AB70-AC70,2) -> 0 | AE70: 0 | AF70: 0 | AG70: =+ROUND(AE70-AF70,2) -> 0 | AH70: 0 | AI70: 0 | AJ70: =+ROUND(AH70-AI70,2) -> 0
C71: 4.5 | D71: SARDINEL TIPO A10 (SUMINISTRO E INSTALACIÓN. INCLUYE 3CM MORTERO 1:5) | E71: ML | F71: =+IF(SUMIF($J$7:$AJ$7,$F$6,$J71:$AJ71)<0,0,SUMIF($J$7:$AJ$7,$F$6,$J71:$AJ71)) -> 568.01 | G71: =SUM(MAX(0,L71),MAX(0,O71),MAX(0,R71),MAX(0,U71),MAX(0,X71),MAX(0,AA71),MAX(0,AD71),MAX(0,AG71),MAX(0,AJ71)) -> 585.73 | H71: 57545 | I71: =ROUND(H71*'INDEX ICOCIV'!$R$85,0) -> 78261 | J71: 107.94 | K71: 81.59 | L71: =+ROUND(J71-K71,2) -> 26.35 | M71: 137.32 | N71: 155.04 | O71: =+ROUND(M71-N71,2) -> -17.72 | P71: 132.36 | Q71: 81.25 | R71: =+ROUND(P71-Q71,2) -> 51.11 | S71: 142.05 | T71: 0 | U71: =+ROUND(S71-T71,2) -> 142.05 | V71: 122.54 | W71: 0 | X71: =+ROUND(V71-W71,2) -> 122.54 | Y71: 0 | Z71: 0 | AA71: =+ROUND(Y71-Z71,2) -> 0 | AB71: 121.84 | AC71: 0 | AD71: =+ROUND(AB71-AC71,2) -> 121.84 | AE71: 0 | AF71: 0 | AG71: =+ROUND(AE71-AF71,2) -> 0 | AH71: 121.84 | AI71: 0 | AJ71: =+ROUND(AH71-AI71,2) -> 121.84
C72: 4.6 | D72: CENEFA LINEAL EN LOSETA PREFABRICADA TÁCTIL ALERTA A55 / A56 ANCHO 0.40M (SUMINISTRO E INSTALACIÓN. INCLUYE BASE EN ARENA DE NIVELACIÓN E= 4CM Y ARENA DE SELLO). | E72: ML | F72: =+IF(SUMIF($J$7:$AJ$7,$F$6,$J72:$AJ72)<0,0,SUMIF($J$7:$AJ$7,$F$6,$J72:$AJ72)) -> 307.9 | G72: =SUM(MAX(0,L72),MAX(0,O72),MAX(0,R72),MAX(0,U72),MAX(0,X72),MAX(0,AA72),MAX(0,AD72),MAX(0,AG72),MAX(0,AJ72)) -> 307.9 | H72: 25086 | I72: =ROUND(H72*'INDEX ICOCIV'!$R$85,0) -> 34117 | J72: 40 | K72: 24.98 | L72: =+ROUND(J72-K72,2) -> 15.02 | M72: 0 | N72: 0 | O72: =+ROUND(M72-N72,2) -> 0 | P72: 70 | Q72: 44.76 | R72: =+ROUND(P72-Q72,2) -> 25.24 | S72: 60 | T72: 0 | U72: =+ROUND(S72-T72,2) -> 60 | V72: 50 | W72: 0 | X72: =+ROUND(V72-W72,2) -> 50 | Y72: 54.72 | Z72: 0 | AA72: =+ROUND(Y72-Z72,2) -> 54.72 | AB72: 51.46 | AC72: 0 | AD72: =+ROUND(AB72-AC72,2) -> 51.46 | AE72: 0 | AF72: 0 | AG72: =+ROUND(AE72-AF72,2) -> 0 | AH72: 51.46 | AI72: 0 | AJ72: =+ROUND(AH72-AI72,2) -> 51.46
C73: 4.7 | D73: CENEFA LINEAL EN LOSETA PREFABRICADA TÁCTIL ALERTA A55 / A56 ANCHO 0.40M (SUMINISTRO E INSTALACIÓN. INCLUYE BASE EN ARENA DE NIVELACIÓN E= 4CM Y ARENA DE SELLO). | E73: ML | F73: =+IF(SUMIF($J$7:$AJ$7,$F$6,$J73:$AJ73)<0,0,SUMIF($J$7:$AJ$7,$F$6,$J73:$AJ73)) -> 0 | G73: =SUM(MAX(0,L73),MAX(0,O73),MAX(0,R73),MAX(0,U73),MAX(0,X73),MAX(0,AA73),MAX(0,AD73),MAX(0,AG73),MAX(0,AJ73)) -> 0 | H73: 25086 | I73: =ROUND(H73*'INDEX ICOCIV'!$R$85,0) -> 34117 | J73: 0 | K73: 0 | L73: =+ROUND(J73-K73,2) -> 0 | M73: 0 | N73: 0 | O73: =+ROUND(M73-N73,2) -> 0 | P73: 0 | Q73: 0 | R73: =+ROUND(P73-Q73,2) -> 0 | S73: 0 | T73: 0 | U73: =+ROUND(S73-T73,2) -> 0 | V73: 0 | W73: 0 | X73: =+ROUND(V73-W73,2) -> 0 | Y73: 0 | Z73: 0 | AA73: =+ROUND(Y73-Z73,2) -> 0 | AB73: 0 | AC73: 0 | AD73: =+ROUND(AB73-AC73,2) -> 0 | AE73: 0 | AF73: 0 | AG73: =+ROUND(AE73-AF73,2) -> 0 | AH73: 0 | AI73: 0 | AJ73: =+ROUND(AH73-AI73,2) -> 0
C74: 4.8 | D74: CENEFA LINEAL EN LOSETA PREFABRICADA TÁCTIL ALERTA A57 ANCHO 0.40M (SUMINISTRO E INSTALACIÓN. INCLUYE BASE EN ARENA DE NIVELACIÓN E= 4CM Y ARENA DE SELLO). | E74: ML | F74: =+IF(SUMIF($J$7:$AJ$7,$F$6,$J74:$AJ74)<0,0,SUMIF($J$7:$AJ$7,$F$6,$J74:$AJ74)) -> 0 | G74: =SUM(MAX(0,L74),MAX(0,O74),MAX(0,R74),MAX(0,U74),MAX(0,X74),MAX(0,AA74),MAX(0,AD74),MAX(0,AG74),MAX(0,AJ74)) -> 0 | H74: 31731 | I74: =ROUND(H74*'INDEX ICOCIV'!$R$85,0) -> 43154 | J74: 0 | K74: 0 | L74: =+ROUND(J74-K74,2) -> 0 | M74: 0 | N74: 0 | O74: =+ROUND(M74-N74,2) -> 0 | P74: 0 | Q74: 0 | R74: =+ROUND(P74-Q74,2) -> 0 | S74: 0 | T74: 0 | U74: =+ROUND(S74-T74,2) -> 0 | V74: 0 | W74: 0 | X74: =+ROUND(V74-W74,2) -> 0 | Y74: 0 | Z74: 0 | AA74: =+ROUND(Y74-Z74,2) -> 0 | AB74: 0 | AC74: 0 | AD74: =+ROUND(AB74-AC74,2) -> 0 | AE74: 0 | AF74: 0 | AG74: =+ROUND(AE74-AF74,2) -> 0 | AH74: 0 | AI74: 0 | AJ74: =+ROUND(AH74-AI74,2) -> 0
C75: 4.9 | D75: CONSTRUCCION DE ESCALERAS EN CONCRETO | E75: M2 | F75: =+IF(SUMIF($J$7:$AJ$7,$F$6,$J75:$AJ75)<0,0,SUMIF($J$7:$AJ$7,$F$6,$J75:$AJ75)) -> 280.02 | G75: =SUM(MAX(0,L75),MAX(0,O75),MAX(0,R75),MAX(0,U75),MAX(0,X75),MAX(0,AA75),MAX(0,AD75),MAX(0,AG75),MAX(0,AJ75)) -> 292.73 | H75: 224403 | I75: =ROUND(H75*'INDEX ICOCIV'!$R$85,0) -> 305188 | J75: 37.15 | K75: 29.98 | L75: =+ROUND(J75-K75,2) -> 7.17 | M75: 2.97 | N75: 3.34 | O75: =+ROUND(M75-N75,2) -> -0.37 | P75: 75.52 | Q75: 87.86 | R75: =+ROUND(P75-Q75,2) -> -12.34 | S75: 40.58 | T75: 0 | U75: =+ROUND(S75-T75,2) -> 40.58 | V75: 37.01 | W75: 0 | X75: =+ROUND(V75-W75,2) -> 37.01 | Y75: 67.01 | Z75: 0 | AA75: =+ROUND(Y75-Z75,2) -> 67.01 | AB75: 44.81 | AC75: 0 | AD75: =+ROUND(AB75-AC75,2) -> 44.81 | AE75: 61.34 | AF75: 0 | AG75: =+ROUND(AE75-AF75,2) -> 61.34 | AH75: 34.81 | AI75: 0 | AJ75: =+ROUND(AH75-AI75,2) -> 34.81
C76: 4.10 | D76: RAMPA VEHICULAR FUNDIDA EN EL SITIO EN CONCRETO PREMEZCLADO DE 3000 PSI (GRAVA COMUN) SUM, CONSTR. E INSTALACIÓN. INCLUYE X TIPO TRÁFICO PESADO O SIMILAR, BASE DE 4CM EN MORTERO DE 2000 PSI. | E76: M2 | F76: =+IF(SUMIF($J$7:$AJ$7,$F$6,$J76:$AJ76)<0,0,SUMIF($J$7:$AJ$7,$F$6,$J76:$AJ76)) -> 0 | G76: =SUM(MAX(0,L76),MAX(0,O76),MAX(0,R76),MAX(0,U76),MAX(0,X76),MAX(0,AA76),MAX(0,AD76),MAX(0,AG76),MAX(0,AJ76)) -> 0 | H76: 109554 | I76: =ROUND(H76*'INDEX ICOCIV'!$R$85,0) -> 148993 | J76: 0 | K76: 0 | L76: =+ROUND(J76-K76,2) -> 0 | M76: 0 | N76: 0 | O76: =+ROUND(M76-N76,2) -> 0 | P76: 0 | Q76: 0 | R76: =+ROUND(P76-Q76,2) -> 0 | S76: 0 | T76: 0 | U76: =+ROUND(S76-T76,2) -> 0 | V76: 0 | W76: 0 | X76: =+ROUND(V76-W76,2) -> 0 | Y76: 0 | Z76: 0 | AA76: =+ROUND(Y76-Z76,2) -> 0 | AB76: 0 | AC76: 0 | AD76: =+ROUND(AB76-AC76,2) -> 0 | AE76: 0 | AF76: 0 | AG76: =+ROUND(AE76-AF76,2) -> 0 | AH76: 0 | AI76: 0 | AJ76: =+ROUND(AH76-AI76,2) -> 0
C77: 4.11 | D77: MURO EN BLOQUE KREATO LISO (0,39X0,19X0,19) INLCUYE ( EXCAVACION, RELLENO EN RECEBO COMUN, GEOMALLA, ACERO DE REFUERZO Y RELLENO FLUIDO FLUIDO) | E77: M2 | F77: =+IF(SUMIF($J$7:$AJ$7,$F$6,$J77:$AJ77)<0,0,SUMIF($J$7:$AJ$7,$F$6,$J77:$AJ77)) -> 0 | G77: =SUM(MAX(0,L77),MAX(0,O77),MAX(0,R77),MAX(0,U77),MAX(0,X77),MAX(0,AA77),MAX(0,AD77),MAX(0,AG77),MAX(0,AJ77)) -> 0 | H77: 184820 | I77: =ROUND(H77*'INDEX ICOCIV'!$R$85,0) -> 251355 | J77: 0 | K77: 0 | L77: =+ROUND(J77-K77,2) -> 0 | M77: 0 | N77: 0 | O77: =+ROUND(M77-N77,2) -> 0 | Q77: 0 | R77: =+ROUND(P77-Q77,2) -> 0 | T77: 0 | U77: =+ROUND(S77-T77,2) -> 0 | W77: 0 | X77: =+ROUND(V77-W77,2) -> 0 | Y77: 0 | Z77: 0 | AA77: =+ROUND(Y77-Z77,2) -> 0 | AB77: 0 | AC77: 0 | AD77: =+ROUND(AB77-AC77,2) -> 0 | AE77: 0 | AF77: 0 | AG77: =+ROUND(AE77-AF77,2) -> 0 | AH77: 0 | AI77: 0 | AJ77: =+ROUND(AH77-AI77,2) -> 0
C78: 4.12 | D78: VIGA DE CIMENTACION DE 0,40 X 0,60 PARA MURO EN BLOQUE KREATO LISO (0,39X0,19X0,19) | E78: ML | F78: =+IF(SUMIF($J$7:$AJ$7,$F$6,$J78:$AJ78)<0,0,SUMIF($J$7:$AJ$7,$F$6,$J78:$AJ78)) -> 232.85 | G78: =SUM(MAX(0,L78),MAX(0,O78),MAX(0,R78),MAX(0,U78),MAX(0,X78),MAX(0,AA78),MAX(0,AD78),MAX(0,AG78),MAX(0,AJ78)) -> 254.05 | H78: 158684 | I78: =ROUND(H78*'INDEX ICOCIV'!$R$85,0) -> 215810 | J78: 54.29 | K78: 54.29 | L78: =+ROUND(J78-K78,2) -> 0 | M78: 61.96 | N78: 69.4 | O78: =+ROUND(M78-N78,2) -> -7.44 | P78: 54.4 | Q78: 68.16 | R78: =+ROUND(P78-Q78,2) -> -13.76 | S78: 64.38 | T78: 46.35 | U78: =+ROUND(S78-T78,2) -> 18.03 | V78: 49.1 | W78: 31.95 | X78: =+ROUND(V78-W78,2) -> 17.15 | Y78: 58.71 | Z78: 0 | AA78: =+ROUND(Y78-Z78,2) -> 58.71 | AB78: 55.22 | AC78: 0 | AD78: =+ROUND(AB78-AC78,2) -> 55.22 | AE78: 49.72 | AF78: 0 | AG78: =+ROUND(AE78-AF78,2) -> 49.72 | AH78: 55.22 | AI78: 0 | AJ78: =+ROUND(AH78-AI78,2) -> 55.22
C79: 4.13 | D79: VIGA CINTA DE 0,19 X 0,20 PARA REMATE DE MURO EN BLOQUE KREATO LISO (0,39X0,19X0,19) F"C 21 MPA | E79: ML | F79: =+IF(SUMIF($J$7:$AJ$7,$F$6,$J79:$AJ79)<0,0,SUMIF($J$7:$AJ$7,$F$6,$J79:$AJ79)) -> 258.67 | G79: =SUM(MAX(0,L79),MAX(0,O79),MAX(0,R79),MAX(0,U79),MAX(0,X79),MAX(0,AA79),MAX(0,AD79),MAX(0,AG79),MAX(0,AJ79)) -> 273.88 | H79: 38615 | I79: =ROUND(H79*'INDEX ICOCIV'!$R$85,0) -> 52516 | J79: 54.29 | K79: 46.44 | L79: =+ROUND(J79-K79,2) -> 7.85 | M79: 61.96 | N79: 70.46 | O79: =+ROUND(M79-N79,2) -> -8.5 | P79: 54.4 | Q79: 61.11 | R79: =+ROUND(P79-Q79,2) -> -6.71 | S79: 64.38 | T79: 29 | U79: =+ROUND(S79-T79,2) -> 35.38 | V79: 49.1 | W79: 37.32 | X79: =+ROUND(V79-W79,2) -> 11.78 | Y79: 58.71 | Z79: 0 | AA79: =+ROUND(Y79-Z79,2) -> 58.71 | AB79: 55.22 | AC79: 0 | AD79: =+ROUND(AB79-AC79,2) -> 55.22 | AE79: 49.72 | AF79: 0 | AG79: =+ROUND(AE79-AF79,2) -> 49.72 | AH79: 55.22 | AI79: 0 | AJ79: =+ROUND(AH79-AI79,2) -> 55.22
C80: 4.14 | D80: MURO EN CONCRETO DE 21 MPA REFORZADO INCLUYE EXCAVACION, CAISSON Ø=1,0 M, ACERO DE REFUERZO) | E80: M2 | F80: =+IF(SUMIF($J$7:$AJ$7,$F$6,$J80:$AJ80)<0,0,SUMIF($J$7:$AJ$7,$F$6,$J80:$AJ80)) -> 0 | G80: =SUM(MAX(0,L80),MAX(0,O80),MAX(0,R80),MAX(0,U80),MAX(0,X80),MAX(0,AA80),MAX(0,AD80),MAX(0,AG80),MAX(0,AJ80)) -> 0 | H80: 1324605 | I80: =ROUND(H80*'INDEX ICOCIV'!$R$85,0) -> 1801463 | J80: 0 | K80: 0 | L80: =+ROUND(J80-K80,2) -> 0 | M80: 0 | N80: 0 | O80: =+ROUND(M80-N80,2) -> 0 | P80: 0 | Q80: 0 | R80: =+ROUND(P80-Q80,2) -> 0 | S80: 0 | T80: 0 | U80: =+ROUND(S80-T80,2) -> 0 | V80: 0 | W80: 0 | X80: =+ROUND(V80-W80,2) -> 0 | Y80: 0 | Z80: 0 | AA80: =+ROUND(Y80-Z80,2) -> 0 | AB80: 0 | AC80: 0 | AD80: =+ROUND(AB80-AC80,2) -> 0 | AE80: 0 | AF80: 0 | AG80: =+ROUND(AE80-AF80,2) -> 0 | AH80: 0 | AI80: 0 | AJ80: =+ROUND(AH80-AI80,2) -> 0
C81: 5 | D81: REDES ELECTRICAS | AC81: 0 | AE81: 0 | AH81: 0 | AI81: 0
C82: 5.1 | D82: TRASLADO POSTE CONCRETO 8-10M | E82: UN | F82: =+IF(SUMIF($J$7:$AJ$7,$F$6,$J82:$AJ82)<0,0,SUMIF($J$7:$AJ$7,$F$6,$J82:$AJ82)) -> 0 | G82: =SUM(MAX(0,L82),MAX(0,O82),MAX(0,R82),MAX(0,U82),MAX(0,X82),MAX(0,AA82),MAX(0,AD82),MAX(0,AG82),MAX(0,AJ82)) -> 0 | H82: 1750802 | I82: =ROUND(H82*'INDEX ICOCIV'!$R$85,0) -> 2381091 | J82: 0 | K82: 0 | L82: =+ROUND(J82-K82,2) -> 0 | M82: 0 | N82: 0 | O82: =+ROUND(M82-N82,2) -> 0 | P82: 0 | Q82: 0 | R82: =+ROUND(P82-Q82,2) -> 0 | S82: 0 | T82: 0 | U82: =+ROUND(S82-T82,2) -> 0 | V82: 0 | W82: 0 | X82: =+ROUND(V82-W82,2) -> 0 | Y82: 0 | Z82: 0 | AA82: =+ROUND(Y82-Z82,2) -> 0 | AB82: 0 | AC82: 0 | AD82: =+ROUND(AB82-AC82,2) -> 0 | AE82: 0 | AF82: 0 | AG82: =+ROUND(AE82-AF82,2) -> 0 | AH82: 0 | AI82: 0 | AJ82: =+ROUND(AH82-AI82,2) -> 0
C83: 5.2 | D83: TRASLADO DE CAJA DE INSPECCION ELECTRICA | E83: UN | F83: =+IF(SUMIF($J$7:$AJ$7,$F$6,$J83:$AJ83)<0,0,SUMIF($J$7:$AJ$7,$F$6,$J83:$AJ83)) -> 0 | G83: =SUM(MAX(0,L83),MAX(0,O83),MAX(0,R83),MAX(0,U83),MAX(0,X83),MAX(0,AA83),MAX(0,AD83),MAX(0,AG83),MAX(0,AJ83)) -> 0 | H83: 1177520 | I83: =ROUND(H83*'INDEX ICOCIV'!$R$85,0) -> 1601427 | J83: 0 | K83: 0 | L83: =+ROUND(J83-K83,2) -> 0 | M83: 0 | N83: 0 | O83: =+ROUND(M83-N83,2) -> 0 | P83: 0 | Q83: 0 | R83: =+ROUND(P83-Q83,2) -> 0 | S83: 0 | T83: 0 | U83: =+ROUND(S83-T83,2) -> 0 | V83: 0 | W83: 0 | X83: =+ROUND(V83-W83,2) -> 0 | Y83: 0 | Z83: 0 | AA83: =+ROUND(Y83-Z83,2) -> 0 | AB83: 0 | AC83: 0 | AD83: =+ROUND(AB83-AC83,2) -> 0 | AE83: 0 | AF83: 0 | AG83: =+ROUND(AE83-AF83,2) -> 0 | AH83: 0 | AI83: 0 | AJ83: =+ROUND(AH83-AI83,2) -> 0
C84: 5.3 | D84: RECONSTRUCCIÓN DE CAJA DE INSP DE AP | E84: UN | F84: =+IF(SUMIF($J$7:$AJ$7,$F$6,$J84:$AJ84)<0,0,SUMIF($J$7:$AJ$7,$F$6,$J84:$AJ84)) -> 0 | G84: =SUM(MAX(0,L84),MAX(0,O84),MAX(0,R84),MAX(0,U84),MAX(0,X84),MAX(0,AA84),MAX(0,AD84),MAX(0,AG84),MAX(0,AJ84)) -> 0 | H84: 496546 | I84: =ROUND(H84*'INDEX ICOCIV'!$R$85,0) -> 675303 | J84: 0 | K84: 0 | L84: =+ROUND(J84-K84,2) -> 0 | M84: 0 | N84: 0 | O84: =+ROUND(M84-N84,2) -> 0 | P84: 0 | Q84: 0 | R84: =+ROUND(P84-Q84,2) -> 0 | S84: 0 | T84: 0 | U84: =+ROUND(S84-T84,2) -> 0 | V84: 0 | W84: 0 | X84: =+ROUND(V84-W84,2) -> 0 | Y84: 0 | Z84: 0 | AA84: =+ROUND(Y84-Z84,2) -> 0 | AB84: 0 | AC84: 0 | AD84: =+ROUND(AB84-AC84,2) -> 0 | AE84: 0 | AF84: 0 | AG84: =+ROUND(AE84-AF84,2) -> 0 | AH84: 0 | AI84: 0 | AJ84: =+ROUND(AH84-AI84,2) -> 0
C85: 5.4 | D85: RECONSTRUCCIÓN DE CAJA DE INSP SENCILLA | E85: UN | F85: =+IF(SUMIF($J$7:$AJ$7,$F$6,$J85:$AJ85)<0,0,SUMIF($J$7:$AJ$7,$F$6,$J85:$AJ85)) -> 0 | G85: =SUM(MAX(0,L85),MAX(0,O85),MAX(0,R85),MAX(0,U85),MAX(0,X85),MAX(0,AA85),MAX(0,AD85),MAX(0,AG85),MAX(0,AJ85)) -> 0 | H85: 526707 | I85: =ROUND(H85*'INDEX ICOCIV'!$R$85,0) -> 716322 | J85: 0 | K85: 0 | L85: =+ROUND(J85-K85,2) -> 0 | M85: 0 | N85: 0 | O85: =+ROUND(M85-N85,2) -> 0 | P85: 0 | Q85: 0 | R85: =+ROUND(P85-Q85,2) -> 0 | S85: 0 | T85: 0 | U85: =+ROUND(S85-T85,2) -> 0 | V85: 0 | W85: 0 | X85: =+ROUND(V85-W85,2) -> 0 | Y85: 0 | Z85: 0 | AA85: =+ROUND(Y85-Z85,2) -> 0 | AB85: 0 | AC85: 0 | AD85: =+ROUND(AB85-AC85,2) -> 0 | AE85: 0 | AF85: 0 | AG85: =+ROUND(AE85-AF85,2) -> 0 | AH85: 0 | AI85: 0 | AJ85: =+ROUND(AH85-AI85,2) -> 0
C86: 5.5 | D86: RECONSTRUCCIÓN DE CAJA DE INSP DOBLE | E86: UN | F86: =+IF(SUMIF($J$7:$AJ$7,$F$6,$J86:$AJ86)<0,0,SUMIF($J$7:$AJ$7,$F$6,$J86:$AJ86)) -> 0 | G86: =SUM(MAX(0,L86),MAX(0,O86),MAX(0,R86),MAX(0,U86),MAX(0,X86),MAX(0,AA86),MAX(0,AD86),MAX(0,AG86),MAX(0,AJ86)) -> 0 | H86: 526707 | I86: =ROUND(H86*'INDEX ICOCIV'!$R$85,0) -> 716322 | J86: 0 | K86: 0 | L86: =+ROUND(J86-K86,2) -> 0 | M86: 0 | N86: 0 | O86: =+ROUND(M86-N86,2) -> 0 | P86: 0 | Q86: 0 | R86: =+ROUND(P86-Q86,2) -> 0 | S86: 0 | T86: 0 | U86: =+ROUND(S86-T86,2) -> 0 | V86: 0 | W86: 0 | X86: =+ROUND(V86-W86,2) -> 0 | Y86: 0 | Z86: 0 | AA86: =+ROUND(Y86-Z86,2) -> 0 | AB86: 0 | AC86: 0 | AD86: =+ROUND(AB86-AC86,2) -> 0 | AE86: 0 | AF86: 0 | AG86: =+ROUND(AE86-AF86,2) -> 0 | AH86: 0 | AI86: 0 | AJ86: =+ROUND(AH86-AI86,2) -> 0
C87: 5.6 | D87: RECONSTRUCCIÓN DE CAJA DE INSP VEHICULAR | E87: UN | F87: =+IF(SUMIF($J$7:$AJ$7,$F$6,$J87:$AJ87)<0,0,SUMIF($J$7:$AJ$7,$F$6,$J87:$AJ87)) -> 0 | G87: =SUM(MAX(0,L87),MAX(0,O87),MAX(0,R87),MAX(0,U87),MAX(0,X87),MAX(0,AA87),MAX(0,AD87),MAX(0,AG87),MAX(0,AJ87)) -> 0 | H87: 533944 | I87: =ROUND(H87*'INDEX ICOCIV'!$R$85,0) -> 726164 | J87: 0 | K87: 0 | L87: =+ROUND(J87-K87,2) -> 0 | M87: 0 | N87: 0 | O87: =+ROUND(M87-N87,2) -> 0 | P87: 0 | Q87: 0 | R87: =+ROUND(P87-Q87,2) -> 0 | S87: 0 | T87: 0 | U87: =+ROUND(S87-T87,2) -> 0 | V87: 0 | W87: 0 | X87: =+ROUND(V87-W87,2) -> 0 | Y87: 0 | Z87: 0 | AA87: =+ROUND(Y87-Z87,2) -> 0 | AB87: 0 | AC87: 0 | AD87: =+ROUND(AB87-AC87,2) -> 0 | AE87: 0 | AF87: 0 | AG87: =+ROUND(AE87-AF87,2) -> 0 | AH87: 0 | AI87: 0 | AJ87: =+ROUND(AH87-AI87,2) -> 0
C88: 6 | D88: REDES GAS | AC88: 0 | AI88: 0
C89: 6.1 | D89: REPARACION DE REDES DE GAS | E89: UN | F89: =+IF(SUMIF($J$7:$AJ$7,$F$6,$J89:$AJ89)<0,0,SUMIF($J$7:$AJ$7,$F$6,$J89:$AJ89)) -> 257 | G89: =SUM(MAX(0,L89),MAX(0,O89),MAX(0,R89),MAX(0,U89),MAX(0,X89),MAX(0,AA89),MAX(0,AD89),MAX(0,AG89),MAX(0,AJ89)) -> 257 | H89: 274133 | I89: =ROUND(H89*'INDEX ICOCIV'!$R$85,0) -> 372821 | J89: 28 | K89: 0 | L89: =+ROUND(J89-K89,2) -> 28 | M89: 30 | N89: 0 | O89: =+ROUND(M89-N89,2) -> 30 | P89: 28 | Q89: 0 | R89: =+ROUND(P89-Q89,2) -> 28 | S89: 30 | T89: 0 | U89: =+ROUND(S89-T89,2) -> 30 | V89: 30 | W89: 0 | X89: =+ROUND(V89-W89,2) -> 30 | Y89: 30 | Z89: 0 | AA89: =+ROUND(Y89-Z89,2) -> 30 | AB89: 30 | AC89: 0 | AD89: =+ROUND(AB89-AC89,2) -> 30 | AE89: 27 | AF89: 0 | AG89: =+ROUND(AE89-AF89,2) -> 27 | AH89: 24 | AI89: 0 | AJ89: =+ROUND(AH89-AI89,2) -> 24
C90: 7 | D90: PAISAJISMO | AC90: 0 | AI90: 0
C91: 7.1 | D91: REVEGETALIZACIÓN CON SEMILLA | E91: M2 | F91: =+IF(SUMIF($J$7:$AJ$7,$F$6,$J91:$AJ91)<0,0,SUMIF($J$7:$AJ$7,$F$6,$J91:$AJ91)) -> 0 | G91: =SUM(MAX(0,L91),MAX(0,O91),MAX(0,R91),MAX(0,U91),MAX(0,X91),MAX(0,AA91),MAX(0,AD91),MAX(0,AG91),MAX(0,AJ91)) -> 0 | H91: 13291 | I91: =ROUND(H91*'INDEX ICOCIV'!$R$85,0) -> 18076 | J91: 0 | K91: 0 | L91: =+ROUND(J91-K91,2) -> 0 | M91: 0 | N91: 0 | O91: =+ROUND(M91-N91,2) -> 0 | P91: 0 | Q91: 0 | R91: =+ROUND(P91-Q91,2) -> 0 | S91: 0 | T91: 0 | U91: =+ROUND(S91-T91,2) -> 0 | V91: 0 | W91: 0 | X91: =+ROUND(V91-W91,2) -> 0 | Y91: 0 | Z91: 0 | AA91: =+ROUND(Y91-Z91,2) -> 0 | AB91: 0 | AC91: 0 | AD91: =+ROUND(AB91-AC91,2) -> 0 | AE91: 0 | AF91: 0 | AG91: =+ROUND(AE91-AF91,2) -> 0 | AH91: 0 | AI91: 0 | AJ91: =+ROUND(AH91-AI91,2) -> 0
C92: 7.2 | D92: CONSTRUCCIÓN. DE MURO EN BLOQUE KREATO INSTALADO CON MORTERO DE 1500 PSI, PARCIALMENTE REFORZADO, CON DOVELAS INYECTADAS EN RELLENO FLUIDO 10 KG/CM2 MAS REFUERZO PARA JARDINERAS,INCLUYE VIGA DE CIMENTACION Y VIGA CINTA | E92: M2 | F92: =+IF(SUMIF($J$7:$AJ$7,$F$6,$J92:$AJ92)<0,0,SUMIF($J$7:$AJ$7,$F$6,$J92:$AJ92)) -> 0 | G92: =SUM(MAX(0,L92),MAX(0,O92),MAX(0,R92),MAX(0,U92),MAX(0,X92),MAX(0,AA92),MAX(0,AD92),MAX(0,AG92),MAX(0,AJ92)) -> 0 | H92: 190998 | I92: =ROUND(H92*'INDEX ICOCIV'!$R$85,0) -> 259757 | J92: 0 | K92: 0 | L92: =+ROUND(J92-K92,2) -> 0 | M92: 0 | N92: 0 | O92: =+ROUND(M92-N92,2) -> 0 | P92: 0 | Q92: 0 | R92: =+ROUND(P92-Q92,2) -> 0 | S92: 0 | T92: 0 | U92: =+ROUND(S92-T92,2) -> 0 | V92: 0 | W92: 0 | X92: =+ROUND(V92-W92,2) -> 0 | Y92: 0 | Z92: 0 | AA92: =+ROUND(Y92-Z92,2) -> 0 | AB92: 0 | AC92: 0 | AD92: =+ROUND(AB92-AC92,2) -> 0 | AE92: 0 | AF92: 0 | AG92: =+ROUND(AE92-AF92,2) -> 0 | AH92: 0 | AI92: 0 | AJ92: =+ROUND(AH92-AI92,2) -> 0
C93: 7.3 | D93: PAÑETE IMPERMEABILIZADO 1.5 CM | E93: M2 | F93: =+IF(SUMIF($J$7:$AJ$7,$F$6,$J93:$AJ93)<0,0,SUMIF($J$7:$AJ$7,$F$6,$J93:$AJ93)) -> 173.75 | G93: =SUM(MAX(0,L93),MAX(0,O93),MAX(0,R93),MAX(0,U93),MAX(0,X93),MAX(0,AA93),MAX(0,AD93),MAX(0,AG93),MAX(0,AJ93)) -> 173.75 | H93: 21924 | I93: =ROUND(H93*'INDEX ICOCIV'!$R$85,0) -> 29817 | J93: 21.6 | K93: 7.61 | L93: =+ROUND(J93-K93,2) -> 13.99 | M93: 0 | N93: 0 | O93: =+ROUND(M93-N93,2) -> 0 | P93: 10 | Q93: 0 | R93: =+ROUND(P93-Q93,2) -> 10 | S93: 30.6 | T93: 0 | U93: =+ROUND(S93-T93,2) -> 30.6 | V93: 15 | W93: 0 | X93: =+ROUND(V93-W93,2) -> 15 | Y93: 27.91 | Z93: 0 | AA93: =+ROUND(Y93-Z93,2) -> 27.91 | AB93: 26.25 | AC93: 0 | AD93: =+ROUND(AB93-AC93,2) -> 26.25 | AE93: 20 | AF93: 0 | AG93: =+ROUND(AE93-AF93,2) -> 20 | AH93: 30 | AI93: 0 | AJ93: =+ROUND(AH93-AI93,2) -> 30
C94: 7.4 | D94: RELLENO EN MATERIAL SELECCIONADO PROVENIENTE DE LA EXCAVACIÓN (EXTENDIDO MANUAL, HUMEDECIMIENTO Y COMPACTACIÓN) | E94: M3 | F94: =+IF(SUMIF($J$7:$AJ$7,$F$6,$J94:$AJ94)<0,0,SUMIF($J$7:$AJ$7,$F$6,$J94:$AJ94)) -> 3.07 | G94: =SUM(MAX(0,L94),MAX(0,O94),MAX(0,R94),MAX(0,U94),MAX(0,X94),MAX(0,AA94),MAX(0,AD94),MAX(0,AG94),MAX(0,AJ94)) -> 11.27 | H94: 22648 | I94: =ROUND(H94*'INDEX ICOCIV'!$R$85,0) -> 30801 | J94: 0 | K94: 0 | L94: =+ROUND(J94-K94,2) -> 0 | M94: 24.37 | N94: 24.37 | O94: =+ROUND(M94-N94,2) -> 0 | P94: 27.33 | Q94: 27.32 | R94: =+ROUND(P94-Q94,2) -> 0.01 | S94: 18.4 | T94: 26.55 | U94: =+ROUND(S94-T94,2) -> -8.15 | V94: 22.84 | W94: 22.84 | X94: =+ROUND(V94-W94,2) -> 0 | Y94: 12.13 | Z94: 12.18 | AA94: =+ROUND(Y94-Z94,2) -> -0.05 | AB94: 12.49 | AC94: 12.42 | AD94: =+ROUND(AB94-AC94,2) -> 0.07 | AE94: 11.19 | AF94: 0 | AG94: =+ROUND(AE94-AF94,2) -> 11.19 | AH94: 11.62 | AI94: 11.62 | AJ94: =+ROUND(AH94-AI94,2) -> 0
C95: 7.5 | D95: RELLENO EN TIERRA NEGRA PARA EMPRADIZACION (SUMINISTRO Y EXTENDIDO) | E95: M3 | F95: =+IF(SUMIF($J$7:$AJ$7,$F$6,$J95:$AJ95)<0,0,SUMIF($J$7:$AJ$7,$F$6,$J95:$AJ95)) -> 0 | G95: =SUM(MAX(0,L95),MAX(0,O95),MAX(0,R95),MAX(0,U95),MAX(0,X95),MAX(0,AA95),MAX(0,AD95),MAX(0,AG95),MAX(0,AJ95)) -> 0 | H95: 55289 | I95: =ROUND(H95*'INDEX ICOCIV'!$R$85,0) -> 75193 | J95: 0 | K95: 0 | L95: =+ROUND(J95-K95,2) -> 0 | M95: 0 | N95: 0 | O95: =+ROUND(M95-N95,2) -> 0 | P95: 0 | Q95: 0 | R95: =+ROUND(P95-Q95,2) -> 0 | S95: 0 | T95: 0 | U95: =+ROUND(S95-T95,2) -> 0 | V95: 0 | W95: 0 | X95: =+ROUND(V95-W95,2) -> 0 | Y95: 0 | Z95: 0 | AA95: =+ROUND(Y95-Z95,2) -> 0 | AB95: 0 | AC95: 0 | AD95: =+ROUND(AB95-AC95,2) -> 0 | AE95: 0 | AF95: 0 | AG95: =+ROUND(AE95-AF95,2) -> 0 | AH95: 0 | AI95: 0 | AJ95: =+ROUND(AH95-AI95,2) -> 0
C96: 7.6 | D96: CONTENEDOR DE RAICES TIPO B20 (TIPO A) (1.2X1.2X1.40M. INC. SUMINISTRO, CONSTRUCCIÓN Y FILTRO EN GRAVILLA. NO INC. TIERRA) | E96: UN | F96: =+IF(SUMIF($J$7:$AJ$7,$F$6,$J96:$AJ96)<0,0,SUMIF($J$7:$AJ$7,$F$6,$J96:$AJ96)) -> 0 | G96: =SUM(MAX(0,L96),MAX(0,O96),MAX(0,R96),MAX(0,U96),MAX(0,X96),MAX(0,AA96),MAX(0,AD96),MAX(0,AG96),MAX(0,AJ96)) -> 0 | H96: 534776 | I96: =ROUND(H96*'INDEX ICOCIV'!$R$85,0) -> 727295 | J96: 0 | K96: 0 | L96: =+ROUND(J96-K96,2) -> 0 | M96: 0 | N96: 0 | O96: =+ROUND(M96-N96,2) -> 0 | P96: 0 | Q96: 0 | R96: =+ROUND(P96-Q96,2) -> 0 | S96: 0 | T96: 0 | U96: =+ROUND(S96-T96,2) -> 0 | V96: 0 | W96: 0 | X96: =+ROUND(V96-W96,2) -> 0 | Y96: 0 | Z96: 0 | AA96: =+ROUND(Y96-Z96,2) -> 0 | AB96: 0 | AC96: 0 | AD96: =+ROUND(AB96-AC96,2) -> 0 | AE96: 0 | AF96: 0 | AG96: =+ROUND(AE96-AF96,2) -> 0 | AH96: 0 | AI96: 0 | AJ96: =+ROUND(AH96-AI96,2) -> 0
C97: 8 | D97: MOBILIARIO URBANO | AC97: 0 | AI97: 0
C98: 8.1 | D98: BARANDA METALIC0A M-81 PREFABRICADA INCLUYE INSTALACION SOBRE VIGA CINTA, PIINTURA ANTICORROSIVA Y ESMALTE COLOR POR DEFINIR. ( LA BARANDA SE INSTALARÁ ANTES DE FUNFIR LA VIGA CINTA, ANCLADA A LOS ACEROS DE REFUERZO CON SOLDADURA ELECTRICA) APOYOS CADA 1,00 MTS. | E98: ML | F98: =+IF(SUMIF($J$7:$AJ$7,$F$6,$J98:$AJ98)<0,0,SUMIF($J$7:$AJ$7,$F$6,$J98:$AJ98)) -> 1021.91 | G98: =SUM(MAX(0,L98),MAX(0,O98),MAX(0,R98),MAX(0,U98),MAX(0,X98),MAX(0,AA98),MAX(0,AD98),MAX(0,AG98),MAX(0,AJ98)) -> 1021.91 | H98: 208962 | I98: =ROUND(H98*'INDEX ICOCIV'!$R$85,0) -> 284188 | J98: 102.36 | K98: 0 | L98: =+ROUND(J98-K98,2) -> 102.36 | M98: 106.4 | N98: 0 | O98: =+ROUND(M98-N98,2) -> 106.4 | P98: 125.52 | Q98: 0 | R98: =+ROUND(P98-Q98,2) -> 125.52 | S98: 134.71 | T98: 0 | U98: =+ROUND(S98-T98,2) -> 134.71 | V98: 94.95 | W98: 0 | X98: =+ROUND(V98-W98,2) -> 94.95 | Y98: 122.85 | Z98: 0 | AA98: =+ROUND(Y98-Z98,2) -> 122.85 | AB98: 115.54 | AC98: 0 | AD98: =+ROUND(AB98-AC98,2) -> 115.54 | AE98: 104.04 | AF98: 0 | AG98: =+ROUND(AE98-AF98,2) -> 104.04 | AH98: 115.54 | AI98: 0 | AJ98: =+ROUND(AH98-AI98,2) -> 115.54
C99: 8.2 | D99: CANECA TIPO M120 (EN MALLA METÁLICA. INCLUYE SUMINISTRO E INSTALACIÓN. INCLUYE BASE EN CONCRETO 1500 PSI, HECHO EN OBRA) | E99: UN | F99: =+IF(SUMIF($J$7:$AJ$7,$F$6,$J99:$AJ99)<0,0,SUMIF($J$7:$AJ$7,$F$6,$J99:$AJ99)) -> 0 | G99: =SUM(MAX(0,L99),MAX(0,O99),MAX(0,R99),MAX(0,U99),MAX(0,X99),MAX(0,AA99),MAX(0,AD99),MAX(0,AG99),MAX(0,AJ99)) -> 0 | H99: 272268 | I99: =ROUND(H99*'INDEX ICOCIV'!$R$85,0) -> 370284 | J99: 0 | K99: 0 | L99: =+ROUND(J99-K99,2) -> 0 | M99: 0 | N99: 0 | O99: =+ROUND(M99-N99,2) -> 0 | P99: 0 | Q99: 0 | R99: =+ROUND(P99-Q99,2) -> 0 | S99: 0 | T99: 0 | U99: =+ROUND(S99-T99,2) -> 0 | V99: 0 | W99: 0 | X99: =+ROUND(V99-W99,2) -> 0 | Y99: 0 | Z99: 0 | AA99: =+ROUND(Y99-Z99,2) -> 0 | AB99: 0 | AC99: 0 | AD99: =+ROUND(AB99-AC99,2) -> 0 | AE99: 0 | AF99: 0 | AG99: =+ROUND(AE99-AF99,2) -> 0 | AH99: 0 | AI99: 0 | AJ99: =+ROUND(AH99-AI99,2) -> 0
C100: 8.3 | D100: BOLARDO EN HIERRO TIPO M62 (SUMINISTRO E INSTALACIÓN. INCLUYE BASE EN CONCRETO 1500 PSI, PREMEZCLADO) | E100: UN | F100: =+IF(SUMIF($J$7:$AJ$7,$F$6,$J100:$AJ100)<0,0,SUMIF($J$7:$AJ$7,$F$6,$J100:$AJ100)) -> 9 | G100: =SUM(MAX(0,L100),MAX(0,O100),MAX(0,R100),MAX(0,U100),MAX(0,X100),MAX(0,AA100),MAX(0,AD100),MAX(0,AG100),MAX(0,AJ100)) -> 9 | H100: 143786 | I100: =ROUND(H100*'INDEX ICOCIV'!$R$85,0) -> 195549 | J100: 1 | K100: 0 | L100: =+ROUND(J100-K100,2) -> 1 | M100: 1 | N100: 0 | O100: =+ROUND(M100-N100,2) -> 1 | P100: 1 | Q100: 0 | R100: =+ROUND(P100-Q100,2) -> 1 | S100: 1 | T100: 0 | U100: =+ROUND(S100-T100,2) -> 1 | V100: 1 | W100: 0 | X100: =+ROUND(V100-W100,2) -> 1 | Y100: 1 | Z100: 0 | AA100: =+ROUND(Y100-Z100,2) -> 1 | AB100: 1 | AC100: 0 | AD100: =+ROUND(AB100-AC100,2) -> 1 | AE100: 1 | AF100: 0 | AG100: =+ROUND(AE100-AF100,2) -> 1 | AH100: 1 | AI100: 0 | AJ100: =+ROUND(AH100-AI100,2) -> 1
C101: 8.4 | D101: BANCA EN CONCRETO TIPO M30 (SUMINISTRO E INSTALACIÓN. NO INCLUYE MATERIAL DE BASE) | E101: UN | F101: =+IF(SUMIF($J$7:$AJ$7,$F$6,$J101:$AJ101)<0,0,SUMIF($J$7:$AJ$7,$F$6,$J101:$AJ101)) -> 0 | G101: =SUM(MAX(0,L101),MAX(0,O101),MAX(0,R101),MAX(0,U101),MAX(0,X101),MAX(0,AA101),MAX(0,AD101),MAX(0,AG101),MAX(0,AJ101)) -> 0 | H101: 590749 | I101: =ROUND(H101*'INDEX ICOCIV'!$R$85,0) -> 803419 | J101: 0 | K101: 0 | L101: =+ROUND(J101-K101,2) -> 0 | M101: 0 | N101: 0 | O101: =+ROUND(M101-N101,2) -> 0 | P101: 0 | Q101: 0 | R101: =+ROUND(P101-Q101,2) -> 0 | S101: 0 | T101: 0 | U101: =+ROUND(S101-T101,2) -> 0 | V101: 0 | W101: 0 | X101: =+ROUND(V101-W101,2) -> 0 | Y101: 0 | Z101: 0 | AA101: =+ROUND(Y101-Z101,2) -> 0 | AB101: 0 | AC101: 0 | AD101: =+ROUND(AB101-AC101,2) -> 0 | AE101: 0 | AF101: 0 | AG101: =+ROUND(AE101-AF101,2) -> 0 | AH101: 0 | AI101: 0 | AJ101: =+ROUND(AH101-AI101,2) -> 0
C102: 8.5 | D102: BANCA EN CONCRETO TIPO M31 (SUMINISTRO E INSTALACIÓN) | E102: UN | F102: =+IF(SUMIF($J$7:$AJ$7,$F$6,$J102:$AJ102)<0,0,SUMIF($J$7:$AJ$7,$F$6,$J102:$AJ102)) -> 0 | G102: =SUM(MAX(0,L102),MAX(0,O102),MAX(0,R102),MAX(0,U102),MAX(0,X102),MAX(0,AA102),MAX(0,AD102),MAX(0,AG102),MAX(0,AJ102)) -> 0 | H102: 314256 | I102: =ROUND(H102*'INDEX ICOCIV'!$R$85,0) -> 427388 | J102: 0 | K102: 0 | L102: =+ROUND(J102-K102,2) -> 0 | M102: 0 | N102: 0 | O102: =+ROUND(M102-N102,2) -> 0 | P102: 0 | Q102: 0 | R102: =+ROUND(P102-Q102,2) -> 0 | S102: 0 | T102: 0 | U102: =+ROUND(S102-T102,2) -> 0 | V102: 0 | W102: 0 | X102: =+ROUND(V102-W102,2) -> 0 | Y102: 0 | Z102: 0 | AA102: =+ROUND(Y102-Z102,2) -> 0 | AB102: 0 | AC102: 0 | AD102: =+ROUND(AB102-AC102,2) -> 0 | AE102: 0 | AF102: 0 | AG102: =+ROUND(AE102-AF102,2) -> 0 | AH102: 0 | AI102: 0 | AJ102: =+ROUND(AH102-AI102,2) -> 0
C103: 9 | D103: VARIOS | AC103: 0 | AI103: 0
C104: 9.1 | D104: LIMPIEZA Y ACOPIO MANUAL DE BASURAS AL FINALIZAR LA OBRA PARA POSTERIORMENTE HACER ENTREGA DE LA OBRA | E104: M2 | F104: =+IF(SUMIF($J$7:$AJ$7,$F$6,$J104:$AJ104)<0,0,SUMIF($J$7:$AJ$7,$F$6,$J104:$AJ104)) -> 5596.12 | G104: =SUM(MAX(0,L104),MAX(0,O104),MAX(0,R104),MAX(0,U104),MAX(0,X104),MAX(0,AA104),MAX(0,AD104),MAX(0,AG104),MAX(0,AJ104)) -> 5596.12 | H104: 165 | I104: =ROUND(H104*'INDEX ICOCIV'!$R$85,0) -> 224 | J104: 528.28 | K104: 0 | L104: =+ROUND(J104-K104,2) -> 528.28 | M104: 791.03 | N104: 0 | O104: =+ROUND(M104-N104,2) -> 791.03 | P104: 512.2 | Q104: 0 | R104: =+ROUND(P104-Q104,2) -> 512.2 | S104: 695.21 | T104: 0 | U104: =+ROUND(S104-T104,2) -> 695.21 | V104: 705.89 | W104: 0 | X104: =+ROUND(V104-W104,2) -> 705.89 | Y104: 634.02 | Z104: 0 | AA104: =+ROUND(Y104-Z104,2) -> 634.02 | AB104: 596.29 | AC104: 0 | AD104: =+ROUND(AB104-AC104,2) -> 596.29 | AE104: 536.91 | AF104: 0 | AG104: =+ROUND(AE104-AF104,2) -> 536.91 | AH104: 596.29 | AI104: 0 | AJ104: =+ROUND(AH104-AI104,2) -> 596.29
C105: 10 | D105: ITMENS NO PREVISTOS
C106: 10.01 | D106: RELLENO EN TRITURADO DE 3/4`` (INCLUYE TRANSPORTE, SUMINISTRO, EXTENDIDO MANUAL Y COLOCACIÓN) | E106: M3 | F106: =+IF(SUMIF($J$7:$AJ$7,$F$6,$J106:$AJ106)<0,0,SUMIF($J$7:$AJ$7,$F$6,$J106:$AJ106)) -> 87.5 | G106: =SUM(MAX(0,L106),MAX(0,O106),MAX(0,R106),MAX(0,U106),MAX(0,X106),MAX(0,AA106),MAX(0,AD106),MAX(0,AG106),MAX(0,AJ106)) -> 87.5 | H106: 107123 | I106: =ROUND(H106*'INDEX ICOCIV'!$R$85,0) -> 145687 | J106: 22 | K106: 0 | L106: =+ROUND(J106-K106,2) -> 22 | M106: 9.48 | N106: 8.82 | O106: =+ROUND(M106-N106,2) -> 0.66 | P106: 10 | Q106: 0.14 | R106: =+ROUND(P106-Q106,2) -> 9.86 | S106: 10.93 | T106: 4.18 | U106: =+ROUND(S106-T106,2) -> 6.75 | V106: 10 | W106: 0 | X106: =+ROUND(V106-W106,2) -> 10 | Y106: 9.97 | Z106: 0 | AA106: =+ROUND(Y106-Z106,2) -> 9.97 | AB106: 9.37 | AC106: 0 | AD106: =+ROUND(AB106-AC106,2) -> 9.37 | AE106: 8.44 | AF106: 0 | AG106: =+ROUND(AE106-AF106,2) -> 8.44 | AH106: 10.45 | AI106: 0 | AJ106: =+ROUND(AH106-AI106,2) -> 10.45
C107: 10.02 | D107: BASE Y CAÑUELA EN MORTERO IMPERMEABILIZADO ( SUMINISTRO E INSTALACIÓN, BASE H=0,10M, CAÑUELA H=0,15M) | E107: M2 | F107: =+IF(SUMIF($J$7:$AJ$7,$F$6,$J107:$AJ107)<0,0,SUMIF($J$7:$AJ$7,$F$6,$J107:$AJ107)) -> 104.48 | G107: =SUM(MAX(0,L107),MAX(0,O107),MAX(0,R107),MAX(0,U107),MAX(0,X107),MAX(0,AA107),MAX(0,AD107),MAX(0,AG107),MAX(0,AJ107)) -> 107.25 | H107: 129752 | I107: =ROUND(H107*'INDEX ICOCIV'!$R$85,0) -> 176463 | J107: 10.88 | K107: 10.88 | L107: =+ROUND(J107-K107,2) -> 0 | M107: 22.92 | N107: 23.64 | O107: =+ROUND(M107-N107,2) -> -0.72 | P107: 17.32 | Q107: 19.37 | R107: =+ROUND(P107-Q107,2) -> -2.05 | S107: 25.28 | T107: 18.12 | U107: =+ROUND(S107-T107,2) -> 7.16 | V107: 14.16 | W107: 0 | X107: =+ROUND(V107-W107,2) -> 14.16 | Y107: 23.05 | Z107: 0 | AA107: =+ROUND(Y107-Z107,2) -> 23.05 | AB107: 21.68 | AC107: 0 | AD107: =+ROUND(AB107-AC107,2) -> 21.68 | AE107: 19.52 | AF107: 0 | AG107: =+ROUND(AE107-AF107,2) -> 19.52 | AH107: 21.68 | AI107: 0 | AJ107: =+ROUND(AH107-AI107,2) -> 21.68
C108: 10.03 | D108: CONEXIONES KIT SILLA YEE 200 X 160 PVC. SUMINISTRO E INSTALACIÓN. SUMINISTRO Y CONSTRUCCIÓN | E108: UN | F108: =+IF(SUMIF($J$7:$AJ$7,$F$6,$J108:$AJ108)<0,0,SUMIF($J$7:$AJ$7,$F$6,$J108:$AJ108)) -> 80 | G108: =SUM(MAX(0,L108),MAX(0,O108),MAX(0,R108),MAX(0,U108),MAX(0,X108),MAX(0,AA108),MAX(0,AD108),MAX(0,AG108),MAX(0,AJ108)) -> 80 | H108: 122666 | I108: =ROUND(H108*'INDEX ICOCIV'!$R$85,0) -> 166826 | J108: 3 | K108: 2 | L108: =+ROUND(J108-K108,2) -> 1 | M108: 5 | N108: 5 | O108: =+ROUND(M108-N108,2) -> 0 | P108: 1 | Q108: 0 | R108: =+ROUND(P108-Q108,2) -> 1 | S108: 9 | T108: 8 | U108: =+ROUND(S108-T108,2) -> 1 | V108: 1 | W108: 0 | X108: =+ROUND(V108-W108,2) -> 1 | Y108: 23 | Z108: 0 | AA108: =+ROUND(Y108-Z108,2) -> 23 | AB108: 23 | AC108: 0 | AD108: =+ROUND(AB108-AC108,2) -> 23 | AE108: 10 | AF108: 0 | AG108: =+ROUND(AE108-AF108,2) -> 10 | AH108: 20 | AI108: 0 | AJ108: =+ROUND(AH108-AI108,2) -> 20
C109: 10.04 | D109: PROTECCION A SUMIDEROS (INCLUYE SUMINISTRO Y COLOCACIÓN DE BOLSAS DE LONA Y GEOTEXTIL NT 1600 O SIMILAR) | E109: UN/MES | F109: =+IF(SUMIF($J$7:$AJ$7,$F$6,$J109:$AJ109)<0,0,SUMIF($J$7:$AJ$7,$F$6,$J109:$AJ109)) -> 44 | G109: =SUM(MAX(0,L109),MAX(0,O109),MAX(0,R109),MAX(0,U109),MAX(0,X109),MAX(0,AA109),MAX(0,AD109),MAX(0,AG109),MAX(0,AJ109)) -> 66 | H109: 9151 | I109: =ROUND(H109*'INDEX ICOCIV'!$R$85,0) -> 12445 | J109: 20 | K109: 0 | L109: =+ROUND(J109-K109,2) -> 20 | M109: 0 | N109: 0 | O109: =+ROUND(M109-N109,2) -> 0 | P109: 38 | Q109: 0 | R109: =+ROUND(P109-Q109,2) -> 38 | S109: 0 | T109: 0 | U109: =+ROUND(S109-T109,2) -> 0 | V109: 37 | W109: 59 | X109: =+ROUND(V109-W109,2) -> -22 | Y109: 4 | Z109: 0 | AA109: =+ROUND(Y109-Z109,2) -> 4 | AB109: 4 | AC109: 0 | AD109: =+ROUND(AB109-AC109,2) -> 4 | AE109: 0 | AF109: 0 | AG109: =+ROUND(AE109-AF109,2) -> 0 | AH109: 0 | AI109: 0 | AJ109: =+ROUND(AH109-AI109,2) -> 0
C110: 10.05 | D110: EMPALME POR TERMOFUSIÓN DE TUBERÍA PAD | E110: UN | F110: =+IF(SUMIF($J$7:$AJ$7,$F$6,$J110:$AJ110)<0,0,SUMIF($J$7:$AJ$7,$F$6,$J110:$AJ110)) -> 0 | G110: =SUM(MAX(0,L110),MAX(0,O110),MAX(0,R110),MAX(0,U110),MAX(0,X110),MAX(0,AA110),MAX(0,AD110),MAX(0,AG110),MAX(0,AJ110)) -> 0 | H110: 1048432 | I110: =ROUND(H110*'INDEX ICOCIV'!$R$85,0) -> 1425868 | K110: 0 | L110: =+ROUND(J110-K110,2) -> 0 | M110: 0 | N110: 0 | O110: =+ROUND(M110-N110,2) -> 0 | P110: 0 | Q110: 0 | R110: =+ROUND(P110-Q110,2) -> 0 | S110: 0 | T110: 0 | U110: =+ROUND(S110-T110,2) -> 0 | V110: 0 | W110: 0 | X110: =+ROUND(V110-W110,2) -> 0 | Z110: 0 | AA110: =+ROUND(Y110-Z110,2) -> 0 | AC110: 0 | AD110: =+ROUND(AB110-AC110,2) -> 0 | AF110: 0 | AG110: =+ROUND(AE110-AF110,2) -> 0 | AI110: 0 | AJ110: =+ROUND(AH110-AI110,2) -> 0
C111: 10.06 | D111: CAJA DE INSPECCION 0.80X0.8M. SUMINISTRO Y CONSTRUCCION. (H=1M. INCLUYE MARCO Y TAPA, NO INCLUYE BASE Y CAÑUELA) | E111: UN | F111: =+IF(SUMIF($J$7:$AJ$7,$F$6,$J111:$AJ111)<0,0,SUMIF($J$7:$AJ$7,$F$6,$J111:$AJ111)) -> 0 | G111: =SUM(MAX(0,L111),MAX(0,O111),MAX(0,R111),MAX(0,U111),MAX(0,X111),MAX(0,AA111),MAX(0,AD111),MAX(0,AG111),MAX(0,AJ111)) -> 1 | H111: 749159 | I111: =ROUND(H111*'INDEX ICOCIV'!$R$85,0) -> 1018856 | J111: 10 | K111: 10 | L111: =+ROUND(J111-K111,2) -> 0 | M111: 21 | N111: 21 | O111: =+ROUND(M111-N111,2) -> 0 | P111: 2 | Q111: 2 | R111: =+ROUND(P111-Q111,2) -> 0 | S111: 20 | T111: 19 | U111: =+ROUND(S111-T111,2) -> 1 | V111: 8 | W111: 8 | X111: =+ROUND(V111-W111,2) -> 0 | Y111: 5 | Z111: 11 | AA111: =+ROUND(Y111-Z111,2) -> -6 | AB111: 5 | AC111: 8 | AD111: =+ROUND(AB111-AC111,2) -> -3 | AE111: 7 | AF111: 7 | AG111: =+ROUND(AE111-AF111,2) -> 0 | AH111: 3 | AI111: 3 | AJ111: =+ROUND(AH111-AI111,2) -> 0
C112: 10.07 | D112: CAJA DE INSPECCION 1.0X1.0M. SUMINISTRO Y CONSTRUCCION. (H=1.5M. INCLUYE MARCO Y TAPA, NO INCLUYE BASE Y CAÑUELA) | E112: UN | F112: =+IF(SUMIF($J$7:$AJ$7,$F$6,$J112:$AJ112)<0,0,SUMIF($J$7:$AJ$7,$F$6,$J112:$AJ112)) -> 0 | G112: =SUM(MAX(0,L112),MAX(0,O112),MAX(0,R112),MAX(0,U112),MAX(0,X112),MAX(0,AA112),MAX(0,AD112),MAX(0,AG112),MAX(0,AJ112)) -> 0 | H112: 1134584 | I112: =ROUND(H112*'INDEX ICOCIV'!$R$85,0) -> 1543034 | J112: 6 | K112: 6 | L112: =+ROUND(J112-K112,2) -> 0 | M112: 9 | N112: 9 | O112: =+ROUND(M112-N112,2) -> 0 | P112: 4 | Q112: 12 | R112: =+ROUND(P112-Q112,2) -> -8 | S112: 5 | T112: 5 | U112: =+ROUND(S112-T112,2) -> 0 | V112: 11 | W112: 11 | X112: =+ROUND(V112-W112,2) -> 0 | Y112: 7 | Z112: 7 | AA112: =+ROUND(Y112-Z112,2) -> 0 | AB112: 6 | AC112: 6 | AD112: =+ROUND(AB112-AC112,2) -> 0 | AE112: 6 | AF112: 6 | AG112: =+ROUND(AE112-AF112,2) -> 0 | AH112: 8 | AI112: 8 | AJ112: =+ROUND(AH112-AI112,2) -> 0
C113: 10.08 | D113: CAJA DE INSPECCION 1.0X1.0M. SUMINISTRO Y CONSTRUCCION. (H=2.0M. INCLUYE MARCO Y TAPA, NO INCLUYE BASE Y CAÑUELA) | E113: UN | F113: =+IF(SUMIF($J$7:$AJ$7,$F$6,$J113:$AJ113)<0,0,SUMIF($J$7:$AJ$7,$F$6,$J113:$AJ113)) -> 0 | G113: =SUM(MAX(0,L113),MAX(0,O113),MAX(0,R113),MAX(0,U113),MAX(0,X113),MAX(0,AA113),MAX(0,AD113),MAX(0,AG113),MAX(0,AJ113)) -> 8 | H113: 1291259 | I113: =ROUND(H113*'INDEX ICOCIV'!$R$85,0) -> 1756112 | J113: 1 | K113: 1 | L113: =+ROUND(J113-K113,2) -> 0 | M113: 2 | N113: 2 | O113: =+ROUND(M113-N113,2) -> 0 | P113: 1 | Q113: 9 | R113: =+ROUND(P113-Q113,2) -> -8 | S113: 3 | T113: 3 | U113: =+ROUND(S113-T113,2) -> 0 | V113: 9 | W113: 9 | X113: =+ROUND(V113-W113,2) -> 0 | Y113: 11 | Z113: 3 | AA113: =+ROUND(Y113-Z113,2) -> 8 | AB113: 10 | AC113: 10 | AD113: =+ROUND(AB113-AC113,2) -> 0 | AE113: 5 | AF113: 5 | AG113: =+ROUND(AE113-AF113,2) -> 0 | AH113: 2 | AI113: 2 | AJ113: =+ROUND(AH113-AI113,2) -> 0
C114: 10.09 | D114: CAJA DE INSPECCION 1.0X1.0M. SUMINISTRO Y CONSTRUCCION. (H=2.5M. INCLUYE MARCO Y TAPA, NO INCLUYE BASE Y CAÑUELA) | E114: UN | F114: =+IF(SUMIF($J$7:$AJ$7,$F$6,$J114:$AJ114)<0,0,SUMIF($J$7:$AJ$7,$F$6,$J114:$AJ114)) -> 1 | G114: =SUM(MAX(0,L114),MAX(0,O114),MAX(0,R114),MAX(0,U114),MAX(0,X114),MAX(0,AA114),MAX(0,AD114),MAX(0,AG114),MAX(0,AJ114)) -> 3 | H114: 1447933 | I114: =ROUND(H114*'INDEX ICOCIV'!$R$85,0) -> 1969189 | J114: 0 | K114: 0 | L114: =+ROUND(J114-K114,2) -> 0 | M114: 0 | N114: 0 | O114: =+ROUND(M114-N114,2) -> 0 | P114: 1 | Q114: 3 | R114: =+ROUND(P114-Q114,2) -> -2 | S114: 0 | T114: 0 | U114: =+ROUND(S114-T114,2) -> 0 | V114: 0 | W114: 0 | X114: =+ROUND(V114-W114,2) -> 0 | Y114: 1 | Z114: 0 | AA114: =+ROUND(Y114-Z114,2) -> 1 | AB114: 2 | AC114: 0 | AD114: =+ROUND(AB114-AC114,2) -> 2 | AE114: 0 | AF114: 0 | AG114: =+ROUND(AE114-AF114,2) -> 0 | AH114: 1 | AI114: 1 | AJ114: =+ROUND(AH114-AI114,2) -> 0
C115: 10.10 | D115: MURO DE CONTENCIÓN EN CONCRETO 3000 PSI PREMEZCLADO, GRAVA FINA. (INCLUYE SUMINISTRO, FORMALETEO, BOMBEO, COLOCACIÓN Y CURADO. NO INCL. REFUERZO) | E115: M3 | F115: =+IF(SUMIF($J$7:$AJ$7,$F$6,$J115:$AJ115)<0,0,SUMIF($J$7:$AJ$7,$F$6,$J115:$AJ115)) -> 423.81 | G115: =SUM(MAX(0,L115),MAX(0,O115),MAX(0,R115),MAX(0,U115),MAX(0,X115),MAX(0,AA115),MAX(0,AD115),MAX(0,AG115),MAX(0,AJ115)) -> 423.81 | H115: 702460 | I115: =ROUND(H115*'INDEX ICOCIV'!$R$85,0) -> 955346 | J115: 54.42 | K115: 54.42 | L115: =+ROUND(J115-K115,2) -> 0 | M115: 52.92 | N115: 42.93 | O115: =+ROUND(M115-N115,2) -> 9.99 | P115: 74.13 | Q115: 65.73 | R115: =+ROUND(P115-Q115,2) -> 8.4 | S115: 71.45 | T115: 67.16 | U115: =+ROUND(S115-T115,2) -> 4.29 | V115: 73.36 | W115: 35.33 | X115: =+ROUND(V115-W115,2) -> 38.03 | Y115: 95.16 | Z115: 0 | AA115: =+ROUND(Y115-Z115,2) -> 95.16 | AB115: 91.28 | AC115: 0 | AD115: =+ROUND(AB115-AC115,2) -> 91.28 | AE115: 85.18 | AF115: 0 | AG115: =+ROUND(AE115-AF115,2) -> 85.18 | AH115: 91.48 | AI115: 0 | AJ115: =+ROUND(AH115-AI115,2) -> 91.48
C116: 10.11 | D116: SUMINISTRO E INSTALACIÓN DE VARILLA DE ACERO NTC 2289 GRADO 60 | E116: KG | F116: =+IF(SUMIF($J$7:$AJ$7,$F$6,$J116:$AJ116)<0,0,SUMIF($J$7:$AJ$7,$F$6,$J116:$AJ116)) -> 74760.64 | G116: =SUM(MAX(0,L116),MAX(0,O116),MAX(0,R116),MAX(0,U116),MAX(0,X116),MAX(0,AA116),MAX(0,AD116),MAX(0,AG116),MAX(0,AJ116)) -> 74760.64 | H116: 5536 | I116: =ROUND(H116*'INDEX ICOCIV'!$R$85,0) -> 7529 | J116: 10550.84 | K116: 7207.494 | L116: =+ROUND(J116-K116,2) -> 3343.35 | M116: 7130.1 | N116: 6130.04 | O116: =+ROUND(M116-N116,2) -> 1000.06 | P116: 8752.03 | Q116: 6850.07 | R116: =+ROUND(P116-Q116,2) -> 1901.96 | S116: 9024.64 | T116: 6968.54 | U116: =+ROUND(S116-T116,2) -> 2056.1 | V116: 8340.24 | W116: 2917.27 | X116: =+ROUND(V116-W116,2) -> 5422.97 | Y116: 15706.32 | Z116: 0 | AA116: =+ROUND(Y116-Z116,2) -> 15706.32 | AB116: 15310.56 | AC116: 0 | AD116: =+ROUND(AB116-AC116,2) -> 15310.56 | AE116: 14688.36 | AF116: 0 | AG116: =+ROUND(AE116-AF116,2) -> 14688.36 | AH116: 15330.96 | AI116: 0 | AJ116: =+ROUND(AH116-AI116,2) -> 15330.96
C117: 10.12 | D117: TUBERÍA PVC SANITARIA D=4" TIPO U.S. (INCLUYE SUMINISTRO E INSTALACIÓN) | E117: ML | F117: =+IF(SUMIF($J$7:$AJ$7,$F$6,$J117:$AJ117)<0,0,SUMIF($J$7:$AJ$7,$F$6,$J117:$AJ117)) -> 272.03 | G117: =SUM(MAX(0,L117),MAX(0,O117),MAX(0,R117),MAX(0,U117),MAX(0,X117),MAX(0,AA117),MAX(0,AD117),MAX(0,AG117),MAX(0,AJ117)) -> 272.03 | H117: 31808 | I117: =ROUND(H117*'INDEX ICOCIV'!$R$85,0) -> 43259 | J117: 50 | K117: 0 | L117: =+ROUND(J117-K117,2) -> 50 | M117: 40 | N117: 0 | O117: =+ROUND(M117-N117,2) -> 40 | P117: 30 | Q117: 27.57 | R117: =+ROUND(P117-Q117,2) -> 2.43 | S117: 38 | T117: 25.65 | U117: =+ROUND(S117-T117,2) -> 12.35 | V117: 45 | W117: 0 | X117: =+ROUND(V117-W117,2) -> 45 | Y117: 34.66 | Z117: 0 | AA117: =+ROUND(Y117-Z117,2) -> 34.66 | AB117: 32.59 | AC117: 0 | AD117: =+ROUND(AB117-AC117,2) -> 32.59 | AE117: 30 | AF117: 0 | AG117: =+ROUND(AE117-AF117,2) -> 30 | AH117: 25 | AI117: 0 | AJ117: =+ROUND(AH117-AI117,2) -> 25
C118: 10.13 | D118: CODO 90° CXE PVC SANITARIA D=4" (INCLUYE SUMINISTRO E INSTALACIÓN) | E118: UN | F118: =+IF(SUMIF($J$7:$AJ$7,$F$6,$J118:$AJ118)<0,0,SUMIF($J$7:$AJ$7,$F$6,$J118:$AJ118)) -> 155 | G118: =SUM(MAX(0,L118),MAX(0,O118),MAX(0,R118),MAX(0,U118),MAX(0,X118),MAX(0,AA118),MAX(0,AD118),MAX(0,AG118),MAX(0,AJ118)) -> 163 | H118: 20789 | I118: =ROUND(H118*'INDEX ICOCIV'!$R$85,0) -> 28273 | J118: 30 | K118: 0 | L118: =+ROUND(J118-K118,2) -> 30 | M118: 12 | N118: 0 | O118: =+ROUND(M118-N118,2) -> 12 | P118: 15 | Q118: 17 | R118: =+ROUND(P118-Q118,2) -> -2 | S118: 15 | T118: 21 | U118: =+ROUND(S118-T118,2) -> -6 | V118: 20 | W118: 0 | X118: =+ROUND(V118-W118,2) -> 20 | Y118: 23 | Z118: 0 | AA118: =+ROUND(Y118-Z118,2) -> 23 | AB118: 23 | AC118: 0 | AD118: =+ROUND(AB118-AC118,2) -> 23 | AE118: 30 | AF118: 0 | AG118: =+ROUND(AE118-AF118,2) -> 30 | AH118: 25 | AI118: 0 | AJ118: =+ROUND(AH118-AI118,2) -> 25
C119: 10.14 | D119: CONCRETO 1500 PSI (HECHO EN OBRA 1:3:5 CON ARENA Y GRAVILLA DE RÍO) | E119: M3 | F119: =+IF(SUMIF($J$7:$AJ$7,$F$6,$J119:$AJ119)<0,0,SUMIF($J$7:$AJ$7,$F$6,$J119:$AJ119)) -> 35.88 | G119: =SUM(MAX(0,L119),MAX(0,O119),MAX(0,R119),MAX(0,U119),MAX(0,X119),MAX(0,AA119),MAX(0,AD119),MAX(0,AG119),MAX(0,AJ119)) -> 35.88 | H119: 323343 | I119: =ROUND(H119*'INDEX ICOCIV'!$R$85,0) -> 439746 | J119: 5.53 | K119: 5.53 | L119: =+ROUND(J119-K119,2) -> 0 | M119: 4.81 | N119: 4 | O119: =+ROUND(M119-N119,2) -> 0.81 | P119: 9.06 | Q119: 4.11 | R119: =+ROUND(P119-Q119,2) -> 4.95 | S119: 5.11 | T119: 4.94 | U119: =+ROUND(S119-T119,2) -> 0.17 | V119: 9.39 | W119: 2.86 | X119: =+ROUND(V119-W119,2) -> 6.53 | Y119: 4.66 | Z119: 0 | AA119: =+ROUND(Y119-Z119,2) -> 4.66 | AB119: 4.38 | AC119: 0 | AD119: =+ROUND(AB119-AC119,2) -> 4.38 | AE119: 10 | AF119: 0 | AG119: =+ROUND(AE119-AF119,2) -> 10 | AH119: 4.38 | AI119: 0 | AJ119: =+ROUND(AH119-AI119,2) -> 4.38
C120: 10.15 | G120: =SUM(MAX(0,L120),MAX(0,O120),MAX(0,R120),MAX(0,U120),MAX(0,X120),MAX(0,AA120),MAX(0,AD120),MAX(0,AG120),MAX(0,AJ120)) -> 0 | I120: =ROUND(H120*'INDEX ICOCIV'!$R$85,0) -> 0 | L120: =+ROUND(J120-K120,2) -> 0 | N120: 0 | O120: =+ROUND(M120-N120,2) -> 0 | Q120: 0 | R120: =+ROUND(P120-Q120,2) -> 0 | T120: 0 | U120: =+ROUND(S120-T120,2) -> 0 | W120: 0 | X120: =+ROUND(V120-W120,2) -> 0 | Z120: 0 | AA120: =+ROUND(Y120-Z120,2) -> 0 | AC120: 0 | AD120: =+ROUND(AB120-AC120,2) -> 0 | AF120: 0 | AG120: =+ROUND(AE120-AF120,2) -> 0 | AI120: 0 | AJ120: =+ROUND(AH120-AI120,2) -> 0
C121: 10.16 | D121: COMISIÓN TOPOGRÁFICA Y DIBUJANTE | E121: UN/MES | F121: =+IF(SUMIF($J$7:$AJ$7,$F$6,$J121:$AJ121)<0,0,SUMIF($J$7:$AJ$7,$F$6,$J121:$AJ121)) -> 0 | G121: =SUM(MAX(0,L121),MAX(0,O121),MAX(0,R121),MAX(0,U121),MAX(0,X121),MAX(0,AA121),MAX(0,AD121),MAX(0,AG121),MAX(0,AJ121)) -> 0 | H121: 12575572 | I121: =ROUND(H121*'INDEX ICOCIV'!$R$85,0) -> 17102778 | K121: 0 | L121: =+ROUND(J121-K121,2) -> 0 | N121: 0 | O121: =+ROUND(M121-N121,2) -> 0 | Q121: 0 | R121: =+ROUND(P121-Q121,2) -> 0 | T121: 0 | U121: =+ROUND(S121-T121,2) -> 0 | W121: 0 | X121: =+ROUND(V121-W121,2) -> 0 | Z121: 0 | AA121: =+ROUND(Y121-Z121,2) -> 0 | AC121: 0 | AD121: =+ROUND(AB121-AC121,2) -> 0 | AF121: 0 | AG121: =+ROUND(AE121-AF121,2) -> 0 | AI121: 0 | AJ121: =+ROUND(AH121-AI121,2) -> 0
C122: 10.17 | D122: INSPECCIÓN DE REDES DE ALCANTARILLADO CON SISTEMAS CCTV PARA DIÁMETROS ENTRE 6" A 36" | E122: ML | F122: =+IF(SUMIF($J$7:$AJ$7,$F$6,$J122:$AJ122)<0,0,SUMIF($J$7:$AJ$7,$F$6,$J122:$AJ122)) -> 0 | G122: =SUM(MAX(0,L122),MAX(0,O122),MAX(0,R122),MAX(0,U122),MAX(0,X122),MAX(0,AA122),MAX(0,AD122),MAX(0,AG122),MAX(0,AJ122)) -> 0 | H122: 10710 | I122: =ROUND(H122*'INDEX ICOCIV'!$R$85,0) -> 14566 | K122: 0 | L122: =+ROUND(J122-K122,2) -> 0 | N122: 0 | O122: =+ROUND(M122-N122,2) -> 0 | Q122: 0 | R122: =+ROUND(P122-Q122,2) -> 0 | T122: 0 | U122: =+ROUND(S122-T122,2) -> 0 | W122: 0 | X122: =+ROUND(V122-W122,2) -> 0 | Z122: 0 | AA122: =+ROUND(Y122-Z122,2) -> 0 | AC122: 0 | AD122: =+ROUND(AB122-AC122,2) -> 0 | AF122: 0 | AG122: =+ROUND(AE122-AF122,2) -> 0 | AI122: 0 | AJ122: =+ROUND(AH122-AI122,2) -> 0
C123: 10.18 | D123: LAVADO Y SONDEO DE REDES DE ALCANTARILLADO ENTRE 6" Y 18" DE DIÁMETRO Y CON GRADO DE COLMATACIÓN MENOR DEL 30%. INCL MANO DE OBRA IDÓNEA, SEÑALIZACIÓN BÁSICA, SUMIN DE COMBUSTIBLE Y AGUA. INCL. IVA | E123: ML | F123: =+IF(SUMIF($J$7:$AJ$7,$F$6,$J123:$AJ123)<0,0,SUMIF($J$7:$AJ$7,$F$6,$J123:$AJ123)) -> 0 | G123: =SUM(MAX(0,L123),MAX(0,O123),MAX(0,R123),MAX(0,U123),MAX(0,X123),MAX(0,AA123),MAX(0,AD123),MAX(0,AG123),MAX(0,AJ123)) -> 0 | H123: 14875 | I123: =ROUND(H123*'INDEX ICOCIV'!$R$85,0) -> 20230 | K123: 0 | L123: =+ROUND(J123-K123,2) -> 0 | N123: 0 | O123: =+ROUND(M123-N123,2) -> 0 | Q123: 0 | R123: =+ROUND(P123-Q123,2) -> 0 | T123: 0 | U123: =+ROUND(S123-T123,2) -> 0 | W123: 0 | X123: =+ROUND(V123-W123,2) -> 0 | Z123: 0 | AA123: =+ROUND(Y123-Z123,2) -> 0 | AC123: 0 | AD123: =+ROUND(AB123-AC123,2) -> 0 | AF123: 0 | AG123: =+ROUND(AE123-AF123,2) -> 0 | AI123: 0 | AJ123: =+ROUND(AH123-AI123,2) -> 0
C124: 10.19 | G124: =SUM(MAX(0,L124),MAX(0,O124),MAX(0,R124),MAX(0,U124),MAX(0,X124),MAX(0,AA124),MAX(0,AD124),MAX(0,AG124),MAX(0,AJ124)) -> 0 | I124: =ROUND(H124*'INDEX ICOCIV'!$R$85,0) -> 0 | K124: 0 | L124: =+ROUND(J124-K124,2) -> 0 | N124: 0 | O124: =+ROUND(M124-N124,2) -> 0 | Q124: 0 | R124: =+ROUND(P124-Q124,2) -> 0 | T124: 0 | U124: =+ROUND(S124-T124,2) -> 0 | W124: 0 | X124: =+ROUND(V124-W124,2) -> 0 | Z124: 0 | AA124: =+ROUND(Y124-Z124,2) -> 0 | AC124: 0 | AD124: =+ROUND(AB124-AC124,2) -> 0 | AF124: 0 | AG124: =+ROUND(AE124-AF124,2) -> 0 | AI124: 0 | AJ124: =+ROUND(AH124-AI124,2) -> 0
C125: 10.20 | D125: TRASIEGO DE MATERIAL DE EXCAVACIÓN DISTANCIA 45 ML INCLUYE CARGUE | E125: M3 | F125: =+IF(SUMIF($J$7:$AJ$7,$F$6,$J125:$AJ125)<0,0,SUMIF($J$7:$AJ$7,$F$6,$J125:$AJ125)) -> 3164.01 | G125: =SUM(MAX(0,L125),MAX(0,O125),MAX(0,R125),MAX(0,U125),MAX(0,X125),MAX(0,AA125),MAX(0,AD125),MAX(0,AG125),MAX(0,AJ125)) -> 3164.01 | H125: 74731 | I125: =ROUND(H125*'INDEX ICOCIV'!$R$85,0) -> 101634 | J125: 226.23205 | K125: 2.27 | L125: =+ROUND(J125-K125,2) -> 223.96 | M125: 212.55239 | N125: 0 | O125: =+ROUND(M125-N125,2) -> 212.55 | P125: 279.212 | Q125: 72.22 | R125: =+ROUND(P125-Q125,2) -> 206.99 | S125: 338.01451 | T125: 93.83 | U125: =+ROUND(S125-T125,2) -> 244.18 | V125: 228.09275 | W125: 57.95 | X125: =+ROUND(V125-W125,2) -> 170.14 | Y125: 520.23345 | Z125: 0 | AA125: =+ROUND(Y125-Z125,2) -> 520.23 | AB125: 539.58767 | AC125: 0 | AD125: =+ROUND(AB125-AC125,2) -> 539.59 | AE125: 530.97593 | AF125: 0 | AG125: =+ROUND(AE125-AF125,2) -> 530.98 | AH125: 515.3875 | AI125: 0 | AJ125: =+ROUND(AH125-AI125,2) -> 515.39

Sheet Comparativo
A1: COMPARATIVO DE ACTIVIDADES CON SIMILITUD ≥ 90%
A2: Valor unitario indexado (ene. 2022–jun. 2027) | Similitud textual normalizada y correspondencia única
A4: LECTURA RÁPIDA
A5: Se identificaron 32 pares de actividades con similitud mínima del 90%: 19 equivalencias normalizadas al 100% y 13 coincidencias aproximadas. Se muestran ambas descripciones porque una similitud textual alta puede conservar diferencias técnicas como diámetro, tipo o material.
A8: ACTIVIDAD ALPES | B8: NUMERAL ALPES | C8: UNIDAD ALPES | D8: VALOR INDEXADO ALPES | E8: ACTIVIDAD CARACOLÍ | F8: NUMERAL CARACOLÍ | G8: UNIDAD CARACOLÍ | H8: VALOR INDEXADO CARACOLÍ | I8: SIMILITUD % | J8: DIFERENCIA | K8: VARIACIÓN % | L8: COMPARACIÓN | M8: MENOR VALOR
A9: ='[2]VALORES INDEXADOS OBRA ALPES'!D13 -> REPLANTEO GENERAL | B9: ='[2]VALORES INDEXADOS OBRA ALPES'!C13 -> 1.1 | C9: ='[2]VALORES INDEXADOS OBRA ALPES'!E13 -> M2 | D9: ='VALORES INDEXADOS OBRA ALPES'!H13 -> 877.66199 | E9: ='[2]VALORES INDEXADOS OBRA CARACOLÍ'!D13 -> REPLANTEO GENERAL | F9: ='[2]VALORES INDEXADOS OBRA CARACOLÍ'!C13 -> 1.1 | G9: ='[2]VALORES INDEXADOS OBRA CARACOLÍ'!E13 -> M2 | H9: ='VALORES INDEXADOS OBRA CARACOLÍ'!H13 -> 824 | I9: 1 | J9: =D9-H9 -> 53.661992 | K9: =IF(H9=0,"",J9/H9) -> 0.065123777 | L9: =IF(D9>H9,"Alpes mayor",IF(D9<H9,"Alpes menor","Iguales")) -> Alpes mayor | M9: =MIN(tblComparativoIndexado[[#This Row],[VALOR INDEXADO ALPES]],tblComparativoIndexado[[#This Row],[VALOR INDEXADO CARACOLÍ]]) -> 824
A10: ='[2]VALORES INDEXADOS OBRA ALPES'!D21 -> EXCAVACION MECANICA EN MATERIAL COMUN (INCLUYE CARGUE) | B10: ='[2]VALORES INDEXADOS OBRA ALPES'!C21 -> 1.9 | C10: ='[2]VALORES INDEXADOS OBRA ALPES'!E21 -> M3 | D10: ='VALORES INDEXADOS OBRA ALPES'!H21 -> 6598.7662 | E10: ='[2]VALORES INDEXADOS OBRA CARACOLÍ'!D69 -> EXCAVACION MECANICA EN MATERIAL COMUN. INCLUYE CARGUE. | F10: ='[2]VALORES INDEXADOS OBRA CARACOLÍ'!C69 -> 3.10 | G10: ='[2]VALORES INDEXADOS OBRA CARACOLÍ'!E69 -> M3 | H10: ='VALORES INDEXADOS OBRA CARACOLÍ'!H69 -> 6203 | I10: 1 | J10: =D10-H10 -> 395.76624 | K10: =IF(H10=0,"",J10/H10) -> 0.063802392 | L10: =IF(D10>H10,"Alpes mayor",IF(D10<H10,"Alpes menor","Iguales")) -> Alpes mayor | M10: =MIN(tblComparativoIndexado[[#This Row],[VALOR INDEXADO ALPES]],tblComparativoIndexado[[#This Row],[VALOR INDEXADO CARACOLÍ]]) -> 6203
A11: ='[2]VALORES INDEXADOS OBRA ALPES'!D25 -> TRANSPORTE Y DISPOSICION FINAL DE ESCOMBROS EN SITIO AUTORIZADO (DISTANCIA DE TRANSPORTE 21 KM). A DISTANCIA MAYOR DEL ACARREO LIBRE (90 M) EN SITIO AUTORIZADO POR LA ENTIDAD AMBIENTAL COMPETENTE. | B11: ='[2]VALORES INDEXADOS OBRA ALPES'!C25 -> 1.13 | C11: ='[2]VALORES INDEXADOS OBRA ALPES'!E25 -> M3 | D11: ='VALORES INDEXADOS OBRA ALPES'!H25 -> 32452.628 | E11: ='[2]VALORES INDEXADOS OBRA CARACOLÍ'!D20 -> TRANSPORTE Y DISPOSICION FINAL DE ESCOMBROS EN SITIO AUTORIZADO (DISTANCIA DE TRANSPORTE 21 KM). A DISTANCIA MAYOR DEL ACARREO LIBRE (90 M) EN SITIO AUTORIZADO POR LA ENTIDAD AMBIENTAL COMPETENTE. | F11: ='[2]VALORES INDEXADOS OBRA CARACOLÍ'!C20 -> 2.4 | G11: ='[2]VALORES INDEXADOS OBRA CARACOLÍ'!E20 -> M3 | H11: ='VALORES INDEXADOS OBRA CARACOLÍ'!H20 -> 36506 | I11: 1 | J11: =D11-H11 -> -4053.372 | K11: =IF(H11=0,"",J11/H11) -> -0.11103303 | L11: =IF(D11>H11,"Alpes mayor",IF(D11<H11,"Alpes menor","Iguales")) -> Alpes menor | M11: =MIN(tblComparativoIndexado[[#This Row],[VALOR INDEXADO ALPES]],tblComparativoIndexado[[#This Row],[VALOR INDEXADO CARACOLÍ]]) -> 32452.628
A12: ='[2]VALORES INDEXADOS OBRA ALPES'!D34 -> CURADO DE LOSAS DE CONCRETO (SUMINISTRO Y APLICACIÓN) | B12: ='[2]VALORES INDEXADOS OBRA ALPES'!C34 -> 2.8 | C12: ='[2]VALORES INDEXADOS OBRA ALPES'!E34 -> M2 | D12: ='VALORES INDEXADOS OBRA ALPES'!H34 -> 2038.3146 | E12: ='[2]VALORES INDEXADOS OBRA CARACOLÍ'!D64 -> CURADO DE LOSAS DE CONCRETO (SUMINISTRO Y APLICACIÓN) | F12: ='[2]VALORES INDEXADOS OBRA CARACOLÍ'!C64 -> 3.5 | G12: ='[2]VALORES INDEXADOS OBRA CARACOLÍ'!E64 -> M2 | H12: ='VALORES INDEXADOS OBRA CARACOLÍ'!H64 -> 2085 | I12: 1 | J12: =D12-H12 -> -46.685448 | K12: =IF(H12=0,"",J12/H12) -> -0.022391102 | L12: =IF(D12>H12,"Alpes mayor",IF(D12<H12,"Alpes menor","Iguales")) -> Alpes menor | M12: =MIN(tblComparativoIndexado[[#This Row],[VALOR INDEXADO ALPES]],tblComparativoIndexado[[#This Row],[VALOR INDEXADO CARACOLÍ]]) -> 2038.3146
A13: ='[2]VALORES INDEXADOS OBRA ALPES'!D80 -> RELLENO EN TIERRA NEGRA PARA EMPRADIZACIÓN (SUMINISTRO Y EXTENDIDO). | B13: ='[2]VALORES INDEXADOS OBRA ALPES'!C80 -> 5.7 | C13: ='[2]VALORES INDEXADOS OBRA ALPES'!E80 -> M3 | D13: ='VALORES INDEXADOS OBRA ALPES'!H80 -> 44094.364 | E13: ='[2]VALORES INDEXADOS OBRA CARACOLÍ'!D99 -> RELLENO EN TIERRA NEGRA PARA EMPRADIZACION (SUMINISTRO Y EXTENDIDO) | F13: ='[2]VALORES INDEXADOS OBRA CARACOLÍ'!C99 -> 7.5 | G13: ='[2]VALORES INDEXADOS OBRA CARACOLÍ'!E99 -> M3 | H13: ='VALORES INDEXADOS OBRA CARACOLÍ'!H99 -> 75193 | I13: 1 | J13: =D13-H13 -> -31098.636 | K13: =IF(H13=0,"",J13/H13) -> -0.41358418 | L13: =IF(D13>H13,"Alpes mayor",IF(D13<H13,"Alpes menor","Iguales")) -> Alpes menor | M13: =MIN(tblComparativoIndexado[[#This Row],[VALOR INDEXADO ALPES]],tblComparativoIndexado[[#This Row],[VALOR INDEXADO CARACOLÍ]]) -> 44094.364
A14: ='[2]VALORES INDEXADOS OBRA ALPES'!D88 -> POZO DE INSPECCION D=1.7 M (INCL. SUMINISTRO E INSTALACION). INCLUYE CILINDRO POZO DE INSPECCION EN MAMPOSTERIA, CONO PREFABRICADO, PLACA FONDO. | B14: ='[2]VALORES INDEXADOS OBRA ALPES'!C88 -> 6.3 | C14: ='[2]VALORES INDEXADOS OBRA ALPES'!E88 -> UN | D14: ='VALORES INDEXADOS OBRA ALPES'!H88 -> 3966095.9 | E14: ='[2]VALORES INDEXADOS OBRA CARACOLÍ'!D36 -> POZO DE INSPECCION D=1.7 M (INCL. SUMINISTRO E INSTALACION). INCLUYE CILINDRO POZO DE INSPECCION EN MAMPOSTERIA, CONO PREFABRICADO, PLACA FONDO. | F14: ='[2]VALORES INDEXADOS OBRA CARACOLÍ'!C36 -> 2.20 | G14: ='[2]VALORES INDEXADOS OBRA CARACOLÍ'!E36 -> UN | H14: ='VALORES INDEXADOS OBRA CARACOLÍ'!H36 -> 4809499 | I14: 1 | J14: =D14-H14 -> -843403.14 | K14: =IF(H14=0,"",J14/H14) -> -0.17536195 | L14: =IF(D14>H14,"Alpes mayor",IF(D14<H14,"Alpes menor","Iguales")) -> Alpes menor | M14: =MIN(tblComparativoIndexado[[#This Row],[VALOR INDEXADO ALPES]],tblComparativoIndexado[[#This Row],[VALOR INDEXADO CARACOLÍ]]) -> 3966095.9
A15: ='[2]VALORES INDEXADOS OBRA ALPES'!D91 -> CONSTRUCCION CANALETA DE AGUAS LLUVIAS DE 0.4 X 0.4 MT EN CONCRETO DE 3000PSI INCLUYE REJILLA PREFABRICADA. | B15: ='[2]VALORES INDEXADOS OBRA ALPES'!C91 -> 6.6 | C15: ='[2]VALORES INDEXADOS OBRA ALPES'!E91 -> M | D15: ='VALORES INDEXADOS OBRA ALPES'!H91 -> 237688.6 | E15: ='[2]VALORES INDEXADOS OBRA CARACOLÍ'!D47 -> CONSTRUCCION CANALETA DE AGUAS LLUVIAS DE 0.4 X 0.4 MT EN CONCRETO DE 3000PSI INCLUYE REJILLA PREFABRICADA. | F15: ='[2]VALORES INDEXADOS OBRA CARACOLÍ'!C47 -> 2.31 | G15: ='[2]VALORES INDEXADOS OBRA CARACOLÍ'!E47 -> ML | H15: ='VALORES INDEXADOS OBRA CARACOLÍ'!H47 -> 224849 | I15: 1 | J15: =D15-H15 -> 12839.603 | K15: =IF(H15=0,"",J15/H15) -> 0.057103226 | L15: =IF(D15>H15,"Alpes mayor",IF(D15<H15,"Alpes menor","Iguales")) -> Alpes mayor | M15: =MIN(tblComparativoIndexado[[#This Row],[VALOR INDEXADO ALPES]],tblComparativoIndexado[[#This Row],[VALOR INDEXADO CARACOLÍ]]) -> 224849
A16: ='[2]VALORES INDEXADOS OBRA ALPES'!D94 -> RELLENO EN RECEBO COMUN (SUMINISTRO E INSTALACIÓN EXTENDIDO MANUAL, HUMEDECIMIENTO Y COMPACTACIÓN TRANSPORTE A 28 KM). | B16: ='[2]VALORES INDEXADOS OBRA ALPES'!C94 -> 6.9 | C16: ='[2]VALORES INDEXADOS OBRA ALPES'!E94 -> M3 | D16: ='VALORES INDEXADOS OBRA ALPES'!H94 -> 91395.521 | E16: ='[2]VALORES INDEXADOS OBRA CARACOLÍ'!D68 -> RELLENO EN RECEBO COMUN (SUMINISTRO E INSTALACIÓN EXTENDIDO MANUAL, HUMEDECIMIENTO Y COMPACTACIÓN TRANSPORTE A 28 KM). | F16: ='[2]VALORES INDEXADOS OBRA CARACOLÍ'!C68 -> 3.9 | G16: ='[2]VALORES INDEXADOS OBRA CARACOLÍ'!E68 -> M3 | H16: ='VALORES INDEXADOS OBRA CARACOLÍ'!H68 -> 85364 | I16: 1 | J16: =D16-H16 -> 6031.5206 | K16: =IF(H16=0,"",J16/H16) -> 0.07065649 | L16: =IF(D16>H16,"Alpes mayor",IF(D16<H16,"Alpes menor","Iguales")) -> Alpes mayor | M16: =MIN(tblComparativoIndexado[[#This Row],[VALOR INDEXADO ALPES]],tblComparativoIndexado[[#This Row],[VALOR INDEXADO CARACOLÍ]]) -> 85364
A17: ='[2]VALORES INDEXADOS OBRA ALPES'!D97 -> ENTIBADO EC-2 CONTÍNUO MADERA CON PERFILES METÁLICOS Y PARALES TELESCÓPICOS. SUMINISTRO E INSTALACIÓN. | B17: ='[2]VALORES INDEXADOS OBRA ALPES'!C97 -> 6.12 | C17: ='[2]VALORES INDEXADOS OBRA ALPES'!E97 -> M2 | D17: ='VALORES INDEXADOS OBRA ALPES'!H97 -> 70784.157 | E17: ='[2]VALORES INDEXADOS OBRA CARACOLÍ'!D41 -> ENTIBADO EC-2 CONTÍNUO MADERA CON PERFILES METÁLICOS Y PARALES TELESCÓPICOS. SUMINISTRO E INSTALACIÓN. | F17: ='[2]VALORES INDEXADOS OBRA CARACOLÍ'!C41 -> 2.25 | G17: ='[2]VALORES INDEXADOS OBRA CARACOLÍ'!E41 -> M2 | H17: ='VALORES INDEXADOS OBRA CARACOLÍ'!H41 -> 67935 | I17: 1 | J17: =D17-H17 -> 2849.1569 | K17: =IF(H17=0,"",J17/H17) -> 0.041939456 | L17: =IF(D17>H17,"Alpes mayor",IF(D17<H17,"Alpes menor","Iguales")) -> Alpes mayor | M17: =MIN(tblComparativoIndexado[[#This Row],[VALOR INDEXADO ALPES]],tblComparativoIndexado[[#This Row],[VALOR INDEXADO CARACOLÍ]]) -> 67935
A18: ='[2]VALORES INDEXADOS OBRA ALPES'!D98 -> TUBERIA PVC U.M. EXT CORRUGADO/INT LISO U.M. NORMA NTC 3722-1 D=8" (INCLUYE SUMINISTRO E INSTALACIÓN) | B18: ='[2]VALORES INDEXADOS OBRA ALPES'!C98 -> 6.13 | C18: ='[2]VALORES INDEXADOS OBRA ALPES'!E98 -> M | D18: ='VALORES INDEXADOS OBRA ALPES'!H98 -> 59521.915 | E18: ='[2]VALORES INDEXADOS OBRA CARACOLÍ'!D26 -> TUBERIA PVC U.M. EXT CORRUGADO/INT LISO U.M. NORMA NTC 3722-1 D=8" (INCLUYE SUMINISTRO E INSTALACIÓN) | F18: ='[2]VALORES INDEXADOS OBRA CARACOLÍ'!C26 -> 2.10 | G18: ='[2]VALORES INDEXADOS OBRA CARACOLÍ'!E26 -> ML | H18: ='VALORES INDEXADOS OBRA CARACOLÍ'!H26 -> 57076 | I18: 1 | J18: =D18-H18 -> 2445.9148 | K18: =IF(H18=0,"",J18/H18) -> 0.042853647 | L18: =IF(D18>H18,"Alpes mayor",IF(D18<H18,"Alpes menor","Iguales")) -> Alpes mayor | M18: =MIN(tblComparativoIndexado[[#This Row],[VALOR INDEXADO ALPES]],tblComparativoIndexado[[#This Row],[VALOR INDEXADO CARACOLÍ]]) -> 57076
A19: ='[2]VALORES INDEXADOS OBRA ALPES'!D99 -> TUBERIA PVC U.M. EXT CORRUGADO/INT LISO U.M. NORMA NTC 3722-1 D=10" (INCLUYE SUMINISTRO E INSTALACIÓN | B19: ='[2]VALORES INDEXADOS OBRA ALPES'!C99 -> 6.14 | C19: ='[2]VALORES INDEXADOS OBRA ALPES'!E99 -> M | D19: ='VALORES INDEXADOS OBRA ALPES'!H99 -> 69943.01 | E19: ='[2]VALORES INDEXADOS OBRA CARACOLÍ'!D27 -> TUBERIA PVC U.M. EXT CORRUGADO/INT LISO U.M. NORMA NTC 3722-1 D=10" (INCLUYE SUMINISTRO E INSTALACIÓN) | F19: ='[2]VALORES INDEXADOS OBRA CARACOLÍ'!C27 -> 2.11 | G19: ='[2]VALORES INDEXADOS OBRA CARACOLÍ'!E27 -> ML | H19: ='VALORES INDEXADOS OBRA CARACOLÍ'!H27 -> 84029 | I19: 1 | J19: =D19-H19 -> -14085.99 | K19: =IF(H19=0,"",J19/H19) -> -0.16763249 | L19: =IF(D19>H19,"Alpes mayor",IF(D19<H19,"Alpes menor","Iguales")) -> Alpes menor | M19: =MIN(tblComparativoIndexado[[#This Row],[VALOR INDEXADO ALPES]],tblComparativoIndexado[[#This Row],[VALOR INDEXADO CARACOLÍ]]) -> 69943.01
A20: ='[2]VALORES INDEXADOS OBRA ALPES'!D100 -> TUBERIA PVC U.M. EXT CORRUGADO/INT LISO U.M. NORMA NTC 3722-1 D=12" (INCLUYE SUMINISTRO E INSTALACIÓN) | B20: ='[2]VALORES INDEXADOS OBRA ALPES'!C100 -> 6.15 | C20: ='[2]VALORES INDEXADOS OBRA ALPES'!E100 -> M | D20: ='VALORES INDEXADOS OBRA ALPES'!H100 -> 115953.1 | E20: ='[2]VALORES INDEXADOS OBRA CARACOLÍ'!D28 -> TUBERIA PVC U.M. EXT CORRUGADO/INT LISO U.M. NORMA NTC 3722-1 D=12" (INCLUYE SUMINISTRO E INSTALACIÓN) | F20: ='[2]VALORES INDEXADOS OBRA CARACOLÍ'!C28 -> 2.12 | G20: ='[2]VALORES INDEXADOS OBRA CARACOLÍ'!E28 -> ML | H20: ='VALORES INDEXADOS OBRA CARACOLÍ'!H28 -> 120621 | I20: 1 | J20: =D20-H20 -> -4667.8969 | K20: =IF(H20=0,"",J20/H20) -> -0.038698875 | L20: =IF(D20>H20,"Alpes mayor",IF(D20<H20,"Alpes menor","Iguales")) -> Alpes menor | M20: =MIN(tblComparativoIndexado[[#This Row],[VALOR INDEXADO ALPES]],tblComparativoIndexado[[#This Row],[VALOR INDEXADO CARACOLÍ]]) -> 115953.1
A21: ='[2]VALORES INDEXADOS OBRA ALPES'!D102 -> TUBERIA PVC U.M. EXT CORRUGADO/INT LISO U.M. NORMA NTC 3722-1 D=16" (INCLUYE SUMINISTRO E INSTALACIÓN) | B21: ='[2]VALORES INDEXADOS OBRA ALPES'!C102 -> 6.17 | C21: ='[2]VALORES INDEXADOS OBRA ALPES'!E102 -> M | D21: ='VALORES INDEXADOS OBRA ALPES'!H102 -> 175557.18 | E21: ='[2]VALORES INDEXADOS OBRA CARACOLÍ'!D30 -> TUBERIA PVC U.M. EXT CORRUGADO/INT LISO U.M. NORMA NTC 3722-1 D=16" (INCLUYE SUMINISTRO E INSTALACIÓN) | F21: ='[2]VALORES INDEXADOS OBRA CARACOLÍ'!C30 -> 2.14 | G21: ='[2]VALORES INDEXADOS OBRA CARACOLÍ'!E30 -> ML | H21: ='VALORES INDEXADOS OBRA CARACOLÍ'!H30 -> 220399 | I21: 1 | J21: =D21-H21 -> -44841.824 | K21: =IF(H21=0,"",J21/H21) -> -0.20345747 | L21: =IF(D21>H21,"Alpes mayor",IF(D21<H21,"Alpes menor","Iguales")) -> Alpes menor | M21: =MIN(tblComparativoIndexado[[#This Row],[VALOR INDEXADO ALPES]],tblComparativoIndexado[[#This Row],[VALOR INDEXADO CARACOLÍ]]) -> 175557.18
A22: ='[2]VALORES INDEXADOS OBRA ALPES'!D103 -> TUBERIA PVC U.M. EXT CORRUGADO/INT LISO U.M. NORMA NTC 3722-1 D=18" (INCLUYE SUMINISTRO E INSTALACIÓN) | B22: ='[2]VALORES INDEXADOS OBRA ALPES'!C103 -> 6.18 | C22: ='[2]VALORES INDEXADOS OBRA ALPES'!E103 -> M | D22: ='VALORES INDEXADOS OBRA ALPES'!H103 -> 227900 | E22: ='[2]VALORES INDEXADOS OBRA CARACOLÍ'!D31 -> TUBERIA PVC U.M. EXT CORRUGADO/INT LISO U.M. NORMA NTC 3722-1 D=18" (INCLUYE SUMINISTRO E INSTALACIÓN) | F22: ='[2]VALORES INDEXADOS OBRA CARACOLÍ'!C31 -> 2.15 | G22: ='[2]VALORES INDEXADOS OBRA CARACOLÍ'!E31 -> ML | H22: ='VALORES INDEXADOS OBRA CARACOLÍ'!H31 -> 271510 | I22: 1 | J22: =D22-H22 -> -43610.001 | K22: =IF(H22=0,"",J22/H22) -> -0.16062024 | L22: =IF(D22>H22,"Alpes mayor",IF(D22<H22,"Alpes menor","Iguales")) -> Alpes menor | M22: =MIN(tblComparativoIndexado[[#This Row],[VALOR INDEXADO ALPES]],tblComparativoIndexado[[#This Row],[VALOR INDEXADO CARACOLÍ]]) -> 227900
A23: ='[2]VALORES INDEXADOS OBRA ALPES'!D104 -> TUBERIA PVC U.M. EXT CORRUGADO/INT LISO U.M. NORMA NTC 3722-1 D=20" (INCLUYE SUMINISTRO E INSTALACIÓN) | B23: ='[2]VALORES INDEXADOS OBRA ALPES'!C104 -> 6.19 | C23: ='[2]VALORES INDEXADOS OBRA ALPES'!E104 -> M | D23: ='VALORES INDEXADOS OBRA ALPES'!H104 -> 295225.67 | E23: ='[2]VALORES INDEXADOS OBRA CARACOLÍ'!D32 -> TUBERIA PVC U.M. EXT CORRUGADO/INT LISO U.M. NORMA NTC 3722-1 D=20" (INCLUYE SUMINISTRO E INSTALACIÓN) | F23: ='[2]VALORES INDEXADOS OBRA CARACOLÍ'!C32 -> 2.16 | G23: ='[2]VALORES INDEXADOS OBRA CARACOLÍ'!E32 -> ML | H23: ='VALORES INDEXADOS OBRA CARACOLÍ'!H32 -> 310465 | I23: 1 | J23: =D23-H23 -> -15239.328 | K23: =IF(H23=0,"",J23/H23) -> -0.049085495 | L23: =IF(D23>H23,"Alpes mayor",IF(D23<H23,"Alpes menor","Iguales")) -> Alpes menor | M23: =MIN(tblComparativoIndexado[[#This Row],[VALOR INDEXADO ALPES]],tblComparativoIndexado[[#This Row],[VALOR INDEXADO CARACOLÍ]]) -> 295225.67
A24: ='[2]VALORES INDEXADOS OBRA ALPES'!D115 -> SUMIDERO LATERAL SL-100, H=1.25M (FUNDIDO EN SITIO, CONCRETO PREMEZCLADO. INCL. SUMIN, FORM, REF. Y CONSTR. INCL. TAPA) | B24: ='[2]VALORES INDEXADOS OBRA ALPES'!C115 -> 6.30 | C24: ='[2]VALORES INDEXADOS OBRA ALPES'!E115 -> UN | D24: ='VALORES INDEXADOS OBRA ALPES'!H115 -> 2655729.5 | E24: ='[2]VALORES INDEXADOS OBRA CARACOLÍ'!D56 -> SUMIDERO LATERAL SL-100, H=1.25M (FUNDIDO EN SITIO, CONCRETO PREMEZCLADO. INCL. SUMIN, FORM, REF. Y CONSTR. INCL. TAPA) | F24: ='[2]VALORES INDEXADOS OBRA CARACOLÍ'!C56 -> 2.40 | G24: ='[2]VALORES INDEXADOS OBRA CARACOLÍ'!E56 -> UN | H24: ='VALORES INDEXADOS OBRA CARACOLÍ'!H56 -> 2120134 | I24: 1 | J24: =D24-H24 -> 535595.55 | K24: =IF(H24=0,"",J24/H24) -> 0.25262344 | L24: =IF(D24>H24,"Alpes mayor",IF(D24<H24,"Alpes menor","Iguales")) -> Alpes mayor | M24: =MIN(tblComparativoIndexado[[#This Row],[VALOR INDEXADO ALPES]],tblComparativoIndexado[[#This Row],[VALOR INDEXADO CARACOLÍ]]) -> 2120134
A25: ='[2]VALORES INDEXADOS OBRA ALPES'!D132 -> INSPECCIÓN DE REDES DE ALCANTARILLADO CON SISTEMAS CCTV PARA DIÁMETROS ENTRE 6" A 36" | B25: ='[2]VALORES INDEXADOS OBRA ALPES'!C132 -> 10.01 | C25: ='[2]VALORES INDEXADOS OBRA ALPES'!E132 -> ML | D25: ='VALORES INDEXADOS OBRA ALPES'!H132 -> 14403.76 | E25: ='[2]VALORES INDEXADOS OBRA CARACOLÍ'!D126 -> INSPECCIÓN DE REDES DE ALCANTARILLADO CON SISTEMAS CCTV PARA DIÁMETROS ENTRE 6" A 36" | F25: ='[2]VALORES INDEXADOS OBRA CARACOLÍ'!C126 -> 10.17 | G25: ='[2]VALORES INDEXADOS OBRA CARACOLÍ'!E126 -> ML | H25: ='VALORES INDEXADOS OBRA CARACOLÍ'!H126 -> 14566 | I25: 1 | J25: =D25-H25 -> -162.24 | K25: =IF(H25=0,"",J25/H25) -> -0.011138267 | L25: =IF(D25>H25,"Alpes mayor",IF(D25<H25,"Alpes menor","Iguales")) -> Alpes menor | M25: =MIN(tblComparativoIndexado[[#This Row],[VALOR INDEXADO ALPES]],tblComparativoIndexado[[#This Row],[VALOR INDEXADO CARACOLÍ]]) -> 14403.76
A26: ='[2]VALORES INDEXADOS OBRA ALPES'!D133 -> LAVADO Y SONDEO DE REDES DE ALCANTARILLADO ENTRE 6" Y 18" DE DIÁMETRO Y CON GRADO DE COLMATACIÓN MENOR DEL 30%. INCL MANO DE OBRA IDÓNEA, SEÑALIZACIÓN BÁSICA, SUMIN DE COMBUSTIBLE Y AGUA. INCL. IVA | B26: ='[2]VALORES INDEXADOS OBRA ALPES'!C133 -> 10.02 | C26: ='[2]VALORES INDEXADOS OBRA ALPES'!E133 -> ML | D26: ='VALORES INDEXADOS OBRA ALPES'!H133 -> 22253.68 | E26: ='[2]VALORES INDEXADOS OBRA CARACOLÍ'!D127 -> LAVADO Y SONDEO DE REDES DE ALCANTARILLADO ENTRE 6" Y 18" DE DIÁMETRO Y CON GRADO DE COLMATACIÓN MENOR DEL 30%. INCL MANO DE OBRA IDÓNEA, SEÑALIZACIÓN BÁSICA, SUMIN DE COMBUSTIBLE Y AGUA. INCL. IVA | F26: ='[2]VALORES INDEXADOS OBRA CARACOLÍ'!C127 -> 10.18 | G26: ='[2]VALORES INDEXADOS OBRA CARACOLÍ'!E127 -> ML | H26: ='VALORES INDEXADOS OBRA CARACOLÍ'!H127 -> 20230 | I26: 1 | J26: =D26-H26 -> 2023.68 | K26: =IF(H26=0,"",J26/H26) -> 0.10003361 | L26: =IF(D26>H26,"Alpes mayor",IF(D26<H26,"Alpes menor","Iguales")) -> Alpes mayor | M26: =MIN(tblComparativoIndexado[[#This Row],[VALOR INDEXADO ALPES]],tblComparativoIndexado[[#This Row],[VALOR INDEXADO CARACOLÍ]]) -> 20230
A27: ='[2]VALORES INDEXADOS OBRA ALPES'!D154 -> NIVELACIÓN DE POZO (HASTA RASANTE EN CONCRETO 3000 PSI HECHO EN OBRA, H=0.15M. INCLUYE SUMINISTRO Y CONSTRUCCIÓN) | B27: ='[2]VALORES INDEXADOS OBRA ALPES'!C154 -> 10.23 | C27: ='[2]VALORES INDEXADOS OBRA ALPES'!E154 -> UN | D27: ='VALORES INDEXADOS OBRA ALPES'!H154 -> 183610.88 | E27: ='[2]VALORES INDEXADOS OBRA CARACOLÍ'!D21 -> NIVELACIÓN DE POZO (HASTA RASANTE EN CONCRETO 3000 PSI HECHO EN OBRA, H=0.15M. INCLUYE SUMINISTRO Y CONSTRUCCIÓN) | F27: ='[2]VALORES INDEXADOS OBRA CARACOLÍ'!C21 -> 2.5 | G27: ='[2]VALORES INDEXADOS OBRA CARACOLÍ'!E21 -> UN | H27: ='VALORES INDEXADOS OBRA CARACOLÍ'!H21 -> 114683 | I27: 1 | J27: =D27-H27 -> 68927.88 | K27: =IF(H27=0,"",J27/H27) -> 0.60102962 | L27: =IF(D27>H27,"Alpes mayor",IF(D27<H27,"Alpes menor","Iguales")) -> Alpes mayor | M27: =MIN(tblComparativoIndexado[[#This Row],[VALOR INDEXADO ALPES]],tblComparativoIndexado[[#This Row],[VALOR INDEXADO CARACOLÍ]]) -> 114683
A28: ='[2]VALORES INDEXADOS OBRA ALPES'!D75 -> BOLARDO EN HIERRO TIPO M-62 (SUMINISTRO E INSTALACIÓN, INCLUYE BASE EN CONCRETO 1500 PSI, PREMEZCLADO) | B28: ='[2]VALORES INDEXADOS OBRA ALPES'!C75 -> 5.2 | C28: ='[2]VALORES INDEXADOS OBRA ALPES'!E75 -> UN | D28: ='VALORES INDEXADOS OBRA ALPES'!H75 -> 200728.99 | E28: ='[2]VALORES INDEXADOS OBRA CARACOLÍ'!D104 -> BOLARDO EN HIERRO TIPO M62 (SUMINISTRO E INSTALACIÓN. INCLUYE BASE EN CONCRETO 1500 PSI, PREMEZCLADO) | F28: ='[2]VALORES INDEXADOS OBRA CARACOLÍ'!C104 -> 8.3 | G28: ='[2]VALORES INDEXADOS OBRA CARACOLÍ'!E104 -> UN | H28: ='VALORES INDEXADOS OBRA CARACOLÍ'!H104 -> 195549 | I28: 0.99487179 | J28: =D28-H28 -> 5179.9918 | K28: =IF(H28=0,"",J28/H28) -> 0.026489482 | L28: =IF(D28>H28,"Alpes mayor",IF(D28<H28,"Alpes menor","Iguales")) -> Alpes mayor | M28: =MIN(tblComparativoIndexado[[#This Row],[VALOR INDEXADO ALPES]],tblComparativoIndexado[[#This Row],[VALOR INDEXADO CARACOLÍ]]) -> 195549
A29: ='[2]VALORES INDEXADOS OBRA ALPES'!D45 -> SARDINEL TIPO A-10 (SUMINISTRO E INSTALACIÓN, INCLUYE 3 CM MORTERO 1:5) | B29: ='[2]VALORES INDEXADOS OBRA ALPES'!C45 -> 3.4 | C29: ='[2]VALORES INDEXADOS OBRA ALPES'!E45 -> M | D29: ='VALORES INDEXADOS OBRA ALPES'!H45 -> 72133.905 | E29: ='[2]VALORES INDEXADOS OBRA CARACOLÍ'!D75 -> SARDINEL TIPO A10 (SUMINISTRO E INSTALACIÓN. INCLUYE 3CM MORTERO 1:5) | F29: ='[2]VALORES INDEXADOS OBRA CARACOLÍ'!C75 -> 4.5 | G29: ='[2]VALORES INDEXADOS OBRA CARACOLÍ'!E75 -> ML | H29: ='VALORES INDEXADOS OBRA CARACOLÍ'!H75 -> 78261 | I29: 0.98507463 | J29: =D29-H29 -> -6127.0954 | K29: =IF(H29=0,"",J29/H29) -> -0.078290534 | L29: =IF(D29>H29,"Alpes mayor",IF(D29<H29,"Alpes menor","Iguales")) -> Alpes menor | M29: =MIN(tblComparativoIndexado[[#This Row],[VALOR INDEXADO ALPES]],tblComparativoIndexado[[#This Row],[VALOR INDEXADO CARACOLÍ]]) -> 72133.905
A30: ='[2]VALORES INDEXADOS OBRA ALPES'!D56 -> MALLA ELECTROSOLDADA DE 0,15X0,15 M (∅=8MM) (INCLUYE SUMINISTRO, FIJACIÒN E INSTALACIÒN ) | B30: ='[2]VALORES INDEXADOS OBRA ALPES'!C56 -> 3.15 | C30: ='[2]VALORES INDEXADOS OBRA ALPES'!E56 -> KG | D30: ='VALORES INDEXADOS OBRA ALPES'!H56 -> 4478.2931 | E30: ='[2]VALORES INDEXADOS OBRA CARACOLÍ'!D67 -> MALLA ELECTROSOLDADA 0.15X0.15M, D=8MM, 8MM (INCLUYE SUMINISTRO, FIJACIÓN E INSTALACIÓN) | F30: ='[2]VALORES INDEXADOS OBRA CARACOLÍ'!C67 -> 3.8 | G30: ='[2]VALORES INDEXADOS OBRA CARACOLÍ'!E67 -> KG | H30: ='VALORES INDEXADOS OBRA CARACOLÍ'!H67 -> 4209 | I30: 0.95121951 | J30: =D30-H30 -> 269.29314 | K30: =IF(H30=0,"",J30/H30) -> 0.063980313 | L30: =IF(D30>H30,"Alpes mayor",IF(D30<H30,"Alpes menor","Iguales")) -> Alpes mayor | M30: =MIN(tblComparativoIndexado[[#This Row],[VALOR INDEXADO ALPES]],tblComparativoIndexado[[#This Row],[VALOR INDEXADO CARACOLÍ]]) -> 4209

Sheet VALORES INDEXADOS OBRA CARACOLÍ
C3: =+'[1]Interv-E y D CIVs Lote 4'!B1 -> INTERVENCIONES INTEGRALES DEL HÁBITAT
C4: =+'[1]Interv-E y D CIVs Lote 4'!B2 -> PROYECTO DIAGNÓSTICO, ACTUALIZACIÓN ESTUDIOS, DISEÑOS Y CULMINACIÓN DE OBRAS EN ESPACIO PÚBLICO PARA EL MEJORAMIENTO INTEGRAL DEL BARRIO CARACOLÍ QUE HACE PARTE DEL TERRITORIO PRORIZADO POR LA SECRETARIA DISTRITAL EN LA LOCALIDAD DE CIUDAD BOLIVAR
C5: =+'[1]Interv-E y D CIVs Lote 4'!B3 -> DIRECCIÓN DE HABITAT Y ENTORNOS-LLAVE EN MANO SUBSECRETARÍA DE INTERVENCIONES INTEGRALES
C6: OBJETO: REALIZAR EL DIAGNÓSTICO, ACTUALIZACIÓN DE ESTUDIOS Y DISEÑOS Y CULMINACIÓN DE LAS OBRAS EN ESPACIO PÚBLICO PARA EL MEJORAMIENTO INTEGRAL DEL BARRIO CARACOLÍ QUE HACE PARTE DEL TERRITORIO PRORIZADO POR LA SECRETARIA DISTRITAL EN LA LOCALIDAD DE CIUDAD BOLIVAR BAJO LA MODALIDAD DE PRECIOS UNITARIOS FIJOS Y SIN FORMULA DE REAJUSTE.
C7: PRESUPUESTO OBRA CARACOLÍ
C9: ÍTEM | D9: ACTIVIDAD | E9: UNIDAD | F9: PENDIENTE EJECUCIÓN | G9: VALOR UNITARIO | H9: VALOR UNITARIO INDEXADO ENE 2022 - JUN 2027 | I9: VALOR PARCIAL
C12: ='CANTIDADES VALOR INICIAL'!C8 -> 1 | D12: ='CANTIDADES VALOR INICIAL'!D8 -> PRELIMINARES | I12: =SUM(I13:I15) -> 71220819
C13: ='CANTIDADES VALOR INICIAL'!C9 -> 1.1 | D13: ='CANTIDADES VALOR INICIAL'!D9 -> REPLANTEO GENERAL | E13: ='CANTIDADES VALOR INICIAL'!E9 -> M2 | F13: ='CANTIDADES VALOR INICIAL'!G9 -> 0.13 | G13: ='CANTIDADES VALOR INICIAL'!H9 -> 606 | H13: ='CANTIDADES VALOR INICIAL'!I9 -> 824 | I13: =ROUND(F13*H13,0) -> 107
C14: ='CANTIDADES VALOR INICIAL'!C10 -> 1.2 | D14: ='CANTIDADES VALOR INICIAL'!D10 -> ALQUILER DE CERRAMIENTO TIPO 1: CONSTA DE SEÑALIZADORES TUBULARES PLÁSTICOS, TRIPLE CINTA PELIGRO CAL. 4, POLISOMBRA 65% PARA CERRAMIENTO. (INCLUYE INSTALACIÓN, MANTENIMIENTO Y DESINSTALACIÓN). | E14: ='CANTIDADES VALOR INICIAL'!E10 -> ML/ME | F14: ='CANTIDADES VALOR INICIAL'!G10 -> 9539.34 | G14: ='CANTIDADES VALOR INICIAL'!H10 -> 5490 | H14: ='CANTIDADES VALOR INICIAL'!I10 -> 7466 | I14: =ROUND(F14*H14,0) -> 71220712
C15: ='CANTIDADES VALOR INICIAL'!C11 -> 1.3 | D15: ='CANTIDADES VALOR INICIAL'!D11 -> VALLA ESPECIAL 6X3 (INSTALAC.) SOLO LÁMINA Y BANNER | E15: ='CANTIDADES VALOR INICIAL'!E11 -> UN | F15: ='CANTIDADES VALOR INICIAL'!G11 -> 0 | G15: ='CANTIDADES VALOR INICIAL'!H11 -> 225895 | H15: ='CANTIDADES VALOR INICIAL'!I11 -> 307217 | I15: =ROUND(F15*H15,0) -> 0
C16: ='CANTIDADES VALOR INICIAL'!C12 -> 2 | D16: ='CANTIDADES VALOR INICIAL'!D12 -> REDES HIDROSANITARIAS | I16: =SUM(I17:I58) -> 347004577
C17: ='CANTIDADES VALOR INICIAL'!C13 -> 2.1 | D17: ='CANTIDADES VALOR INICIAL'!D13 -> LOCALIZACION Y REPLANTEO PARA REDES | E17: ='CANTIDADES VALOR INICIAL'!E13 -> ML | F17: ='CANTIDADES VALOR INICIAL'!G13 -> 974.6 | G17: ='CANTIDADES VALOR INICIAL'!H13 -> 1587 | H17: ='CANTIDADES VALOR INICIAL'!I13 -> 2158 | I17: =ROUND(F17*H17,0) -> 2103187
C18: ='CANTIDADES VALOR INICIAL'!C14 -> 2.2 | D18: ='CANTIDADES VALOR INICIAL'!D14 -> RELOCALIZACIÓN DE MEDIDOR DE ACUEDUCTO D= 1/2" (INCLUYE 1.0M TUBERÍA GALVANIZADA D= 1/2", SOLDADURA, CINTA DE TEFLON, Y REPOSICIÓN DE CAJILLA EN POLIPROPILENO DE ALTA RESISTENCIA CON TAPA, NO INCLUYE MEDIDOR.). | E18: ='CANTIDADES VALOR INICIAL'!E14 -> UN | F18: ='CANTIDADES VALOR INICIAL'!G14 -> 149 | G18: ='CANTIDADES VALOR INICIAL'!H14 -> 211667 | H18: ='CANTIDADES VALOR INICIAL'!I14 -> 287867 | I18: =ROUND(F18*H18,0) -> 42892183
C19: ='CANTIDADES VALOR INICIAL'!C15 -> 2.3 | D19: ='CANTIDADES VALOR INICIAL'!D15 -> EXCAVACION MANUAL EN MATERIAL COMUN. INCLUYE CARGUE. | E19: ='CANTIDADES VALOR INICIAL'!E15 -> M3 | F19: ='CANTIDADES VALOR INICIAL'!G15 -> 1282.86 | G19: ='CANTIDADES VALOR INICIAL'!H15 -> 25927 | H19: ='CANTIDADES VALOR INICIAL'!I15 -> 35261 | I19: =ROUND(F19*H19,0) -> 45234926
C20: ='CANTIDADES VALOR INICIAL'!C16 -> 2.4 | D20: ='CANTIDADES VALOR INICIAL'!D16 -> TRANSPORTE Y DISPOSICION FINAL DE ESCOMBROS EN SITIO AUTORIZADO (DISTANCIA DE TRANSPORTE 21 KM). A DISTANCIA MAYOR DEL ACARREO LIBRE (90 M) EN SITIO AUTORIZADO POR LA ENTIDAD AMBIENTAL COMPETENTE. | E20: ='CANTIDADES VALOR INICIAL'!E16 -> M3 | F20: ='CANTIDADES VALOR INICIAL'!G16 -> 2423.67 | G20: ='CANTIDADES VALOR INICIAL'!H16 -> 26843 | H20: ='CANTIDADES VALOR INICIAL'!I16 -> 36506 | I20: =ROUND(F20*H20,0) -> 88478497
C21: ='CANTIDADES VALOR INICIAL'!C17 -> 2.5 | D21: ='CANTIDADES VALOR INICIAL'!D17 -> NIVELACIÓN DE POZO (HASTA RASANTE EN CONCRETO 3000 PSI HECHO EN OBRA, H=0.15M. INCLUYE SUMINISTRO Y CONSTRUCCIÓN) | E21: ='CANTIDADES VALOR INICIAL'!E17 -> UN | F21: ='CANTIDADES VALOR INICIAL'!G17 -> 23 | G21: ='CANTIDADES VALOR INICIAL'!H17 -> 84326 | H21: ='CANTIDADES VALOR INICIAL'!I17 -> 114683 | I21: =ROUND(F21*H21,0) -> 2637709
C22: ='CANTIDADES VALOR INICIAL'!C18 -> 2.6 | D22: ='CANTIDADES VALOR INICIAL'!D18 -> RELLENO PARA REDES EN ARENA DE PEÑA (SUMINISTRO, EXTENDIDO, HUMEDECIMIENTO Y COMPACTACIÓN) | E22: ='CANTIDADES VALOR INICIAL'!E18 -> M3 | F22: ='CANTIDADES VALOR INICIAL'!G18 -> 48.07 | G22: ='CANTIDADES VALOR INICIAL'!H18 -> 155234 | H22: ='CANTIDADES VALOR INICIAL'!I18 -> 211118 | I22: =ROUND(F22*H22,0) -> 10148442
C23: ='CANTIDADES VALOR INICIAL'!C19 -> 2.7 | D23: ='CANTIDADES VALOR INICIAL'!D19 -> RELLENO EN RECEBO COMUN (SUMINISTRO E INSTALACIÓN EXTENDIDO MANUAL, HUMEDECIMIENTO Y COMPACTACIÓN. INCLUYE TRANSPORTE) | E23: ='CANTIDADES VALOR INICIAL'!E19 -> M3 | F23: ='CANTIDADES VALOR INICIAL'!G19 -> 556.15 | G23: ='CANTIDADES VALOR INICIAL'!H19 -> 61292 | H23: ='CANTIDADES VALOR INICIAL'!I19 -> 83357 | I23: =ROUND(F23*H23,0) -> 46358996
C24: ='CANTIDADES VALOR INICIAL'!C20 -> 2.8 | D24: ='CANTIDADES VALOR INICIAL'!D20 -> TUBERIA PVC U.M. EXT CORRUGADO/INT LISO U.M. NORMA NTC 3722-1 D=4" (INCLUYE SUMINISTRO E INSTALACIÓN) | E24: ='CANTIDADES VALOR INICIAL'!E20 -> ML | F24: ='CANTIDADES VALOR INICIAL'!G20 -> 0 | G24: ='CANTIDADES VALOR INICIAL'!H20 -> 22529 | H24: ='CANTIDADES VALOR INICIAL'!I20 -> 30639 | I24: =ROUND(F24*H24,0) -> 0
C25: ='CANTIDADES VALOR INICIAL'!C21 -> 2.9 | D25: ='CANTIDADES VALOR INICIAL'!D21 -> TUBERIA PVC U.M. EXT CORRUGADO/INT LISO U.M. NORMA NTC 3722-1 D=6" (INCLUYE SUMINISTRO E INSTALACIÓN) | E25: ='CANTIDADES VALOR INICIAL'!E21 -> ML | F25: ='CANTIDADES VALOR INICIAL'!G21 -> 356.87 | G25: ='CANTIDADES VALOR INICIAL'!H21 -> 29592 | H25: ='CANTIDADES VALOR INICIAL'!I21 -> 40245 | I25: =ROUND(F25*H25,0) -> 14362233
C26: ='CANTIDADES VALOR INICIAL'!C22 -> 2.10 | D26: ='CANTIDADES VALOR INICIAL'!D22 -> TUBERIA PVC U.M. EXT CORRUGADO/INT LISO U.M. NORMA NTC 3722-1 D=8" (INCLUYE SUMINISTRO E INSTALACIÓN) | E26: ='CANTIDADES VALOR INICIAL'!E22 -> ML | F26: ='CANTIDADES VALOR INICIAL'!G22 -> 5.31 | G26: ='CANTIDADES VALOR INICIAL'!H22 -> 41968 | H26: ='CANTIDADES VALOR INICIAL'!I22 -> 57076 | I26: =ROUND(F26*H26,0) -> 303074
C27: ='CANTIDADES VALOR INICIAL'!C23 -> 2.11 | D27: ='CANTIDADES VALOR INICIAL'!D23 -> TUBERIA PVC U.M. EXT CORRUGADO/INT LISO U.M. NORMA NTC 3722-1 D=10" (INCLUYE SUMINISTRO E INSTALACIÓN) | E27: ='CANTIDADES VALOR INICIAL'!E23 -> ML | F27: ='CANTIDADES VALOR INICIAL'!G23 -> 0 | G27: ='CANTIDADES VALOR INICIAL'!H23 -> 61786 | H27: ='CANTIDADES VALOR INICIAL'!I23 -> 84029 | I27: =ROUND(F27*H27,0) -> 0
C28: ='CANTIDADES VALOR INICIAL'!C24 -> 2.12 | D28: ='CANTIDADES VALOR INICIAL'!D24 -> TUBERIA PVC U.M. EXT CORRUGADO/INT LISO U.M. NORMA NTC 3722-1 D=12" (INCLUYE SUMINISTRO E INSTALACIÓN) | E28: ='CANTIDADES VALOR INICIAL'!E24 -> ML | F28: ='CANTIDADES VALOR INICIAL'!G24 -> 0 | G28: ='CANTIDADES VALOR INICIAL'!H24 -> 88692 | H28: ='CANTIDADES VALOR INICIAL'!I24 -> 120621 | I28: =ROUND(F28*H28,0) -> 0
... C58: ='CANTIDADES VALOR INICIAL'!C54 -> 2.42 | D58: ='CANTIDADES VALOR INICIAL'!D54 -> RECONSTRUCCIÓN ACOMETIDA ACUEDUCTO ** | E58: ='CANTIDADES VALOR INICIAL'!E54 -> UN | F58: ='CANTIDADES VALOR INICIAL'!G54 -> 14 | G58: ='CANTIDADES VALOR INICIAL'!H54 -> 149314 | H58: ='CANTIDADES VALOR INICIAL'!I54 -> 203067 | I58: =ROUND(F58*H58,0) -> 2842938
C59: ='CANTIDADES VALOR INICIAL'!C55 -> 3 | D59: ='CANTIDADES VALOR INICIAL'!D55 -> ESTRUCTURA DE ESPACIO PUBLICO | I59: =SUM(I60:I69) -> 713533250
C60: ='CANTIDADES VALOR INICIAL'!C56 -> 3.1 | D60: ='CANTIDADES VALOR INICIAL'!D56 -> CONSTRUCCION DE PAVIMENTO 039 KG/CM2 GRAVA1" 28DÍAS AS13CM (5") DE COLOR (CONVENCIONAL, ROJO, AMARILLO, MARRON, AZUL INCLUYE CORTE, SELLO Y AMPLIACION DE JUNTA) | E60: ='CANTIDADES VALOR INICIAL'!E56 -> M3 | F60: ='CANTIDADES VALOR INICIAL'!G56 -> 505.57 | G60: ='CANTIDADES VALOR INICIAL'!H56 -> 534417 | H60: ='CANTIDADES VALOR INICIAL'!I56 -> 726807 | I60: =ROUND(F60*H60,0) -> 367451815
C61: ='CANTIDADES VALOR INICIAL'!C57 -> 3.2 | D61: ='CANTIDADES VALOR INICIAL'!D57 -> TRANSPORTE Y DISPOSICION FINAL DE ESCOMBROS EN SITIO AUTORIZADO (DISTANCIA DE TRANSPORTE 28 KM) INCLUYE DERECHO A ESCOMBRERA | E61: ='CANTIDADES VALOR INICIAL'!E57 -> M3 | F61: ='CANTIDADES VALOR INICIAL'!G57 -> 1257.17 | G61: ='CANTIDADES VALOR INICIAL'!H57 -> 28438 | H61: ='CANTIDADES VALOR INICIAL'!I57 -> 38676 | I61: =ROUND(F61*H61,0) -> 48622307
C62: ='CANTIDADES VALOR INICIAL'!C58 -> 3.3 | D62: ='CANTIDADES VALOR INICIAL'!D58 -> HUMEDECIMIENTO, NIVELACION Y COMPACTACION CON VIBROCOMPACTADOR DE LA SUB RASANTE | E62: ='CANTIDADES VALOR INICIAL'!E58 -> M2 | F62: ='CANTIDADES VALOR INICIAL'!G58 -> 964.41 | G62: ='CANTIDADES VALOR INICIAL'!H58 -> 15709 | H62: ='CANTIDADES VALOR INICIAL'!I58 -> 21364 | I62: =ROUND(F62*H62,0) -> 20603655
C63: ='CANTIDADES VALOR INICIAL'!C59 -> 3.4 | D63: ='CANTIDADES VALOR INICIAL'!D59 -> SUBBASE GRANULAR CLASE A (SBG_A) ESTABILIZADA CON CEMENTO AL 4% (SUMINISTRO, EXTENDIDO, NIVELACIÓN, HUMEDECIMIENTO Y COMPACTACIÓN CON VIBROCOMPACTADOR) DISTANCIA DE TRANSPORTE 28 KM | E63: ='CANTIDADES VALOR INICIAL'!E59 -> M3 | F63: ='CANTIDADES VALOR INICIAL'!G59 -> 996.42 | G63: ='CANTIDADES VALOR INICIAL'!H59 -> 135961 | H63: ='CANTIDADES VALOR INICIAL'!I59 -> 184907 | I63: =ROUND(F63*H63,0) -> 184245033
C64: ='CANTIDADES VALOR INICIAL'!C60 -> 3.5 | D64: ='CANTIDADES VALOR INICIAL'!D60 -> CURADO DE LOSAS DE CONCRETO (SUMINISTRO Y APLICACIÓN) | E64: ='CANTIDADES VALOR INICIAL'!E60 -> M2 | F64: ='CANTIDADES VALOR INICIAL'!G60 -> 3728.2 | G64: ='CANTIDADES VALOR INICIAL'!H60 -> 1533 | H64: ='CANTIDADES VALOR INICIAL'!I60 -> 2085 | I64: =ROUND(F64*H64,0) -> 7773297
C65: ='CANTIDADES VALOR INICIAL'!C61 -> 3.6 | D65: ='CANTIDADES VALOR INICIAL'!D61 -> IMPRIMACIÓN CON EMULSIÓN ASFÁLTICA CRL-1 (INCLUYE SUMINISTRO, BARRIDO DE SUPERFICIE Y RIEGO). | E65: ='CANTIDADES VALOR INICIAL'!E61 -> M2 | F65: ='CANTIDADES VALOR INICIAL'!G61 -> 0 | G65: ='CANTIDADES VALOR INICIAL'!H61 -> 1750 | H65: ='CANTIDADES VALOR INICIAL'!I61 -> 2380 | I65: =ROUND(F65*H65,0) -> 0
C66: ='CANTIDADES VALOR INICIAL'!C62 -> 3.7 | D66: ='CANTIDADES VALOR INICIAL'!D62 -> GEOTEXTIL NT 1600 PARA SEPARACION SUBRASANTE/CAPAS GRANULARES (INCLUYE SUMINISTRO E INSTALACIÓN) | E66: ='CANTIDADES VALOR INICIAL'!E62 -> M2 | F66: ='CANTIDADES VALOR INICIAL'!G62 -> 3541.97 | G66: ='CANTIDADES VALOR INICIAL'!H62 -> 5343 | H66: ='CANTIDADES VALOR INICIAL'!I62 -> 7266 | I66: =ROUND(F66*H66,0) -> 25735954
C67: ='CANTIDADES VALOR INICIAL'!C63 -> 3.8 | D67: ='CANTIDADES VALOR INICIAL'!D63 -> MALLA ELECTROSOLDADA 0.15X0.15M, D=8MM, 8MM (INCLUYE SUMINISTRO, FIJACIÓN E INSTALACIÓN) | E67: ='CANTIDADES VALOR INICIAL'!E63 -> KG | F67: ='CANTIDADES VALOR INICIAL'!G63 -> 0 | G67: ='CANTIDADES VALOR INICIAL'!H63 -> 3095 | H67: ='CANTIDADES VALOR INICIAL'!I63 -> 4209 | I67: =ROUND(F67*H67,0) -> 0
C68: ='CANTIDADES VALOR INICIAL'!C64 -> 3.9 | D68: ='CANTIDADES VALOR INICIAL'!D64 -> RELLENO EN RECEBO COMUN (SUMINISTRO E INSTALACIÓN EXTENDIDO MANUAL, HUMEDECIMIENTO Y COMPACTACIÓN TRANSPORTE A 28 KM). | E68: ='CANTIDADES VALOR INICIAL'!E64 -> M3 | F68: ='CANTIDADES VALOR INICIAL'!G64 -> 620.68 | G68: ='CANTIDADES VALOR INICIAL'!H64 -> 62768 | H68: ='CANTIDADES VALOR INICIAL'!I64 -> 85364 | I68: =ROUND(F68*H68,0) -> 52983728
C69: ='CANTIDADES VALOR INICIAL'!C65 -> 3.10 | D69: ='CANTIDADES VALOR INICIAL'!D65 -> EXCAVACION MECANICA EN MATERIAL COMUN. INCLUYE CARGUE. | E69: ='CANTIDADES VALOR INICIAL'!E65 -> M3 | F69: ='CANTIDADES VALOR INICIAL'!G65 -> 986.21 | G69: ='CANTIDADES VALOR INICIAL'!H65 -> 4561 | H69: ='CANTIDADES VALOR INICIAL'!I65 -> 6203 | I69: =ROUND(F69*H69,0) -> 6117461
C70: ='CANTIDADES VALOR INICIAL'!C66 -> 4 | D70: ='CANTIDADES VALOR INICIAL'!D66 -> ANDENES | I70: =SUM(I71:I84) -> 312734870
C71: ='CANTIDADES VALOR INICIAL'!C67 -> 4.1 | D71: ='CANTIDADES VALOR INICIAL'!D67 -> DEMOLICION PISOS DE CONCRETO (INCLUYE CARGUE). INCLUYE TRANSPORTE Y DISPOSICIÓN FINAL DE SOBRANTES. RENDIMIENTO ESTIMADO PARA ESPESORES DE 0.20M. | E71: ='CANTIDADES VALOR INICIAL'!E67 -> M3 | F71: ='CANTIDADES VALOR INICIAL'!G67 -> 99.55 | G71: ='CANTIDADES VALOR INICIAL'!H67 -> 60184 | H71: ='CANTIDADES VALOR INICIAL'!I67 -> 81850 | I71: =ROUND(F71*H71,0) -> 8148168
C72: ='CANTIDADES VALOR INICIAL'!C68 -> 4.2 | D72: ='CANTIDADES VALOR INICIAL'!D68 -> MURO EN BLOQUE DE CONCRETO KREATO LISO 19 O EQUIVALENTE PARA CONFORMACIÓN DE BORDILLO HASTA ALTURA DE H=0,6M. INCLUYE CONFORMACIÓN DE SUPERFICIE DE APOYO, CIMENTACIÓN DE BASE MURO MORTERO DE PEGA Y ACERO DE REFUERZO. | E72: ='CANTIDADES VALOR INICIAL'!E68 -> ML | F72: ='CANTIDADES VALOR INICIAL'!G68 -> 215.33 | G72: ='CANTIDADES VALOR INICIAL'!H68 -> 210396 | H72: ='CANTIDADES VALOR INICIAL'!I68 -> 286139 | I72: =ROUND(F72*H72,0) -> 61614311
C73: ='CANTIDADES VALOR INICIAL'!C69 -> 4.3 | D73: ='CANTIDADES VALOR INICIAL'!D69 -> BORDILLO PREFABRICADO A80 (SUMINISTRO E INSTALACIÓN. INCLUYE 3CM MORTERO DE PEGA 2000 PSI Y NIVELACIÓN DEL TERRENO CON RELLENO EN MATERIAL SELECCIONADO PROVENIENTE DE EXCAVACIÓN). | E73: ='CANTIDADES VALOR INICIAL'!E69 -> ML | F73: ='CANTIDADES VALOR INICIAL'!G69 -> 439.44 | G73: ='CANTIDADES VALOR INICIAL'!H69 -> 46986 | H73: ='CANTIDADES VALOR INICIAL'!I69 -> 63901 | I73: =ROUND(F73*H73,0) -> 28080655
C74: ='CANTIDADES VALOR INICIAL'!C70 -> 4.4 | D74: ='CANTIDADES VALOR INICIAL'!D70 -> PIEZA REMATE A105 PARA RAMPA TIPO A (SUMINISTRO E INSTALACIÓN. INCLUYE 3CM MORTERO 2000 PSI) | E74: ='CANTIDADES VALOR INICIAL'!E70 -> UN | F74: ='CANTIDADES VALOR INICIAL'!G70 -> 0 | G74: ='CANTIDADES VALOR INICIAL'!H70 -> 78832 | H74: ='CANTIDADES VALOR INICIAL'!I70 -> 107212 | I74: =ROUND(F74*H74,0) -> 0
C75: ='CANTIDADES VALOR INICIAL'!C71 -> 4.5 | D75: ='CANTIDADES VALOR INICIAL'!D71 -> SARDINEL TIPO A10 (SUMINISTRO E INSTALACIÓN. INCLUYE 3CM MORTERO 1:5) | E75: ='CANTIDADES VALOR INICIAL'!E71 -> ML | F75: ='CANTIDADES VALOR INICIAL'!G71 -> 585.73 | G75: ='CANTIDADES VALOR INICIAL'!H71 -> 57545 | H75: ='CANTIDADES VALOR INICIAL'!I71 -> 78261 | I75: =ROUND(F75*H75,0) -> 45839816
C76: ='CANTIDADES VALOR INICIAL'!C72 -> 4.6 | D76: ='CANTIDADES VALOR INICIAL'!D72 -> CENEFA LINEAL EN LOSETA PREFABRICADA TÁCTIL ALERTA A55 / A56 ANCHO 0.40M (SUMINISTRO E INSTALACIÓN. INCLUYE BASE EN ARENA DE NIVELACIÓN E= 4CM Y ARENA DE SELLO). | E76: ='CANTIDADES VALOR INICIAL'!E72 -> ML | F76: ='CANTIDADES VALOR INICIAL'!G72 -> 307.9 | G76: ='CANTIDADES VALOR INICIAL'!H72 -> 25086 | H76: ='CANTIDADES VALOR INICIAL'!I72 -> 34117 | I76: =ROUND(F76*H76,0) -> 10504624
C77: ='CANTIDADES VALOR INICIAL'!C73 -> 4.7 | D77: ='CANTIDADES VALOR INICIAL'!D73 -> CENEFA LINEAL EN LOSETA PREFABRICADA TÁCTIL ALERTA A55 / A56 ANCHO 0.40M (SUMINISTRO E INSTALACIÓN. INCLUYE BASE EN ARENA DE NIVELACIÓN E= 4CM Y ARENA DE SELLO). | E77: ='CANTIDADES VALOR INICIAL'!E73 -> ML | F77: ='CANTIDADES VALOR INICIAL'!G73 -> 0 | G77: ='CANTIDADES VALOR INICIAL'!H73 -> 25086 | H77: ='CANTIDADES VALOR INICIAL'!I73 -> 34117 | I77: =ROUND(F77*H77,0) -> 0
C78: ='CANTIDADES VALOR INICIAL'!C74 -> 4.8 | D78: ='CANTIDADES VALOR INICIAL'!D74 -> CENEFA LINEAL EN LOSETA PREFABRICADA TÁCTIL ALERTA A57 ANCHO 0.40M (SUMINISTRO E INSTALACIÓN. INCLUYE BASE EN ARENA DE NIVELACIÓN E= 4CM Y ARENA DE SELLO). | E78: ='CANTIDADES VALOR INICIAL'!E74 -> ML | F78: ='CANTIDADES VALOR INICIAL'!G74 -> 0 | G78: ='CANTIDADES VALOR INICIAL'!H74 -> 31731 | H78: ='CANTIDADES VALOR INICIAL'!I74 -> 43154 | I78: =ROUND(F78*H78,0) -> 0
C79: ='CANTIDADES VALOR INICIAL'!C75 -> 4.9 | D79: ='CANTIDADES VALOR INICIAL'!D75 -> CONSTRUCCION DE ESCALERAS EN CONCRETO | E79: ='CANTIDADES VALOR INICIAL'!E75 -> M2 | F79: ='CANTIDADES VALOR INICIAL'!G75 -> 292.73 | G79: ='CANTIDADES VALOR INICIAL'!H75 -> 224403 | H79: ='CANTIDADES VALOR INICIAL'!I75 -> 305188 | I79: =ROUND(F79*H79,0) -> 89337683
C80: ='CANTIDADES VALOR INICIAL'!C76 -> 4.10 | D80: ='CANTIDADES VALOR INICIAL'!D76 -> RAMPA VEHICULAR FUNDIDA EN EL SITIO EN CONCRETO PREMEZCLADO DE 3000 PSI (GRAVA COMUN) SUM, CONSTR. E INSTALACIÓN. INCLUYE X TIPO TRÁFICO PESADO O SIMILAR, BASE DE 4CM EN MORTERO DE 2000 PSI. | E80: ='CANTIDADES VALOR INICIAL'!E76 -> M2 | F80: ='CANTIDADES VALOR INICIAL'!G76 -> 0 | G80: ='CANTIDADES VALOR INICIAL'!H76 -> 109554 | H80: ='CANTIDADES VALOR INICIAL'!I76 -> 148993 | I80: =ROUND(F80*H80,0) -> 0
C81: ='CANTIDADES VALOR INICIAL'!C77 -> 4.11 | D81: ='CANTIDADES VALOR INICIAL'!D77 -> MURO EN BLOQUE KREATO LISO (0,39X0,19X0,19) INLCUYE ( EXCAVACION, RELLENO EN RECEBO COMUN, GEOMALLA, ACERO DE REFUERZO Y RELLENO FLUIDO FLUIDO) | E81: ='CANTIDADES VALOR INICIAL'!E77 -> M2 | F81: ='CANTIDADES VALOR INICIAL'!G77 -> 0 | G81: ='CANTIDADES VALOR INICIAL'!H77 -> 184820 | H81: ='CANTIDADES VALOR INICIAL'!I77 -> 251355 | I81: =ROUND(F81*H81,0) -> 0
C82: ='CANTIDADES VALOR INICIAL'!C78 -> 4.12 | D82: ='CANTIDADES VALOR INICIAL'!D78 -> VIGA DE CIMENTACION DE 0,40 X 0,60 PARA MURO EN BLOQUE KREATO LISO (0,39X0,19X0,19) | E82: ='CANTIDADES VALOR INICIAL'!E78 -> ML | F82: ='CANTIDADES VALOR INICIAL'!G78 -> 254.05 | G82: ='CANTIDADES VALOR INICIAL'!H78 -> 158684 | H82: ='CANTIDADES VALOR INICIAL'!I78 -> 215810 | I82: =ROUND(F82*H82,0) -> 54826531
... C84: ='CANTIDADES VALOR INICIAL'!C80 -> 4.14 | D84: ='CANTIDADES VALOR INICIAL'!D80 -> MURO EN CONCRETO DE 21 MPA REFORZADO INCLUYE EXCAVACION, CAISSON Ø=1,0 M, ACERO DE REFUERZO) | E84: ='CANTIDADES VALOR INICIAL'!E80 -> M2 | F84: ='CANTIDADES VALOR INICIAL'!G80 -> 0 | G84: ='CANTIDADES VALOR INICIAL'!H80 -> 1324605 | H84: ='CANTIDADES VALOR INICIAL'!I80 -> 1801463 | I84: =ROUND(F84*H84,0) -> 0
C85: ='CANTIDADES VALOR INICIAL'!C81 -> 5 | D85: ='CANTIDADES VALOR INICIAL'!D81 -> REDES ELECTRICAS | I85: =SUM(I86:I91) -> 0
C86: ='CANTIDADES VALOR INICIAL'!C82 -> 5.1 | D86: ='CANTIDADES VALOR INICIAL'!D82 -> TRASLADO POSTE CONCRETO 8-10M | E86: ='CANTIDADES VALOR INICIAL'!E82 -> UN | F86: ='CANTIDADES VALOR INICIAL'!G82 -> 0 | G86: ='CANTIDADES VALOR INICIAL'!H82 -> 1750802 | H86: ='CANTIDADES VALOR INICIAL'!I82 -> 2381091 | I86: =ROUND(F86*H86,0) -> 0
C87: ='CANTIDADES VALOR INICIAL'!C83 -> 5.2 | D87: ='CANTIDADES VALOR INICIAL'!D83 -> TRASLADO DE CAJA DE INSPECCION ELECTRICA | E87: ='CANTIDADES VALOR INICIAL'!E83 -> UN | F87: ='CANTIDADES VALOR INICIAL'!G83 -> 0 | G87: ='CANTIDADES VALOR INICIAL'!H83 -> 1177520 | H87: ='CANTIDADES VALOR INICIAL'!I83 -> 1601427 | I87: =ROUND(F87*H87,0) -> 0
C88: ='CANTIDADES VALOR INICIAL'!C84 -> 5.3 | D88: ='CANTIDADES VALOR INICIAL'!D84 -> RECONSTRUCCIÓN DE CAJA DE INSP DE AP | E88: ='CANTIDADES VALOR INICIAL'!E84 -> UN | F88: ='CANTIDADES VALOR INICIAL'!G84 -> 0 | G88: ='CANTIDADES VALOR INICIAL'!H84 -> 496546 | H88: ='CANTIDADES VALOR INICIAL'!I84 -> 675303 | I88: =ROUND(F88*H88,0) -> 0
C89: ='CANTIDADES VALOR INICIAL'!C85 -> 5.4 | D89: ='CANTIDADES VALOR INICIAL'!D85 -> RECONSTRUCCIÓN DE CAJA DE INSP SENCILLA | E89: ='CANTIDADES VALOR INICIAL'!E85 -> UN | F89: ='CANTIDADES VALOR INICIAL'!G85 -> 0 | G89: ='CANTIDADES VALOR INICIAL'!H85 -> 526707 | H89: ='CANTIDADES VALOR INICIAL'!I85 -> 716322 | I89: =ROUND(F89*H89,0) -> 0
C90: ='CANTIDADES VALOR INICIAL'!C86 -> 5.5 | D90: ='CANTIDADES VALOR INICIAL'!D86 -> RECONSTRUCCIÓN DE CAJA DE INSP DOBLE | E90: ='CANTIDADES VALOR INICIAL'!E86 -> UN | F90: ='CANTIDADES VALOR INICIAL'!G86 -> 0 | G90: ='CANTIDADES VALOR INICIAL'!H86 -> 526707 | H90: ='CANTIDADES VALOR INICIAL'!I86 -> 716322 | I90: =ROUND(F90*H90,0) -> 0
C91: ='CANTIDADES VALOR INICIAL'!C87 -> 5.6 | D91: ='CANTIDADES VALOR INICIAL'!D87 -> RECONSTRUCCIÓN DE CAJA DE INSP VEHICULAR | E91: ='CANTIDADES VALOR INICIAL'!E87 -> UN | F91: ='CANTIDADES VALOR INICIAL'!G87 -> 0 | G91: ='CANTIDADES VALOR INICIAL'!H87 -> 533944 | H91: ='CANTIDADES VALOR INICIAL'!I87 -> 726164 | I91: =ROUND(F91*H91,0) -> 0
C92: ='CANTIDADES VALOR INICIAL'!C88 -> 6 | D92: ='CANTIDADES VALOR INICIAL'!D88 -> REDES GAS | I92: =SUM(I93:I93) -> 95814997
C93: ='CANTIDADES VALOR INICIAL'!C89 -> 6.1 | D93: ='CANTIDADES VALOR INICIAL'!D89 -> REPARACION DE REDES DE GAS | E93: ='CANTIDADES VALOR INICIAL'!E89 -> UN | F93: ='CANTIDADES VALOR INICIAL'!G89 -> 257 | G93: ='CANTIDADES VALOR INICIAL'!H89 -> 274133 | H93: ='CANTIDADES VALOR INICIAL'!I89 -> 372821 | I93: =ROUND(F93*H93,0) -> 95814997
C94: ='CANTIDADES VALOR INICIAL'!C90 -> 7 | D94: ='CANTIDADES VALOR INICIAL'!D90 -> PAISAJISMO | I94: =SUM(I95:I100) -> 5527831
C95: ='CANTIDADES VALOR INICIAL'!C91 -> 7.1 | D95: ='CANTIDADES VALOR INICIAL'!D91 -> REVEGETALIZACIÓN CON SEMILLA | E95: ='CANTIDADES VALOR INICIAL'!E91 -> M2 | F95: ='CANTIDADES VALOR INICIAL'!G91 -> 0 | G95: ='CANTIDADES VALOR INICIAL'!H91 -> 13291 | H95: ='CANTIDADES VALOR INICIAL'!I91 -> 18076 | I95: =ROUND(F95*H95,0) -> 0
